Workbook

Sheet Fruits & Légumes
A1: Fruits | B1: Fournisseurs | C1: Quantité en kg | D1: Quantité | E1: Prix/piece | F1: Prix/gramme | G1: P.U HT | H1: Prix total | I1: Taux marge | N1: Marge total | O1: Prix de revente minimum | Q1: Coût/kg
A2: GOUSSES VANILLES BOURBON | B2: PROMOCASH | F2: =G2/100 -> 0.2474 | G2: 24.74 | H2: =D2*G2 -> 0 | I2: 4 | J2: =IF(C2=100,M2/4,IF(C2=150,K2/6,"")) | K2: =IF(C2=150,G2*I2-G2,"") | L2: =IF(C2=70,G2*I2-G2,"") | M2: =IF(C2=100,G2*I2-G2,"") | N2: =H2*I2-H2 -> 0 | O2: =IF(C2=100,(M2+G2)/4,IF(C2=150,(K2+G2)/6,IF(C2=70,(L2+G2)/2.8,""))) | P2: =IF(C2=100,G2/4,IF(C2=150,G2/6,IF(C2=70,G2/2.8,""))) | Q2: =IF(P2="","",P2/25)
A3: GOUSSES VANILLES EN CUISINE | B3: PROMOCASH | E3: =G3/25 -> 0.6744 | G3: 16.86 | H3: =D3*G3 -> 0 | I3: 4 | J3: =IF(C3=100,M3/4,IF(C3=150,K3/6,"")) | K3: =IF(C3=150,G3*I3-G3,"") | L3: =IF(C3=70,G3*I3-G3,"") | M3: =IF(C3=100,G3*I3-G3,"") | N3: =H3*I3-H3 -> 0 | O3: =IF(C3=100,(M3+G3)/4,IF(C3=150,(K3+G3)/6,IF(C3=70,(L3+G3)/2.8,""))) | P3: =IF(C3=100,G3/4,IF(C3=150,G3/6,IF(C3=70,G3/2.8,""))) | Q3: =IF(P3="","",P3/25)
A4: FRAISE CHARLOTTE CAT1 FRA | B4: PROMOCASH | F4: =G4/500 -> 0.0078 | G4: 3.9 | H4: =D4*G4 -> 0 | I4: 4 | J4: =IF(C4=100,M4/4,IF(C4=150,K4/6,"")) | K4: =IF(C4=150,G4*I4-G4,"") | L4: =IF(C4=70,G4*I4-G4,"") | M4: =IF(C4=100,G4*I4-G4,"") | N4: =H4*I4-H4 -> 0 | O4: =IF(C4=100,(M4+G4)/4,IF(C4=150,(K4+G4)/6,IF(C4=70,(L4+G4)/2.8,""))) | P4: =IF(C4=100,G4/4,IF(C4=150,G4/6,IF(C4=70,G4/2.8,""))) | Q4: =IF(P4="","",P4/25)
A5: ABRICOTS SEC | B5: BRAKE | F5: =G5/1000 -> 0.00864 | G5: 8.64 | H5: =D5*G5 -> 0 | I5: 4 | J5: =IF(C5=100,M5/4,IF(C5=150,K5/6,"")) | K5: =IF(C5=150,G5*I5-G5,"") | L5: =IF(C5=70,G5*I5-G5,"") | M5: =IF(C5=100,G5*I5-G5,"") | N5: =H5*I5-H5 -> 0 | O5: =IF(C5=100,(M5+G5)/4,IF(C5=150,(K5+G5)/6,IF(C5=70,(L5+G5)/2.8,""))) | P5: =IF(C5=100,G5/4,IF(C5=150,G5/6,IF(C5=70,G5/2.8,""))) | Q5: =IF(P5="","",P5/25)
A6: ANANAS CAK A 8 | B6: ESTARELLAS | G6: 2.2 | H6: =D6*G6 -> 0 | I6: 4 | N6: =H6*I6-H6 -> 0
A7: ANANAS X.SWEET COSTA RICA | B7: TERREAZUR | E7: =G7/9 -> 0.31888889 | G7: 2.87 | H7: =D7*G7 -> 0 | I7: 4 | J7: =IF(C7=100,M7/4,IF(C7=150,K7/6,"")) | K7: =IF(C7=150,G7*I7-G7,"") | L7: =IF(C7=70,G7*I7-G7,"") | M7: =IF(C7=100,G7*I7-G7,"") | N7: =H7*I7-H7 -> 0 | O7: =IF(C7=100,(M7+G7)/4,IF(C7=150,(K7+G7)/6,IF(C7=70,(L7+G7)/2.8,""))) | P7: =IF(C7=100,G7/4,IF(C7=150,G7/6,IF(C7=70,G7/2.8,""))) | Q7: =IF(P7="","",P7/25)
A8: BANANE | B8: ESTARELLAS | G8: 1.23 | H8: =D8*G8 -> 0 | I8: 4 | J8: =IF(C8=100,M8/4,IF(C8=150,K8/6,"")) | K8: =IF(C8=150,G8*I8-G8,"") | L8: =IF(C8=70,G8*I8-G8,"") | M8: =IF(C8=100,G8*I8-G8,"") | N8: =H8*I8-H8 -> 0 | O8: =IF(C8=100,(M8+G8)/4,IF(C8=150,(K8+G8)/6,IF(C8=70,(L8+G8)/2.8,""))) | P8: =IF(C8=100,G8/4,IF(C8=150,G8/6,IF(C8=70,G8/2.8,""))) | Q8: =IF(P8="","",P8/25)
A9: FRAISE REG France | B9: TERREAZUR | F9: =G9/500 -> 0.0054 | G9: 2.7 | H9: =D9*G9 -> 0 | I9: 4 | J9: =IF(C9=100,M9/4,IF(C9=150,K9/6,"")) | K9: =IF(C9=150,G9*I9-G9,"") | L9: =IF(C9=70,G9*I9-G9,"") | M9: =IF(C9=100,G9*I9-G9,"") | N9: =H9*I9-H9 -> 0 | O9: =IF(C9=100,(M9+G9)/4,IF(C9=150,(K9+G9)/6,IF(C9=70,(L9+G9)/2.8,""))) | P9: =IF(C9=100,G9/4,IF(C9=150,G9/6,IF(C9=70,G9/2.8,""))) | Q9: =IF(P9="","",P9/25)
A10: FRAISE France | B10: TERREAZUR | F10: =G10/500 -> 0.0077 | G10: 3.85 | H10: =D10*G10 -> 0 | I10: 4 | J10: =IF(C10=100,M10/4,IF(C10=150,K10/6,"")) | K10: =IF(C10=150,G10*I10-G10,"") | L10: =IF(C10=70,G10*I10-G10,"") | M10: =IF(C10=100,G10*I10-G10,"") | N10: =H10*I10-H10 -> 0 | O10: =IF(C10=100,(M10+G10)/4,IF(C10=150,(K10+G10)/6,IF(C10=70,(L10+G10)/2.8,""))) | P10: =IF(C10=100,G10/4,IF(C10=150,G10/6,IF(C10=70,G10/2.8,""))) | Q10: =IF(P10="","",P10/25)
A11: FRAISE NUE Belgique | B11: TERREAZUR | F11: =G11/500 -> 0.00722 | G11: 3.61 | H11: =D11*G11 -> 0 | I11: 4 | J11: =IF(C11=100,M11/4,IF(C11=150,K11/6,"")) | K11: =IF(C11=150,G11*I11-G11,"") | L11: =IF(C11=70,G11*I11-G11,"") | M11: =IF(C11=100,G11*I11-G11,"") | N11: =H11*I11-H11 -> 0 | O11: =IF(C11=100,(M11+G11)/4,IF(C11=150,(K11+G11)/6,IF(C11=70,(L11+G11)/2.8,""))) | P11: =IF(C11=100,G11/4,IF(C11=150,G11/6,IF(C11=70,G11/2.8,""))) | Q11: =IF(P11="","",P11/25)
A12: FRAISE RONDE FRCE | B12: TERREAZUR | F12: =G12/1000 -> 0.00665 | G12: 6.65 | H12: =D12*G12 -> 0 | I12: 4 | J12: =IF(C12=100,M12/4,IF(C12=150,K12/6,"")) | K12: =IF(C12=150,G12*I12-G12,"") | L12: =IF(C12=70,G12*I12-G12,"") | M12: =IF(C12=100,G12*I12-G12,"") | N12: =H12*I12-H12 -> 0 | O12: =IF(C12=100,(M12+G12)/4,IF(C12=150,(K12+G12)/6,IF(C12=70,(L12+G12)/2.8,""))) | P12: =IF(C12=100,G12/4,IF(C12=150,G12/6,IF(C12=70,G12/2.8,""))) | Q12: =IF(P12="","",P12/25)
A13: BANNANE ANTILLE | B13: PROMOCASH | F13: =G13/1000 -> 0.00136 | G13: 1.36 | H13: =D13*G13 -> 0 | I13: 4 | J13: =IF(C13=100,M13/4,IF(C13=150,K13/6,"")) | K13: =IF(C13=150,G13*I13-G13,"") | L13: =IF(C13=70,G13*I13-G13,"") | M13: =IF(C13=100,G13*I13-G13,"") | N13: =H13*I13-H13 -> 0 | O13: =IF(C13=100,(M13+G13)/4,IF(C13=150,(K13+G13)/6,IF(C13=70,(L13+G13)/2.8,""))) | P13: =IF(C13=100,G13/4,IF(C13=150,G13/6,IF(C13=70,G13/2.8,""))) | Q13: =IF(P13="","",P13/25)
A14: CITRON JAUNE Espagne | B14: PROMOCASH | F14: =G14/1000 -> 0.0021 | G14: 2.1 | H14: =D14*G14 -> 0 | I14: 4 | J14: =IF(C14=100,M14/4,IF(C14=150,K14/6,"")) | K14: =IF(C14=150,G14*I14-G14,"") | L14: =IF(C14=70,G14*I14-G14,"") | M14: =IF(C14=100,G14*I14-G14,"") | N14: =H14*I14-H14 -> 0 | O14: =IF(C14=100,(M14+G14)/4,IF(C14=150,(K14+G14)/6,IF(C14=70,(L14+G14)/2.8,""))) | P14: =IF(C14=100,G14/4,IF(C14=150,G14/6,IF(C14=70,G14/2.8,""))) | Q14: =IF(P14="","",P14/25)
A15: CITRON VERT BRESIL | B15: PROMOCASH | F15: =G15/1000 -> 0.0025 | G15: 2.5 | H15: =D15*G15 -> 0 | I15: 4 | J15: =IF(C15=100,M15/4,IF(C15=150,K15/6,"")) | K15: =IF(C15=150,G15*I15-G15,"") | L15: =IF(C15=70,G15*I15-G15,"") | M15: =IF(C15=100,G15*I15-G15,"") | N15: =H15*I15-H15 -> 0 | O15: =IF(C15=100,(M15+G15)/4,IF(C15=150,(K15+G15)/6,IF(C15=70,(L15+G15)/2.8,""))) | P15: =IF(C15=100,G15/4,IF(C15=150,G15/6,IF(C15=70,G15/2.8,""))) | Q15: =IF(P15="","",P15/25)
A16: POIRE CONFER. France | B16: PROMOCASH | F16: =G16/1000 -> 0.00202 | G16: 2.02 | H16: =D16*G16 -> 0 | I16: 4 | J16: =IF(C16=100,M16/4,IF(C16=150,K16/6,"")) | K16: =IF(C16=150,G16*I16-G16,"") | L16: =IF(C16=70,G16*I16-G16,"") | M16: =IF(C16=100,G16*I16-G16,"") | N16: =H16*I16-H16 -> 0 | O16: =IF(C16=100,(M16+G16)/4,IF(C16=150,(K16+G16)/6,IF(C16=70,(L16+G16)/2.8,""))) | P16: =IF(C16=100,G16/4,IF(C16=150,G16/6,IF(C16=70,G16/2.8,""))) | Q16: =IF(P16="","",P16/25)
A17: POMMES GOLDEN France | B17: PROMOCASH | F17: =G17/1000 -> 0.00193 | G17: 1.93 | H17: =D17*G17 -> 0 | I17: 4 | J17: =IF(C17=100,M17/4,IF(C17=150,K17/6,"")) | K17: =IF(C17=150,G17*I17-G17,"") | L17: =IF(C17=70,G17*I17-G17,"") | M17: =IF(C17=100,G17*I17-G17,"") | N17: =H17*I17-H17 -> 0 | O17: =IF(C17=100,(M17+G17)/4,IF(C17=150,(K17+G17)/6,IF(C17=70,(L17+G17)/2.8,""))) | P17: =IF(C17=100,G17/4,IF(C17=150,G17/6,IF(C17=70,G17/2.8,""))) | Q17: =IF(P17="","",P17/25)
A18: KIWI 27 PLT (105-115G) FR | B18: ESTARELLAS | G18: 0.29 | H18: =D18*G18 -> 0 | I18: 4 | J18: =IF(C18=100,M18/4,IF(C18=150,K18/6,"")) | K18: =IF(C18=150,G18*I18-G18,"") | L18: =IF(C18=70,G18*I18-G18,"") | M18: =IF(C18=100,G18*I18-G18,"") | N18: =H18*I18-H18 -> 0 | O18: =IF(C18=100,(M18+G18)/4,IF(C18=150,(K18+G18)/6,IF(C18=70,(L18+G18)/2.8,""))) | P18: =IF(C18=100,G18/4,IF(C18=150,G18/6,IF(C18=70,G18/2.8,""))) | Q18: =IF(P18="","",P18/25)
A19: KIWI 85/95G *33 PL Italie C1 50*30 | B19: TERREAZUR | G19: 0.41 | H19: =D19*G19 -> 0 | I19: 4 | J19: =IF(C19=100,M19/4,IF(C19=150,K19/6,"")) | K19: =IF(C19=150,G19*I19-G19,"") | L19: =IF(C19=70,G19*I19-G19,"") | M19: =IF(C19=100,G19*I19-G19,"") | N19: =H19*I19-H19 -> 0 | O19: =IF(C19=100,(M19+G19)/4,IF(C19=150,(K19+G19)/6,IF(C19=70,(L19+G19)/2.8,""))) | P19: =IF(C19=100,G19/4,IF(C19=150,G19/6,IF(C19=70,G19/2.8,""))) | Q19: =IF(P19="","",P19/25)
A20: PCE ANANAS EQR C1 COTE IVOIRE | B20: PROMOCASH | G20: 2.5 | H20: =D20*G20 -> 0 | I20: 4 | J20: =IF(C20=100,M20/4,IF(C20=150,K20/6,"")) | K20: =IF(C20=150,G20*I20-G20,"") | L20: =IF(C20=70,G20*I20-G20,"") | M20: =IF(C20=100,G20*I20-G20,"") | N20: =H20*I20-H20 -> 0 | O20: =IF(C20=100,(M20+G20)/4,IF(C20=150,(K20+G20)/6,IF(C20=70,(L20+G20)/2.8,""))) | P20: =IF(C20=100,G20/4,IF(C20=150,G20/6,IF(C20=70,G20/2.8,""))) | Q20: =IF(P20="","",P20/25)
A21: PIECE ANANAS A8 C1 COSTA RICA | B21: PROMOCASH | G21: 2.54 | H21: =D21*G21 -> 0 | I21: 4 | J21: =IF(C21=100,M21/4,IF(C21=150,K21/6,"")) | K21: =IF(C21=150,G21*I21-G21,"") | L21: =IF(C21=70,G21*I21-G21,"") | M21: =IF(C21=100,G21*I21-G21,"") | N21: =H21*I21-H21 -> 0 | O21: =IF(C21=100,(M21+G21)/4,IF(C21=150,(K21+G21)/6,IF(C21=70,(L21+G21)/2.8,""))) | P21: =IF(C21=100,G21/4,IF(C21=150,G21/6,IF(C21=70,G21/2.8,""))) | Q21: =IF(P21="","",P21/25)
A22: PIECE KIWI 85/90 CAT1 Italie | B22: PROMOCASH | G22: 0.25 | H22: =D22*G22 -> 0 | I22: 4 | J22: =IF(C22=100,M22/4,IF(C22=150,K22/6,"")) | K22: =IF(C22=150,G22*I22-G22,"") | L22: =IF(C22=70,G22*I22-G22,"") | M22: =IF(C22=100,G22*I22-G22,"") | N22: =H22*I22-H22 -> 0 | O22: =IF(C22=100,(M22+G22)/4,IF(C22=150,(K22+G22)/6,IF(C22=70,(L22+G22)/2.8,""))) | P22: =IF(C22=100,G22/4,IF(C22=150,G22/6,IF(C22=70,G22/2.8,""))) | Q22: =IF(P22="","",P22/25)
A23: POIRE CONFERENCE 60/65 | B23: ESTARELLAS | G23: 1.44 | H23: =D23*G23 -> 0 | I23: 4 | J23: =IF(C23=100,M23/4,IF(C23=150,K23/6,"")) | K23: =IF(C23=150,G23*I23-G23,"") | L23: =IF(C23=70,G23*I23-G23,"") | M23: =IF(C23=100,G23*I23-G23,"") | N23: =H23*I23-H23 -> 0 | O23: =IF(C23=100,(M23+G23)/4,IF(C23=150,(K23+G23)/6,IF(C23=70,(L23+G23)/2.8,""))) | P23: =IF(C23=100,G23/4,IF(C23=150,G23/6,IF(C23=70,G23/2.8,""))) | Q23: =IF(P23="","",P23/25)
A24: POMME GOLDEN 150/180 FR | B24: ESTARELLAS | G24: 1.1 | H24: =D24*G24 -> 0 | I24: 4 | J24: =IF(C24=100,M24/4,IF(C24=150,K24/6,"")) | K24: =IF(C24=150,G24*I24-G24,"") | L24: =IF(C24=70,G24*I24-G24,"") | M24: =IF(C24=100,G24*I24-G24,"") | N24: =H24*I24-H24 -> 0 | O24: =IF(C24=100,(M24+G24)/4,IF(C24=150,(K24+G24)/6,IF(C24=70,(L24+G24)/2.8,""))) | P24: =IF(C24=100,G24/4,IF(C24=150,G24/6,IF(C24=70,G24/2.8,""))) | Q24: =IF(P24="","",P24/25)
A25: POMME GOLDEN 170/200G REG FRC1 | B25: TERREAZUR | G25: 2.09 | H25: =D25*G25 -> 0 | I25: 4 | J25: =IF(C25=100,M25/4,IF(C25=150,K25/6,"")) | K25: =IF(C25=150,G25*I25-G25,"") | L25: =IF(C25=70,G25*I25-G25,"") | M25: =IF(C25=100,G25*I25-G25,"") | N25: =H25*I25-H25 -> 0 | O25: =IF(C25=100,(M25+G25)/4,IF(C25=150,(K25+G25)/6,IF(C25=70,(L25+G25)/2.8,""))) | P25: =IF(C25=100,G25/4,IF(C25=150,G25/6,IF(C25=70,G25/2.8,""))) | Q25: =IF(P25="","",P25/25)
H26: =D26*G26 -> 0 | I26: 4 | J26: =IF(C26=100,M26/4,IF(C26=150,K26/6,"")) | K26: =IF(C26=150,G26*I26-G26,"") | L26: =IF(C26=70,G26*I26-G26,"") | M26: =IF(C26=100,G26*I26-G26,"") | N26: =H26*I26-H26 -> 0 | O26: =IF(C26=100,(M26+G26)/4,IF(C26=150,(K26+G26)/6,IF(C26=70,(L26+G26)/2.8,""))) | P26: =IF(C26=100,G26/4,IF(C26=150,G26/6,IF(C26=70,G26/2.8,""))) | Q26: =IF(P26="","",P26/25)
H27: =D27*G27 -> 0 | I27: 4 | J27: =IF(C27=100,M27/4,IF(C27=150,K27/6,"")) | K27: =IF(C27=150,G27*I27-G27,"") | L27: =IF(C27=70,G27*I27-G27,"") | M27: =IF(C27=100,G27*I27-G27,"") | N27: =H27*I27-H27 -> 0 | O27: =IF(C27=100,(M27+G27)/4,IF(C27=150,(K27+G27)/6,IF(C27=70,(L27+G27)/2.8,""))) | P27: =IF(C27=100,G27/4,IF(C27=150,G27/6,IF(C27=70,G27/2.8,""))) | Q27: =IF(P27="","",P27/25)
I28: 4
I29: 4
I30: 4
I31: 4
I32: 4
A33: CONFIT OIGNONS | B33: PROMOCASH | F33: =G33/1000 -> 0.00499 | G33: 4.99 | I33: 4
A34: FEVES PELEES EGYPTE | B34: PROMOCASH | F34: =G34/1000 -> 0.00398 | G34: 3.98 | I34: 4
A35: SALADE MESCLUN France | B35: PROMOCASH | F35: =G35/300 -> 0.012833333 | G35: 3.85 | I35: 4
A36: CORNICHON MALOSS. RUSSIE | B36: PROMOCASH | F36: =G36/440 -> 0.0084772727 | G36: 3.73 | I36: 4
A37: 5/1 TOMATES CONC.CUBES JYRELA | B37: PROMOCASH | F37: =G37/3000 -> 0.00143 | G37: 4.29 | I37: 4
A38: SALADE COMPOSE France | B38: PROMOCASH | F38: =G38/500 -> 0.00278 | G38: 1.39 | I38: 4
A39: CAROTTE France | B39: PROMOCASH | F39: =G39/5000 -> 0.000838 | G39: 4.19 | I39: 4
A40: ASPERGE VERTE | B40: BRAKE | F40: =G40/500 -> 0.01752 | G40: 8.76 | I40: 4
A41: AUBERGINE Espagne | B41: TERREAZUR | F41: =G41/500 -> 0.00414 | G41: 2.07 | I41: 4
A42: BASILIC CELLO | B42: ESTARELLAS | G42: 0.95 | I42: 4
A43: BETTERAVE EN DES BT 5/1 | B43: BRAKE | F43: =G43/3000 -> 0.00183 | G43: 5.49 | I43: 4
A44: BOTTE AIL VERT CAT2 France | B44: PROMOCASH | G44: 0.95 | I44: 4
A45: BOUTON ARTICHAUT A/TIGE | B45: BRAKE | F45: =G45/1000 -> 0.01099 | G45: 10.99 | I45: 4
A46: SALADE SUCRINE Espagne | B46: PROMOCASH | F46: =G46/360 -> 0.0088333333 | G46: 3.18 | I46: 4
A47: CAROTTE JAUNE CUBE BLANCHI | B47: BRAKE | F47: =G47/2500 -> 0.00114 | G47: 2.85 | I47: 4
A48: CAROTTE MINI | B48: ESTARELLAS | E48: =G48/15 -> 0.32333333 | G48: 4.85 | I48: 4
A49: CAROTTE SAC PLASTIC (5kg) | B49: ESTARELLAS | F49: =G49/5000 -> 0.00014 | G49: 0.7 | I49: 4
A50: CELERI RAVE GROS | B50: ESTARELLAS | G50: 1.5 | I50: 4
A51: CHAMPIGNON A LA GRECQUE FR | B51: ESTARELLAS | F51: =G51/3000 -> 0.0015 | G51: 4.5 | I51: 4
A52: CHAMPIGNON HOY | B52: TERREAZUR | F52: =G52/3000 -> 0.00096666667 | G52: 2.9 | I52: 4
A53: CHAMPIGNON PIED COUPE FR | B53: ESTARELLAS | F53: =G53/3000 -> 0.0011666667 | G53: 3.5 | I53: 4
A54: COMCOMBRE Espagne | B54: ESTARELLAS | F54: =G54/450 -> 0.0015333333 | G54: 0.69 | I54: 4
A55: COMCOMBRE +600G FR | B55: TERREAZUR | F55: =G55/600 -> 0.00205 | G55: 1.23 | I55: 4
A56: COMCOMBRE 500/600 FR | B56: TERREAZUR | F56: =G56/550 -> 0.0017272727 | G56: 0.95 | I56: 4
A57: COURGETTES MINI LEGUME | B57: ESTARELLAS | E57: =G57/12 -> 0.40416667 | G57: 4.85 | I57: 4
A58: COURGETTE FR France | B58: TERREAZUR | F58: =G58/10000 -> 0.000279 | G58: 2.79 | I58: 4
A59: DOUBLE CONCENTRE DE TOMATE | B59: BRAKE | F59: =G59/800 -> 0.0036 | G59: 2.88 | I59: 4
A60: ECHALION FR | B60: ESTARELLAS | F60: =G60/2500 -> 0.00066 | G60: 1.65 | I60: 4
A61: Echalotte | I61: 4
A62: ENDIVES | B62: TERREAZUR | F62: =G62/5000 -> 0.000506 | G62: 2.53 | I62: 4
A63: EPINARD | B63: ESTARELLAS | G63: 2.95 | I63: 4
A64: FEVES PELEES | B64: DS Restauration | F64: =G64/1000 -> 0.004 | G64: 4 | I64: 4
A65: AUBERGINE Espagne | B65: PROMOCASH | F65: =G65/1000 -> 0.00188 | G65: 1.88 | I65: 4
A66: CAROTTE France | B66: PROMOCASH | F66: =G66/1000 -> 0.00123 | G66: 1.23 | I66: 4
A67: CELERI BLANCHE France | B67: PROMOCASH | F67: =G67/1000 -> 0.0015 | G67: 1.5 | I67: 4
A68: CHAMPIGNON POLOGNE | B68: PROMOCASH | F68: =G68/1000 -> 0.0022 | G68: 2.2 | I68: 4
A69: CHOU ROUGE France | B69: PROMOCASH | F69: =G69/1000 -> 0.00168 | G69: 1.68 | I69: 4
A70: COURGETTE Espagne | B70: PROMOCASH | F70: =G70/1000 -> 0.00315 | G70: 3.15 | I70: 4
A71: COURGETTE C1 France | B71: PROMOCASH | F71: =G71/1000 -> 0.00162 | G71: 1.62 | I71: 4
A72: COURGETTE CAT1 France | B72: PROMOCASH | F72: =G72/1000 -> 0.00117 | G72: 1.17 | I72: 4
A73: ENDIVE France | B73: PROMOCASH | F73: =G73/1000 -> 0.00197 | G73: 1.97 | I73: 4
A74: EPINARD France | B74: PROMOCASH | F74: =G74/1000 -> 0.00364 | G74: 3.64 | I74: 4
A75: NAVET GROS France | B75: PROMOCASH | F75: =G75/1000 -> 0.0025 | G75: 2.5 | I75: 4
... A84: TOMATE GRAPPE Espagne | B84: PROMOCASH | F84: =G84/1000 -> 0.00219 | G84: 2.19 | I84: 4
A85: LAMELLES TRUFFES | B85: BRAKE | E85: =G85/12 -> 7.9166667 | F85: =G85/500 -> 0.19 | G85: 95 | I85: 4
A86: MESCLUN | B86: ESTARELLAS | F86: =G86/250 -> 0.0112 | G86: 2.8 | I86: 4
A87: MINI POIRREAU 500G | B87: BRAKE | F87: =G87/500 -> 0.0158 | G87: 7.9 | I87: 4
A88: NAVET | B88: ESTARELLAS | F88: =G88/5000 -> 0.000322 | G88: 1.61 | I88: 4
A89: OIGNON JAUNE France | B89: TERREAZUR | F89: =G89/5000 -> 0.00052 | G89: 2.6 | I89: 4
A90: OIGNON ROUGE FR | B90: TERREAZUR | F90: =G90/5000 -> 0.00039 | G90: 1.95 | I90: 4
A91: OIGNONS BORRETANE BALSAMICO | B91: BRAKE | F91: =G91/1000 -> 0.0139 | G91: 13.9 | I91: 4
A92: OIGNONS EMINCE UE | B92: DS Restauration | F92: =G92/1000 -> 0.001 | G92: 1 | I92: 4
A93: Oignons jaune | I93: 4
A94: OIGNONS MOYENS FR | B94: ESTARELLAS | F94: =G94/5000 -> 0.000182 | G94: 0.91 | I94: 4
A95: OIGNONS ROUGES FR | B95: ESTARELLAS | F95: =G95/5000 -> 0.00028 | G95: 1.4 | I95: 4
A96: PANAIS FR | B96: ESTARELLAS | F96: =G96/5000 -> 0.000448 | G96: 2.24 | I96: 4
A97: PANAIS BLANCHI EN CUBE | B97: BRAKE | F97: =G97/2500 -> 0.00112 | G97: 2.8 | I97: 4
A98: PCE AVOCAT +203 EQR C1 AFRIQ.S | B98: PROMOCASH | G98: 0.81 | I98: 4
A99: PCE CHOU BLANC CAT1 France | B99: PROMOCASH | G99: 2.7 | I99: 4
A100: PCE COMCONBRE 5/6 C1 France | B100: PROMOCASH | G100: 0.88 | I100: 4
A101: POIREAU FR | B101: ESTARELLAS | F101: =G101/10000 -> 0.000175 | G101: 1.75 | I101: 4
A102: POIVRONS JAUNE GG 80/100 ESP C1 | B102: TERREAZUR | G102: 4.82 | I102: 4
A103: POIVRONS ROUGE G 70/90 1K ESP C1 | B103: TERREAZUR | G103: 4.08 | I103: 4
A104: POIVRONS VERT G 70/90 1K ESP C1 | B104: TERREAZUR | G104: 3.8 | I104: 4
A105: POTIMARON | B105: ESTARELLAS | G105: 1.15 | I105: 4
A106: RADIS BOTTE ROSE | B106: ESTARELLAS | G106: 0.9 | I106: 4
A107: ROQUETTE 200G | B107: ESTARELLAS | F107: =G107/200 -> 0.0105 | G107: 2.1 | I107: 4
A108: ROQUETTE 250G | B108: ESTARELLAS | F108: =G108/250 -> 0.0092 | G108: 2.3 | I108: 4
...

Sheet Economat
A1: Condiments | B1: Fournisseurs | C1: Quantité en kg | D1: Quantité | E1: Prix/grammes ou cl | F1: P.U HT | G1: Prix total | H1: Taux marge | M1: Marge total | N1: Prix de revente minimum | P1: Coût/kg
A2: 1 KG SUCRE POUDRE 1ER PRIX | B2: PROMOCASH | E2: =F2/1000 -> 0.00084 | F2: 0.84 | G2: =D2*F2 -> 0 | H2: 4 | O2: =IF(C2=100,F2/4,IF(C2=150,F2/6,IF(C2=70,F2/2.8,""))) | P2: =IF(O2="","",O2/25)
A3: 100*12G STICK KETCHUP SAXO | B3: PROMOCASH | E3: =F3/1200 -> 0.006975 | F3: 8.37 | G3: =D3*F3 -> 0 | H3: 4 | O3: =IF(C3=100,F3/4,IF(C3=150,F3/6,IF(C3=70,F3/2.8,""))) | P3: =IF(O3="","",O3/25)
A4: 100*12G STICK MAYONNAISE SAXO | B4: PROMOCASH | E4: =F4/1200 -> 0.0063416667 | F4: 7.61 | G4: =D4*F4 -> 0 | H4: 4 | O4: =IF(C4=100,F4/4,IF(C4=150,F4/6,IF(C4=70,F4/2.8,""))) | P4: =IF(O4="","",O4/25)
A5: 12*42G CUBE LEVURE HIRONDELLE | B5: PROMOCASH | E5: =F5/502 -> 0.003625498 | F5: 1.82 | G5: =D5*F5 -> 0 | H5: 4 | O5: =IF(C5=100,F5/4,IF(C5=150,F5/6,IF(C5=70,F5/2.8,""))) | P5: =IF(O5="","",O5/25)
A6: 1KG FARINE T55 NO NAME PP | B6: PROMOCASH | E6: =F6/1000 -> 0.00053 | F6: 0.53 | G6: =D6*F6 -> 0 | H6: 4 | I6: =IF(C6=100,L6/4,IF(C6=150,J6/6,"")) | J6: =IF(C6=150,F6*H6-F6,"") | K6: =IF(C6=70,F6*H6-F6,"") | L6: =IF(C6=100,F6*H6-F6,"") | M6: =G6*H6-G6 -> 0 | N6: =IF(C6=100,(L6+F6)/4,IF(C6=150,(J6+F6)/6,IF(C6=70,(K6+F6)/2.8,""))) | O6: =IF(C6=100,F6/4,IF(C6=150,F6/6,IF(C6=70,F6/2.8,""))) | P6: =IF(O6="","",O6/25)
A7: 1KG GROS SEL DE MER | B7: PROMOCASH | E7: =F7/1000 -> 0.00027 | F7: 0.27 | G7: =D7*F7 -> 0 | H7: 4 | I7: =IF(C7=100,L7/4,IF(C7=150,J7/6,"")) | J7: =IF(C7=150,F7*H7-F7,"") | K7: =IF(C7=70,F7*H7-F7,"") | L7: =IF(C7=100,F7*H7-F7,"") | M7: =G7*H7-G7 -> 0 | N7: =IF(C7=100,(L7+F7)/4,IF(C7=150,(J7+F7)/6,IF(C7=70,(K7+F7)/2.8,""))) | O7: =IF(C7=100,F7/4,IF(C7=150,F7/6,IF(C7=70,F7/2.8,""))) | P7: =IF(O7="","",O7/25)
A8: 1KG POUDRE D'AMANDE BLCHE PULPE | B8: PROMOCASH | E8: =F8/1000 -> 0.01769 | F8: 17.69 | G8: =D8*F8 -> 0 | H8: 4 | O8: =IF(C8=100,F8/4,IF(C8=150,F8/6,IF(C8=70,F8/2.8,""))) | P8: =IF(O8="","",O8/25)
A9: 1KG SACHET PAVOT BLEU ESPIG | B9: PROMOCASH | E9: =F9/1000 -> 0.00661 | F9: 6.61 | G9: =D9*F9 -> 0 | H9: 4 | O9: =IF(C9=100,F9/4,IF(C9=150,F9/6,IF(C9=70,F9/2.8,""))) | P9: =IF(O9="","",O9/25)
A10: 1KG SESAME DOREE BAHIA | B10: PROMOCASH | E10: =F10/1000 -> 0.00699 | F10: 6.99 | G10: =D10*F10 -> 0 | H10: 4 | I10: =IF(C10=100,L10/4,IF(C10=150,J10/6,"")) | J10: =IF(C10=150,F10*H10-F10,"") | K10: =IF(C10=70,F10*H10-F10,"") | L10: =IF(C10=100,F10*H10-F10,"") | M10: =G10*H10-G10 -> 0 | N10: =IF(C10=100,(L10+F10)/4,IF(C10=150,(J10+F10)/6,IF(C10=70,(K10+F10)/2.8,""))) | O10: =IF(C10=100,F10/4,IF(C10=150,F10/6,IF(C10=70,F10/2.8,""))) | P10: =IF(O10="","",O10/25)
A11: 1KG SUCRE SEMOULE LE BON SUCRE | B11: PROMOCASH | E11: =F11/1000 -> 0.00109 | F11: 1.09 | G11: =D11*F11 -> 0 | H11: 4 | I11: =IF(C11=100,L11/4,IF(C11=150,J11/6,"")) | J11: =IF(C11=150,F11*H11-F11,"") | K11: =IF(C11=70,F11*H11-F11,"") | L11: =IF(C11=100,F11*H11-F11,"") | M11: =G11*H11-G11 -> 0 | N11: =IF(C11=100,(L11+F11)/4,IF(C11=150,(J11+F11)/6,IF(C11=70,(K11+F11)/2.8,""))) | O11: =IF(C11=100,F11/4,IF(C11=150,F11/6,IF(C11=70,F11/2.8,""))) | P11: =IF(O11="","",O11/25)
A12: 1L VINAIGRE CIDRE 5D EN CUISINE | B12: PROMOCASH | E12: =F12/1000 -> 0.0025 | F12: 2.5 | G12: =D12*F12 -> 0 | H12: 4 | O12: =IF(C12=100,F12/4,IF(C12=150,F12/6,IF(C12=70,F12/2.8,""))) | P12: =IF(O12="","",O12/25)
A13: 250*5G STICK MOUTARDE SAXO | B13: PROMOCASH | E13: =F13/1250 -> 0.007168 | F13: 8.96 | G13: =D13*F13 -> 0 | H13: 4 | O13: =IF(C13=100,F13/4,IF(C13=150,F13/6,IF(C13=70,F13/2.8,""))) | P13: =IF(O13="","",O13/25)
A14: 4/4 CREME DE MARRON FAUGIER | B14: PROMOCASH | E14: =F14/800 -> 0.006475 | F14: 5.18 | G14: =D14*F14 -> 0 | H14: 4 | O14: =IF(C14=100,F14/4,IF(C14=150,F14/6,IF(C14=70,F14/2.8,""))) | P14: =IF(O14="","",O14/25)
A15: 43G TUBE WASABI TANOSHI | B15: PROMOCASH | E15: =F15/43 -> 0.073953488 | F15: 3.18 | G15: =D15*F15 -> 0 | H15: 4 | O15: =IF(C15=100,F15/4,IF(C15=150,F15/6,IF(C15=70,F15/2.8,""))) | P15: =IF(O15="","",O15/25)
A16: 500 POIVRE NOIR CONCASSE ENCUIS | B16: PROMOCASH | E16: =F16/500 -> 0.01656 | F16: 8.28 | G16: =D16*F16 -> 0 | H16: 4 | O16: =IF(C16=100,F16/4,IF(C16=150,F16/6,IF(C16=70,F16/2.8,""))) | P16: =IF(O16="","",O16/25)
A17: 500G CURRY EN CUISINE | B17: PROMOCASH | E17: =F17/500 -> 0.00998 | F17: 4.99 | G17: =D17*F17 -> 0 | H17: 4 | O17: =IF(C17=100,F17/4,IF(C17=150,F17/6,IF(C17=70,F17/2.8,""))) | P17: =IF(O17="","",O17/25)
A18: 500G PAPRIKA DOUX EN CUISINE | B18: PROMOCASH | E18: =F18/500 -> 0.0126 | F18: 6.3 | G18: =D18*F18 -> 0 | H18: 4 | O18: =IF(C18=100,F18/4,IF(C18=150,F18/6,IF(C18=70,F18/2.8,""))) | P18: =IF(O18="","",O18/25)
A19: 500G POIVRE NOIR SARAWAK ENTIE | B19: PROMOCASH | E19: =F19/500 -> 0.02396 | F19: 11.98 | G19: =D19*F19 -> 0 | H19: 4 | O19: =IF(C19=100,F19/4,IF(C19=150,F19/6,IF(C19=70,F19/2.8,""))) | P19: =IF(O19="","",O19/25)
A20: 50CL HUILE DE NOISETTE GID | B20: PROMOCASH | E20: =F20/50 -> 0.117 | F20: 5.85 | G20: =D20*F20 -> 0 | H20: 4 | O20: =IF(C20=100,F20/4,IF(C20=150,F20/6,IF(C20=70,F20/2.8,""))) | P20: =IF(O20="","",O20/25)
A21: 50G POIVRE NOIR NR SARAWAK ENTIER | B21: PROMOCASH | E21: =F21/50 -> 0.055 | F21: 2.75 | G21: =D21*F21 -> 0 | H21: 4 | O21: =IF(C21=100,F21/4,IF(C21=150,F21/6,IF(C21=70,F21/2.8,""))) | P21: =IF(O21="","",O21/25)
A22: 568ML SCE WORCESTERSHIRE HEINZ | B22: PROMOCASH | E22: =F22/56.8 -> 0.10475352 | F22: 5.95 | G22: =D22*F22 -> 0 | H22: 4 | O22: =IF(C22=100,F22/4,IF(C22=150,F22/6,IF(C22=70,F22/2.8,""))) | P22: =IF(O22="","",O22/25)
A23: 57ML TABASCO ROUGE MAILLE | B23: PROMOCASH | E23: =F23/5.7 -> 0.45087719 | F23: 2.57 | G23: =D23*F23 -> 0 | H23: 4 | O23: =IF(C23=100,F23/4,IF(C23=150,F23/6,IF(C23=70,F23/2.8,""))) | P23: =IF(O23="","",O23/25)
A24: 5ST LEVURE BOUL.BRICHIN.ALSA | B24: PROMOCASH | F24: 1.52 | G24: =D24*F24 -> 0 | H24: 4 | O24: =IF(C24=100,F24/4,IF(C24=150,F24/6,IF(C24=70,F24/2.8,""))) | P24: =IF(O24="","",O24/25)
A25: 70G ESTRAGON EN CUISINE | B25: PROMOCASH | E25: =F25/70 -> 0.070142857 | F25: 4.91 | G25: =D25*F25 -> 0 | H25: 4 | O25: =IF(C25=100,F25/4,IF(C25=150,F25/6,IF(C25=70,F25/2.8,""))) | P25: =IF(O25="","",O25/25)
A26: 75CL VINAIGRE CIDRE GD JURY | B26: PROMOCASH | E26: =F26/75 -> 0.016266667 | F26: 1.22 | G26: =D26*F26 -> 0 | H26: 4 | I26: =IF(C26=100,L26/4,IF(C26=150,J26/6,"")) | J26: =IF(C26=150,F26*H26-F26,"") | K26: =IF(C26=70,F26*H26-F26,"") | L26: =IF(C26=100,F26*H26-F26,"") | M26: =G26*H26-G26 -> 0 | N26: =IF(C26=100,(L26+F26)/4,IF(C26=150,(J26+F26)/6,IF(C26=70,(K26+F26)/2.8,""))) | O26: =IF(C26=100,F26/4,IF(C26=150,F26/6,IF(C26=70,F26/2.8,""))) | P26: =IF(O26="","",O26/25)
A27: BIDON 10L HUILE GISDOL GID | B27: PROMOCASH | E27: =F27/10000 -> 0.002085 | F27: 20.85 | G27: =D27*F27 -> 0 | H27: 4 | O27: =IF(C27=100,F27/4,IF(C27=150,F27/6,IF(C27=70,F27/2.8,""))) | P27: =IF(O27="","",O27/25)
A28: BIDON 5L HUILE D'OLIVE GID | B28: PROMOCASH | E28: =F28/5000 -> 0.004906 | F28: 24.53 | G28: =D28*F28 -> 0 | H28: 4 | O28: =IF(C28=100,F28/4,IF(C28=150,F28/6,IF(C28=70,F28/2.8,""))) | P28: =IF(O28="","",O28/25)
A29: BIDON 5L HUILE TOURNESOL GID | B29: PROMOCASH | E29: =F29/5000 -> 0.001486 | F29: 7.43 | G29: =D29*F29 -> 0 | H29: 4 | O29: =IF(C29=100,F29/4,IF(C29=150,F29/6,IF(C29=70,F29/2.8,""))) | P29: =IF(O29="","",O29/25)
A30: BOTTE AIL VERT CAT2 France | B30: PROMOCASH | F30: 0.95 | G30: =D30*F30 -> 0 | H30: 4 | I30: =IF(C30=100,L30/4,IF(C30=150,J30/6,"")) | J30: =IF(C30=150,F30*H30-F30,"") | K30: =IF(C30=70,F30*H30-F30,"") | L30: =IF(C30=100,F30*H30-F30,"") | M30: =G30*H30-G30 -> 0 | N30: =IF(C30=100,(L30+F30)/4,IF(C30=150,(J30+F30)/6,IF(C30=70,(K30+F30)/2.8,""))) | O30: =IF(C30=100,F30/4,IF(C30=150,F30/6,IF(C30=70,F30/2.8,""))) | P30: =IF(O30="","",O30/25)
A31: BV 1K SUCRE CASSONADE ST LOUIS | B31: PROMOCASH | E31: =F31/1000 -> 0.00274 | F31: 2.74 | G31: =D31*F31 -> 0 | H31: 4 | O31: =IF(C31=100,F31/4,IF(C31=150,F31/6,IF(C31=70,F31/2.8,""))) | P31: =IF(O31="","",O31/25)
A32: BV 1KG SUCRE CASSONADE ST LOUIS | B32: PROMOCASH | E32: =F32/1000 -> 0.0028 | F32: 2.8 | G32: =D32*F32 -> 0 | H32: 4 | I32: =IF(C32=100,L32/4,IF(C32=150,J32/6,"")) | J32: =IF(C32=150,F32*H32-F32,"") | K32: =IF(C32=70,F32*H32-F32,"") | L32: =IF(C32=100,F32*H32-F32,"") | M32: =G32*H32-G32 -> 0 | N32: =IF(C32=100,(L32+F32)/4,IF(C32=150,(J32+F32)/6,IF(C32=70,(K32+F32)/2.8,""))) | O32: =IF(C32=100,F32/4,IF(C32=150,F32/6,IF(C32=70,F32/2.8,""))) | P32: =IF(O32="","",O32/25)
A33: Cumin | G33: =D33*F33 -> 0 | H33: 4 | I33: =IF(C33=100,L33/4,IF(C33=150,J33/6,"")) | J33: =IF(C33=150,F33*H33-F33,"") | K33: =IF(C33=70,F33*H33-F33,"") | L33: =IF(C33=100,F33*H33-F33,"") | M33: =G33*H33-G33 -> 0 | N33: =IF(C33=100,(L33+F33)/4,IF(C33=150,(J33+F33)/6,IF(C33=70,(K33+F33)/2.8,""))) | O33: =IF(C33=100,F33/4,IF(C33=150,F33/6,IF(C33=70,F33/2.8,""))) | P33: =IF(O33="","",O33/25)
A34: F.950ML MOUT.DIJON CALIFORNIA | B34: PROMOCASH | E34: =F34/95 -> 0.060105263 | F34: 5.71 | G34: =D34*F34 -> 0 | H34: 4 | I34: =IF(C34=100,L34/4,IF(C34=150,J34/6,"")) | J34: =IF(C34=150,F34*H34-F34,"") | K34: =IF(C34=70,F34*H34-F34,"") | L34: =IF(C34=100,F34*H34-F34,"") | M34: =G34*H34-G34 -> 0 | N34: =IF(C34=100,(L34+F34)/4,IF(C34=150,(J34+F34)/6,IF(C34=70,(K34+F34)/2.8,""))) | O34: =IF(C34=100,F34/4,IF(C34=150,F34/6,IF(C34=70,F34/2.8,""))) | P34: =IF(O34="","",O34/25)
A35: FL.910G KETCHUP BOUCHPROP. HEIN | B35: PROMOCASH | E35: =F35/910 -> 0.0043296703 | F35: 3.94 | G35: =D35*F35 -> 0 | H35: 4 | I35: =IF(C35=100,L35/4,IF(C35=150,J35/6,"")) | J35: =IF(C35=150,F35*H35-F35,"") | K35: =IF(C35=70,F35*H35-F35,"") | L35: =IF(C35=100,F35*H35-F35,"") | M35: =G35*H35-G35 -> 0 | N35: =IF(C35=100,(L35+F35)/4,IF(C35=150,(J35+F35)/6,IF(C35=70,(K35+F35)/2.8,""))) | O35: =IF(C35=100,F35/4,IF(C35=150,F35/6,IF(C35=70,F35/2.8,""))) | P35: =IF(O35="","",O35/25)
A36: GIMGEMBRE PRÊT EMPLOI JAR | B36: PROMOCASH | F36: 4.79 | G36: =D36*F36 -> 0 | H36: 4 | O36: =IF(C36=100,F36/4,IF(C36=150,F36/6,IF(C36=70,F36/2.8,""))) | P36: =IF(O36="","",O36/25)
A37: GUACAMOLE BKE 1KG | B37: BRAKE | E37: =F37/1000 -> 0.00899 | F37: 8.99 | G37: =D37*F37 -> 0 | H37: 4 | I37: =IF(C37=100,L37/4,IF(C37=150,J37/6,"")) | J37: =IF(C37=150,F37*H37-F37,"") | K37: =IF(C37=70,F37*H37-F37,"") | L37: =IF(C37=100,F37*H37-F37,"") | M37: =G37*H37-G37 -> 0 | N37: =IF(C37=100,(L37+F37)/4,IF(C37=150,(J37+F37)/6,IF(C37=70,(K37+F37)/2.8,""))) | O37: =IF(C37=100,F37/4,IF(C37=150,F37/6,IF(C37=70,F37/2.8,""))) | P37: =IF(O37="","",O37/25)
A38: HF BASILIC 100G | B38: TERREAZUR | E38: =F38/100 -> 0.0285 | F38: 2.85 | G38: =D38*F38 -> 0 | H38: 4 | O38: =IF(C38=100,F38/4,IF(C38=150,F38/6,IF(C38=70,F38/2.8,""))) | P38: =IF(O38="","",O38/25)
A39: HF ESTRAGON BOTTE | B39: TERREAZUR | F39: 1.06 | G39: =D39*F39 -> 0 | H39: 4 | O39: =IF(C39=100,F39/4,IF(C39=150,F39/6,IF(C39=70,F39/2.8,""))) | P39: =IF(O39="","",O39/25)
A40: HUILE D'OLIVE VIERGE EXTRA 2L IZNAOLIVA | B40: GRANADA OLIVE | E40: =F40/200 -> 0.06 | F40: 12 | G40: =D40*F40 -> 0 | H40: 4 | I40: =IF(C40=100,L40/4,IF(C40=150,J40/6,"")) | J40: =IF(C40=150,F40*H40-F40,"") | K40: =IF(C40=70,F40*H40-F40,"") | L40: =IF(C40=100,F40*H40-F40,"") | M40: =G40*H40-G40 -> 0 | N40: =IF(C40=100,(L40+F40)/4,IF(C40=150,(J40+F40)/6,IF(C40=70,(K40+F40)/2.8,""))) | O40: =IF(C40=100,F40/4,IF(C40=150,F40/6,IF(C40=70,F40/2.8,""))) | P40: =IF(O40="","",O40/25)
A41: HUILE GIDOLEIC GID HUILERIE | B41: AUMAND | F41: 2.15 | G41: =D41*F41 -> 0 | H41: 4 | I41: =IF(C41=100,L41/4,IF(C41=150,J41/6,"")) | J41: =IF(C41=150,F41*H41-F41,"") | K41: =IF(C41=70,F41*H41-F41,"") | L41: =IF(C41=100,F41*H41-F41,"") | M41: =G41*H41-G41 -> 0 | N41: =IF(C41=100,(L41+F41)/4,IF(C41=150,(J41+F41)/6,IF(C41=70,(K41+F41)/2.8,""))) | O41: =IF(C41=100,F41/4,IF(C41=150,F41/6,IF(C41=70,F41/2.8,""))) | P41: =IF(O41="","",O41/25)
A42: HUILE OLIVE EXTRA VIERGE PET GID | B42: AUMAND | F42: 5.39 | G42: =D42*F42 -> 0 | H42: 4 | I42: =IF(C42=100,L42/4,IF(C42=150,J42/6,"")) | J42: =IF(C42=150,F42*H42-F42,"") | K42: =IF(C42=70,F42*H42-F42,"") | L42: =IF(C42=100,F42*H42-F42,"") | M42: =G42*H42-G42 -> 0 | N42: =IF(C42=100,(L42+F42)/4,IF(C42=150,(J42+F42)/6,IF(C42=70,(K42+F42)/2.8,""))) | O42: =IF(C42=100,F42/4,IF(C42=150,F42/6,IF(C42=70,F42/2.8,""))) | P42: =IF(O42="","",O42/25)
A43: HUILE TOURNESOL GID HUILERIE | B43: AUMAND | F43: 1.69 | G43: =D43*F43 -> 0 | H43: 4 | I43: =IF(C43=100,L43/4,IF(C43=150,J43/6,"")) | J43: =IF(C43=150,F43*H43-F43,"") | K43: =IF(C43=70,F43*H43-F43,"") | L43: =IF(C43=100,F43*H43-F43,"") | M43: =G43*H43-G43 -> 0 | N43: =IF(C43=100,(L43+F43)/4,IF(C43=150,(J43+F43)/6,IF(C43=70,(K43+F43)/2.8,""))) | O43: =IF(C43=100,F43/4,IF(C43=150,F43/6,IF(C43=70,F43/2.8,""))) | P43: =IF(O43="","",O43/25)
A44: KG FENOUILLE C1 Espagne | B44: PROMOCASH | F44: 2.28 | G44: =D44*F44 -> 0 | H44: 4 | O44: =IF(C44=100,F44/4,IF(C44=150,F44/6,IF(C44=70,F44/2.8,""))) | P44: =IF(O44="","",O44/25)
A45: KG GIMGEMBRE CAT1 CHINE | B45: PROMOCASH | F45: 6 | G45: =D45*F45 -> 0 | H45: 4 | O45: =IF(C45=100,F45/4,IF(C45=150,F45/6,IF(C45=70,F45/2.8,""))) | P45: =IF(O45="","",O45/25)
A46: LEVURE L'HIRONDELLE MENAGERE | B46: AUMAND | F46: 5.98 | G46: =D46*F46 -> 0 | H46: 4 | I46: =IF(C46=100,L46/4,IF(C46=150,J46/6,"")) | J46: =IF(C46=150,F46*H46-F46,"") | K46: =IF(C46=70,F46*H46-F46,"") | L46: =IF(C46=100,F46*H46-F46,"") | M46: =G46*H46-G46 -> 0 | N46: =IF(C46=100,(L46+F46)/4,IF(C46=150,(J46+F46)/6,IF(C46=70,(K46+F46)/2.8,""))) | O46: =IF(C46=100,F46/4,IF(C46=150,F46/6,IF(C46=70,F46/2.8,""))) | P46: =IF(O46="","",O46/25)
A47: PCE AIL TRESSE 5/7 C1 France | B47: PROMOCASH | F47: 6.01 | G47: =D47*F47 -> 0 | H47: 4 | I47: =IF(C47=100,L47/4,IF(C47=150,J47/6,"")) | J47: =IF(C47=150,F47*H47-F47,"") | K47: =IF(C47=70,F47*H47-F47,"") | L47: =IF(C47=100,F47*H47-F47,"") | M47: =G47*H47-G47 -> 0 | N47: =IF(C47=100,(L47+F47)/4,IF(C47=150,(J47+F47)/6,IF(C47=70,(K47+F47)/2.8,""))) | O47: =IF(C47=100,F47/4,IF(C47=150,F47/6,IF(C47=70,F47/2.8,""))) | P47: =IF(O47="","",O47/25)
A48: Poivre blanc | G48: =D48*F48 -> 0 | H48: 4 | I48: =IF(C48=100,L48/4,IF(C48=150,J48/6,"")) | J48: =IF(C48=150,F48*H48-F48,"") | K48: =IF(C48=70,F48*H48-F48,"") | L48: =IF(C48=100,F48*H48-F48,"") | M48: =G48*H48-G48 -> 0 | N48: =IF(C48=100,(L48+F48)/4,IF(C48=150,(J48+F48)/6,IF(C48=70,(K48+F48)/2.8,""))) | O48: =IF(C48=100,F48/4,IF(C48=150,F48/6,IF(C48=70,F48/2.8,""))) | P48: =IF(O48="","",O48/25)
A49: Poivre vert | G49: =D49*F49 -> 0 | H49: 4 | I49: =IF(C49=100,L49/4,IF(C49=150,J49/6,"")) | J49: =IF(C49=150,F49*H49-F49,"") | K49: =IF(C49=70,F49*H49-F49,"") | L49: =IF(C49=100,F49*H49-F49,"") | M49: =G49*H49-G49 -> 0 | N49: =IF(C49=100,(L49+F49)/4,IF(C49=150,(J49+F49)/6,IF(C49=70,(K49+F49)/2.8,""))) | O49: =IF(C49=100,F49/4,IF(C49=150,F49/6,IF(C49=70,F49/2.8,""))) | P49: =IF(O49="","",O49/25)
A50: POT 300G SESAME NOIR ESPIG | B50: PROMOCASH | E50: =F50/300 -> 0.015066667 | F50: 4.52 | G50: =D50*F50 -> 0 | H50: 4 | O50: =IF(C50=100,F50/4,IF(C50=150,F50/6,IF(C50=70,F50/2.8,""))) | P50: =IF(O50="","",O50/25)
A51: Poudres d'amande | G51: =D51*F51 -> 0 | H51: 4 | I51: =IF(C51=100,L51/4,IF(C51=150,J51/6,"")) | J51: =IF(C51=150,F51*H51-F51,"") | K51: =IF(C51=70,F51*H51-F51,"") | L51: =IF(C51=100,F51*H51-F51,"") | M51: =G51*H51-G51 -> 0 | N51: =IF(C51=100,(L51+F51)/4,IF(C51=150,(J51+F51)/6,IF(C51=70,(K51+F51)/2.8,""))) | O51: =IF(C51=100,F51/4,IF(C51=150,F51/6,IF(C51=70,F51/2.8,""))) | P51: =IF(O51="","",O51/25)
A52: SACHET 100G ANETH EQR France | B52: PROMOCASH | E52: =F52/100 -> 0.0197 | F52: 1.97 | G52: =D52*F52 -> 0 | H52: 4 | O52: =IF(C52=100,F52/4,IF(C52=150,F52/6,IF(C52=70,F52/2.8,""))) | P52: =IF(O52="","",O52/25)
A53: SACHET 100G BASILIC EQR MAROC | B53: PROMOCASH | E53: =F53/100 -> 0.0238 | F53: 2.38 | G53: =D53*F53 -> 0 | H53: 4 | I53: =IF(C53=100,L53/4,IF(C53=150,J53/6,"")) | J53: =IF(C53=150,F53*H53-F53,"") | K53: =IF(C53=70,F53*H53-F53,"") | L53: =IF(C53=100,F53*H53-F53,"") | M53: =G53*H53-G53 -> 0 | N53: =IF(C53=100,(L53+F53)/4,IF(C53=150,(J53+F53)/6,IF(C53=70,(K53+F53)/2.8,""))) | O53: =IF(C53=100,F53/4,IF(C53=150,F53/6,IF(C53=70,F53/2.8,""))) | P53: =IF(O53="","",O53/25)
A54: SACHET 100G LAURIER C1 France | B54: PROMOCASH | E54: =F54/100 -> 0.0202 | F54: 2.02 | G54: =D54*F54 -> 0 | H54: 4 | I54: =IF(C54=100,L54/4,IF(C54=150,J54/6,"")) | J54: =IF(C54=150,F54*H54-F54,"") | K54: =IF(C54=70,F54*H54-F54,"") | L54: =IF(C54=100,F54*H54-F54,"") | M54: =G54*H54-G54 -> 0 | N54: =IF(C54=100,(L54+F54)/4,IF(C54=150,(J54+F54)/6,IF(C54=70,(K54+F54)/2.8,""))) | O54: =IF(C54=100,F54/4,IF(C54=150,F54/6,IF(C54=70,F54/2.8,""))) | P54: =IF(O54="","",O54/25)
A55: SACHET 100G MENTHE EQR MARCO | B55: PROMOCASH | E55: =F55/100 -> 0.0205 | F55: 2.05 | G55: =D55*F55 -> 0 | H55: 4 | O55: =IF(C55=100,F55/4,IF(C55=150,F55/6,IF(C55=70,F55/2.8,""))) | P55: =IF(O55="","",O55/25)
A56: SACHET 100G THYM EQR France | B56: PROMOCASH | E56: =F56/100 -> 0.02 | F56: 2 | G56: =D56*F56 -> 0 | H56: 4 | I56: =IF(C56=100,L56/4,IF(C56=150,J56/6,"")) | J56: =IF(C56=150,F56*H56-F56,"") | K56: =IF(C56=70,F56*H56-F56,"") | L56: =IF(C56=100,F56*H56-F56,"") | M56: =G56*H56-G56 -> 0 | N56: =IF(C56=100,(L56+F56)/4,IF(C56=150,(J56+F56)/6,IF(C56=70,(K56+F56)/2.8,""))) | O56: =IF(C56=100,F56/4,IF(C56=150,F56/6,IF(C56=70,F56/2.8,""))) | P56: =IF(O56="","",O56/25)
A57: SEAU 5KG MOUTARDE FORTE DIJONA | B57: PROMOCASH | E57: =F57/5000 -> 0.001282 | F57: 6.41 | G57: =D57*F57 -> 0 | H57: 4 | O57: =IF(C57=100,F57/4,IF(C57=150,F57/6,IF(C57=70,F57/2.8,""))) | P57: =IF(O57="","",O57/25)
A58: SEL FIN COLLECTIV. CEREBOS | B58: PROMOCASH | F58: 4.35 | G58: =D58*F58 -> 0 | H58: 4 | O58: =IF(C58=100,F58/4,IF(C58=150,F58/6,IF(C58=70,F58/2.8,""))) | P58: =IF(O58="","",O58/25)
A59: SHT 500G POIVRE BLANC MLU ESPIG | B59: PROMOCASH | E59: =F59/500 -> 0.02132 | F59: 10.66 | G59: =D59*F59 -> 0 | H59: 4 | O59: =IF(C59=100,F59/4,IF(C59=150,F59/6,IF(C59=70,F59/2.8,""))) | P59: =IF(O59="","",O59/25)
A60: ST 100G CIBOULETTE EQR MAROC | B60: PROMOCASH | E60: =F60/100 -> 0.0251 | F60: 2.51 | G60: =D60*F60 -> 0 | H60: 4 | I60: =IF(C60=100,L60/4,IF(C60=150,J60/6,"")) | J60: =IF(C60=150,F60*H60-F60,"") | K60: =IF(C60=70,F60*H60-F60,"") | L60: =IF(C60=100,F60*H60-F60,"") | M60: =G60*H60-G60 -> 0 | N60: =IF(C60=100,(L60+F60)/4,IF(C60=150,(J60+F60)/6,IF(C60=70,(K60+F60)/2.8,""))) | O60: =IF(C60=100,F60/4,IF(C60=150,F60/6,IF(C60=70,F60/2.8,""))) | P60: =IF(O60="","",O60/25)
A61: ST POLY 1KG SUCRE GLACE STLOUIS | B61: PROMOCASH | E61: =F61/1000 -> 0.00351 | F61: 3.51 | G61: =D61*F61 -> 0 | H61: 4 | O61: =IF(C61=100,F61/4,IF(C61=150,F61/6,IF(C61=70,F61/2.8,""))) | P61: =IF(O61="","",O61/25)
A62: Sucre galce | G62: =D62*F62 -> 0 | H62: 4 | I62: =IF(C62=100,L62/4,IF(C62=150,J62/6,"")) | J62: =IF(C62=150,F62*H62-F62,"") | K62: =IF(C62=70,F62*H62-F62,"") | L62: =IF(C62=100,F62*H62-F62,"") | M62: =G62*H62-G62 -> 0 | N62: =IF(C62=100,(L62+F62)/4,IF(C62=150,(J62+F62)/6,IF(C62=70,(K62+F62)/2.8,""))) | O62: =IF(C62=100,F62/4,IF(C62=150,F62/6,IF(C62=70,F62/2.8,""))) | P62: =IF(O62="","",O62/25)
H63: 4
H64: 4
H65: 4
H66: 4
H67: 4
H68: 4
H69: 4
H70: 4
H71: 4
A72: 12K5 PDT FRITE VIC.60+ EQR FRA | B72: PROMOCASH | E72: =F72/12500 -> 0.0009456 | F72: 11.82 | H72: 4
A73: 2K5 RIZ 3 SAVEURS EN CUISINE | B73: PROMOCASH | E73: =F73/2500 -> 0.004484 | F73: 11.21 | H73: 4
A74: 2K5 RIZ ARBORIO QS EN CUISINE | B74: PROMOCASH | E74: =F74/2500 -> 0.003856 | F74: 9.64 | H74: 4
A75: 2K5 RIZ LG GRAIN CUIS.10M BENS | B75: PROMOCASH | E75: =F75/2500 -> 0.004612 | F75: 11.53 | H75: 4
A76: 500G SPHAGETTIS GRAND JURY | B76: PROMOCASH | E76: =F76/500 -> 0.0013 | F76: 0.65 | H76: 4
A77: 5KG PATES SPHAGETTIS PASTA PRO | B77: PROMOCASH | E77: =F77/5000 -> 0.001768 | F77: 8.84 | H77: 4
A78: 5KG SAC LENTILLES VERTES ENCUI | B78: PROMOCASH | E78: =F78/5000 -> 0.00243 | F78: 12.15 | H78: 4
A79: 5KG SPHAGETTI PANZANI | B79: PROMOCASH | E79: =F79/5000 -> 0.00213 | F79: 10.65 | H79: 4
A80: HARICOTS ROUGE BT 5/1 | B80: BRAKE | E80: =F80/3000 -> 0.0019333333 | F80: 5.8 | H80: 4
A81: KG PATATE DOUCE C1 ISRAEL | B81: PROMOCASH | E81: =F81/1000 -> 0.003 | F81: 3 | H81: 4
A82: Lentilles verte | H82: 4
A83: MICROPAIN 1/2 SEL PRESIDENT 10G | B83: BRAKE | F83: 15 | H83: 4
A84: Pâtes lasagne | H84: 4
A85: PENNE RIGATE 3KG | B85: BRAKE | E85: =F85/3000 -> 0.0009 | F85: 2.7 | H85: 4
A86: PETIT PAIN A LA FARINE LR 55G | B86: BRAKE | F86: 0.17 | H86: 4
A87: PLAQUE PAIN DE MIE 250G CT 20P | B87: DS Restauration | F87: 53.5 | H87: 4
A88: Pois cassé | H88: 4
A89: RIZ CARNAROLI PREMIUM (RISOTTO) | B89: BRAKE | F89: 6.75 | H89: 4
A90: SAC 5KG RIZ LG GRAIN 20MN UBEN | B90: PROMOCASH | E90: =F90/5000 -> 0.003668 | F90: 18.34 | H90: 4
A91: TAGLIATELLE AUX ŒUFS FRAIS BKE SE 3KG | B91: BRAKE | E91: =F91/3000 -> 0.00102 | F91: 3.06 | H91: 4
H92: 4
H93: 4
H94: 4
H95: 4
H96: 4
H97: 4
H98: 4
H99: 4
H100: 4
...

Sheet Boucherie
A1: Viandes | B1: Fournisseur | C1: Quantité en kg | D1: Quantité | E1: Prix piece | F1: Prix/gramme/cl/ | G1: P.U HT | H1: Prix total | I1: Taux marge | N1: Marge total | O1: Prix de revente minimum | Q1: Coût/kg
A2: 1/2 FX FILET BF 3KG+ CHAROL | B2: PROMOCASH | F2: =G2/3000 -> 0.0053466667 | G2: 16.04 | H2: =D2*G2 -> 0 | I2: 4 | P2: =IF(C2=100,G2/4,IF(C2=150,G2/6,IF(C2=70,G2/2.8,""))) | Q2: =IF(P2="","",P2/25)
A3: 1/2 FX FILET VBF CHAROL. 3KG+ | B3: DS Restauration | F3: =G3/3000 -> 0.0053333333 | G3: 16 | H3: =D3*G3 -> 0 | I3: 4 | P3: =IF(C3=100,G3/4,IF(C3=150,G3/6,IF(C3=70,G3/2.8,""))) | Q3: =IF(P3="","",P3/25)
A4: 1K5 12*125G STEAK HACHE 15%MG | B4: PROMOCASH | E4: =G4/12 -> 1.195 | G4: 14.34 | H4: =D4*G4 -> 0 | I4: 4 | P4: =IF(C4=100,G4/4,IF(C4=150,G4/6,IF(C4=70,G4/2.8,""))) | Q4: =IF(P4="","",P4/25)
A5: 1KG LARDON FUM SUP ALL 5/5 OLO | B5: PROMOCASH | F5: =G5/1000 -> 0.00568 | G5: 5.68 | H5: =D5*G5 -> 0 | I5: 4 | P5: =IF(C5=100,G5/4,IF(C5=150,G5/6,IF(C5=70,G5/2.8,""))) | Q5: =IF(P5="","",P5/25)
A6: 1KG LARDON SALE S/ATM J.FLOCH | B6: PROMOCASH | F6: =G6/1000 -> 0.00462 | G6: 4.62 | H6: =D6*G6 -> 0 | I6: 4 | P6: =IF(C6=100,G6/4,IF(C6=150,G6/6,IF(C6=70,G6/2.8,""))) | Q6: =IF(P6="","",P6/25)
A7: 500G CHORIZO P/PORC TRANCHE | B7: PROMOCASH | F7: =G7/500 -> 0.00736 | G7: 3.68 | H7: =D7*G7 -> 0 | I7: 4 | P7: =IF(C7=100,G7/4,IF(C7=150,G7/6,IF(C7=70,G7/2.8,""))) | Q7: =IF(P7="","",P7/25)
A8: 500G JAMBON BLANC SUP DD OLONA | B8: PROMOCASH | F8: =G8/500 -> 0.00758 | G8: 3.79 | H8: =D8*G8 -> 0 | I8: 4 | P8: =IF(C8=100,G8/4,IF(C8=150,G8/6,IF(C8=70,G8/2.8,""))) | Q8: =IF(P8="","",P8/25)
A9: 500G POITRINE FUMEE TRAN. OLONA | B9: PROMOCASH | F9: =G9/500 -> 0.00756 | G9: 3.78 | H9: =D9*G9 -> 0 | I9: 4 | P9: =IF(C9=100,G9/4,IF(C9=150,G9/6,IF(C9=70,G9/2.8,""))) | Q9: =IF(P9="","",P9/25)
A10: 600G FD VEAU LIE PREMIUM CHEF | B10: PROMOCASH | F10: =G10/600 -> 0.033533333 | G10: 20.12 | H10: =D10*G10 -> 0 | I10: 4 | P10: =IF(C10=100,G10/4,IF(C10=150,G10/6,IF(C10=70,G10/2.8,""))) | Q10: =IF(P10="","",P10/25)
A11: 640G FOND VEAU PREMIUM CHEF | B11: PROMOCASH | F11: =G11/640 -> 0.034171875 | G11: 21.87 | H11: =D11*G11 -> 0 | I11: 4 | P11: =IF(C11=100,G11/4,IF(C11=150,G11/6,IF(C11=70,G11/2.8,""))) | Q11: =IF(P11="","",P11/25)
A12: ANDOUILLE DE BRETAGNE BN 1K | B12: AUMAND | F12: =G12/1000 -> 0.00595 | G12: 5.95 | H12: =D12*G12 -> 0 | I12: 4 | J12: =IF(C12=100,M12/4,IF(C12=150,K12/6,"")) | K12: =IF(C12=150,G12*I12-G12,"") | L12: =IF(C12=70,G12*I12-G12,"") | M12: =IF(C12=100,G12*I12-G12,"") | N12: =H12*I12-H12 -> 0 | O12: =IF(C12=100,(M12+G12)/4,IF(C12=150,(K12+G12)/6,IF(C12=70,(L12+G12)/2.8,""))) | P12: =IF(C12=100,G12/4,IF(C12=150,G12/6,IF(C12=70,G12/2.8,""))) | Q12: =IF(P12="","",P12/25)
A13: Andouille de guemene | B13: BRAKE | H13: =D13*G13 -> 0 | I13: 4 | J13: =IF(C13=100,M13/4,IF(C13=150,K13/6,"")) | K13: =IF(C13=150,G13*I13-G13,"") | L13: =IF(C13=70,G13*I13-G13,"") | M13: =IF(C13=100,G13*I13-G13,"") | N13: =H13*I13-H13 -> 0 | O13: =IF(C13=100,(M13+G13)/4,IF(C13=150,(K13+G13)/6,IF(C13=70,(L13+G13)/2.8,""))) | P13: =IF(C13=100,G13/4,IF(C13=150,G13/6,IF(C13=70,G13/2.8,""))) | Q13: =IF(P13="","",P13/25)
A14: ASSORTIMENT MINI BROCHETTE PLT 15G 4*100 | B14: BRAKE | F14: =G14/100 -> 0.0728 | G14: 7.28 | H14: =D14*G14 -> 0 | I14: 4 | J14: =IF(C14=100,M14/4,IF(C14=150,K14/6,"")) | K14: =IF(C14=150,G14*I14-G14,"") | L14: =IF(C14=70,G14*I14-G14,"") | M14: =IF(C14=100,G14*I14-G14,"") | N14: =H14*I14-H14 -> 0 | O14: =IF(C14=100,(M14+G14)/4,IF(C14=150,(K14+G14)/6,IF(C14=70,(L14+G14)/2.8,""))) | P14: =IF(C14=100,G14/4,IF(C14=150,G14/6,IF(C14=70,G14/2.8,""))) | Q14: =IF(P14="","",P14/25)
A15: BOUDIN BLANC AUX TROMPETTES 1KG | B15: CROIX MARAND | F15: =G15/1000 -> 0.01255 | G15: 12.55 | H15: =D15*G15 -> 0 | I15: 4 | J15: =IF(C15=100,M15/4,IF(C15=150,K15/6,"")) | K15: =IF(C15=150,G15*I15-G15,"") | L15: =IF(C15=70,G15*I15-G15,"") | M15: =IF(C15=100,G15*I15-G15,"") | N15: =H15*I15-H15 -> 0 | O15: =IF(C15=100,(M15+G15)/4,IF(C15=150,(K15+G15)/6,IF(C15=70,(L15+G15)/2.8,""))) | P15: =IF(C15=100,G15/4,IF(C15=150,G15/6,IF(C15=70,G15/2.8,""))) | Q15: =IF(P15="","",P15/25)
A16: Boudin noir | H16: =D16*G16 -> 0 | I16: 4 | J16: =IF(C16=100,M16/4,IF(C16=150,K16/6,"")) | K16: =IF(C16=150,G16*I16-G16,"") | L16: =IF(C16=70,G16*I16-G16,"") | M16: =IF(C16=100,G16*I16-G16,"") | N16: =H16*I16-H16 -> 0 | O16: =IF(C16=100,(M16+G16)/4,IF(C16=150,(K16+G16)/6,IF(C16=70,(L16+G16)/2.8,""))) | P16: =IF(C16=100,G16/4,IF(C16=150,G16/6,IF(C16=70,G16/2.8,""))) | Q16: =IF(P16="","",P16/25)
A17: CARRE DE PORC AVEC OS DTLN 1KG | B17: CROIX MARAND | F17: =G17/1000 -> 0.0071 | G17: 7.1 | H17: =D17*G17 -> 0 | I17: 4 | J17: =IF(C17=100,M17/4,IF(C17=150,K17/6,"")) | K17: =IF(C17=150,G17*I17-G17,"") | L17: =IF(C17=70,G17*I17-G17,"") | M17: =IF(C17=100,G17*I17-G17,"") | N17: =H17*I17-H17 -> 0 | O17: =IF(C17=100,(M17+G17)/4,IF(C17=150,(K17+G17)/6,IF(C17=70,(L17+G17)/2.8,""))) | P17: =IF(C17=100,G17/4,IF(C17=150,G17/6,IF(C17=70,G17/2.8,""))) | Q17: =IF(P17="","",P17/25)
A18: CARRE DE PORC TRAD.BOUCHERE E2kg | B18: DS Restauration | F18: =G18/2000 -> 0.0038 | G18: 7.6 | H18: =D18*G18 -> 0 | I18: 4 | P18: =IF(C18=100,G18/4,IF(C18=150,G18/6,IF(C18=70,G18/2.8,""))) | Q18: =IF(P18="","",P18/25)
A19: CHORIZO TRANCHE VELA BQ 500G | B19: DS Restauration | F19: =G19/500 -> 0.01066 | G19: 5.33 | H19: =D19*G19 -> 0 | I19: 4 | P19: =IF(C19=100,G19/4,IF(C19=150,G19/6,IF(C19=70,G19/2.8,""))) | Q19: =IF(P19="","",P19/25)
A20: CHORIZZO CULAR 1,8KG | B20: BRAKE | F20: =G20/1800 -> 0.005 | G20: 9 | H20: =D20*G20 -> 0 | I20: 4 | J20: =IF(C20=100,M20/4,IF(C20=150,K20/6,"")) | K20: =IF(C20=150,G20*I20-G20,"") | L20: =IF(C20=70,G20*I20-G20,"") | M20: =IF(C20=100,G20*I20-G20,"") | N20: =H20*I20-H20 -> 0 | O20: =IF(C20=100,(M20+G20)/4,IF(C20=150,(K20+G20)/6,IF(C20=70,(L20+G20)/2.8,""))) | P20: =IF(C20=100,G20/4,IF(C20=150,G20/6,IF(C20=70,G20/2.8,""))) | Q20: =IF(P20="","",P20/25)
A21: chorizzo fort | B21: AUMAND | G21: 7.85 | H21: =D21*G21 -> 0 | I21: 4 | J21: =IF(C21=100,M21/4,IF(C21=150,K21/6,"")) | K21: =IF(C21=150,G21*I21-G21,"") | L21: =IF(C21=70,G21*I21-G21,"") | M21: =IF(C21=100,G21*I21-G21,"") | N21: =H21*I21-H21 -> 0 | O21: =IF(C21=100,(M21+G21)/4,IF(C21=150,(K21+G21)/6,IF(C21=70,(L21+G21)/2.8,""))) | P21: =IF(C21=100,G21/4,IF(C21=150,G21/6,IF(C21=70,G21/2.8,""))) | Q21: =IF(P21="","",P21/25)
A22: CHORIZZO PP CULAR TRANCHE BKO 500G | B22: BRAKE | F22: =G22/500 -> 0.01398 | G22: 6.99 | H22: =D22*G22 -> 0 | I22: 4 | J22: =IF(C22=100,M22/4,IF(C22=150,K22/6,"")) | K22: =IF(C22=150,G22*I22-G22,"") | L22: =IF(C22=70,G22*I22-G22,"") | M22: =IF(C22=100,G22*I22-G22,"") | N22: =H22*I22-H22 -> 0 | O22: =IF(C22=100,(M22+G22)/4,IF(C22=150,(K22+G22)/6,IF(C22=70,(L22+G22)/2.8,""))) | P22: =IF(C22=100,G22/4,IF(C22=150,G22/6,IF(C22=70,G22/2.8,""))) | Q22: =IF(P22="","",P22/25)
A23: CŒUR T.TRANCH UE RAV PAD 7KG+ | B23: DS Restauration | F23: =G23/7000 -> 0.0011442857 | G23: 8.01 | H23: =D23*G23 -> 0 | I23: 4 | P23: =IF(C23=100,G23/4,IF(C23=150,G23/6,IF(C23=70,G23/2.8,""))) | Q23: =IF(P23="","",P23/25)
A24: CONFIT FOIE VOL ANCIEN TERRINE 2,7KG | B24: BRAKE | F24: =G24/2700 -> 0.0034074074 | G24: 9.2 | H24: =D24*G24 -> 0 | I24: 4 | J24: =IF(C24=100,M24/4,IF(C24=150,K24/6,"")) | K24: =IF(C24=150,G24*I24-G24,"") | L24: =IF(C24=70,G24*I24-G24,"") | M24: =IF(C24=100,G24*I24-G24,"") | N24: =H24*I24-H24 -> 0 | O24: =IF(C24=100,(M24+G24)/4,IF(C24=150,(K24+G24)/6,IF(C24=70,(L24+G24)/2.8,""))) | P24: =IF(C24=100,G24/4,IF(C24=150,G24/6,IF(C24=70,G24/2.8,""))) | Q24: =IF(P24="","",P24/25)
A25: COTE DE VEAU VVF EPAISSE E320g | B25: DS Restauration | F25: =G25/320 -> 0.0434375 | G25: 13.9 | H25: =D25*G25 -> 0 | I25: 4 | P25: =IF(C25=100,G25/4,IF(C25=150,G25/6,IF(C25=70,G25/2.8,""))) | Q25: =IF(P25="","",P25/25)
A26: DEMI ANDOUILLE DE GUEMENE E850g*2 | B26: DS Restauration | E26: =G26/2 -> 8.65 | G26: 17.3 | H26: =D26*G26 -> 0 | I26: 4 | P26: =IF(C26=100,G26/4,IF(C26=150,G26/6,IF(C26=70,G26/2.8,""))) | Q26: =IF(P26="","",P26/25)
A27: ECHINE DE PORC DESOSSEE 1,8/2,6KG 3/4PC | B27: BRAKE | E27: =G27/4 -> 1.3125 | G27: 5.25 | H27: =D27*G27 -> 0 | I27: 4 | J27: =IF(C27=100,M27/4,IF(C27=150,K27/6,"")) | K27: =IF(C27=150,G27*I27-G27,"") | L27: =IF(C27=70,G27*I27-G27,"") | M27: =IF(C27=100,G27*I27-G27,"") | N27: =H27*I27-H27 -> 0 | O27: =IF(C27=100,(M27+G27)/4,IF(C27=150,(K27+G27)/6,IF(C27=70,(L27+G27)/2.8,""))) | P27: =IF(C27=100,G27/4,IF(C27=150,G27/6,IF(C27=70,G27/2.8,""))) | Q27: =IF(P27="","",P27/25)
A28: Faux-filets race simmental 6kg | B28: BRAKE | F28: =G28/6000 -> 0.0018316667 | G28: 10.99 | H28: =D28*G28 -> 0 | I28: 4 | J28: =IF(C28=100,M28/4,IF(C28=150,K28/6,"")) | K28: =IF(C28=150,G28*I28-G28,"") | L28: =IF(C28=70,G28*I28-G28,"") | M28: =IF(C28=100,G28*I28-G28,"") | N28: =H28*I28-H28 -> 0 | O28: =IF(C28=100,(M28+G28)/4,IF(C28=150,(K28+G28)/6,IF(C28=70,(L28+G28)/2.8,""))) | P28: =IF(C28=100,G28/4,IF(C28=150,G28/6,IF(C28=70,G28/2.8,""))) | Q28: =IF(P28="","",P28/25)
A29: FILET BŒUF CHATEAUBRIAN R.CHARO | B29: BRAKE | G29: 37.94 | H29: =D29*G29 -> 0 | I29: 4 | J29: =IF(C29=100,M29/4,IF(C29=150,K29/6,"")) | K29: =IF(C29=150,G29*I29-G29,"") | L29: =IF(C29=70,G29*I29-G29,"") | M29: =IF(C29=100,G29*I29-G29,"") | N29: =H29*I29-H29 -> 0 | O29: =IF(C29=100,(M29+G29)/4,IF(C29=150,(K29+G29)/6,IF(C29=70,(L29+G29)/2.8,""))) | P29: =IF(C29=100,G29/4,IF(C29=150,G29/6,IF(C29=70,G29/2.8,""))) | Q29: =IF(P29="","",P29/25)
A30: FILET MIGNON PORC UE e.3/500G | B30: DS Restauration | F30: =G30/500 -> 0.0154 | G30: 7.7 | H30: =D30*G30 -> 0 | I30: 4 | P30: =IF(C30=100,G30/4,IF(C30=150,G30/6,IF(C30=70,G30/2.8,""))) | Q30: =IF(P30="","",P30/25)
A31: Foie gras | B31: BRAKE | G31: 9.05 | H31: =D31*G31 -> 0 | I31: 4 | J31: =IF(C31=100,M31/4,IF(C31=150,K31/6,"")) | K31: =IF(C31=150,G31*I31-G31,"") | L31: =IF(C31=70,G31*I31-G31,"") | M31: =IF(C31=100,G31*I31-G31,"") | N31: =H31*I31-H31 -> 0 | O31: =IF(C31=100,(M31+G31)/4,IF(C31=150,(K31+G31)/6,IF(C31=70,(L31+G31)/2.8,""))) | P31: =IF(C31=100,G31/4,IF(C31=150,G31/6,IF(C31=70,G31/2.8,""))) | Q31: =IF(P31="","",P31/25)
A32: HACHE TRAD P.BF 15%MG 700G | B32: DS Restauration | F32: =G32/700 -> 0.011828571 | G32: 8.28 | H32: =D32*G32 -> 0 | I32: 4 | P32: =IF(C32=100,G32/4,IF(C32=150,G32/6,IF(C32=70,G32/2.8,""))) | Q32: =IF(P32="","",P32/25)
A33: HAMPE COCHON BLC S/V 450G 4PC 10ST | B33: BRAKE | E33: =G33/4 -> 1.7475 | G33: 6.99 | H33: =D33*G33 -> 0 | I33: 4 | J33: =IF(C33=100,M33/4,IF(C33=150,K33/6,"")) | K33: =IF(C33=150,G33*I33-G33,"") | L33: =IF(C33=70,G33*I33-G33,"") | M33: =IF(C33=100,G33*I33-G33,"") | N33: =H33*I33-H33 -> 0 | O33: =IF(C33=100,(M33+G33)/4,IF(C33=150,(K33+G33)/6,IF(C33=70,(L33+G33)/2.8,""))) | P33: =IF(C33=100,G33/4,IF(C33=150,G33/6,IF(C33=70,G33/2.8,""))) | Q33: =IF(P33="","",P33/25)
A34: JAMBON CRU TRANCHE ITALIEN 10M 500G | B34: BRAKE | F34: =G34/500 -> 0.0172 | G34: 8.6 | H34: =D34*G34 -> 0 | I34: 4 | J34: =IF(C34=100,M34/4,IF(C34=150,K34/6,"")) | K34: =IF(C34=150,G34*I34-G34,"") | L34: =IF(C34=70,G34*I34-G34,"") | M34: =IF(C34=100,G34*I34-G34,"") | N34: =H34*I34-H34 -> 0 | O34: =IF(C34=100,(M34+G34)/4,IF(C34=150,(K34+G34)/6,IF(C34=70,(L34+G34)/2.8,""))) | P34: =IF(C34=100,G34/4,IF(C34=150,G34/6,IF(C34=70,G34/2.8,""))) | Q34: =IF(P34="","",P34/25)
A35: Jambon serrano | B35: AUMAND | G35: 10 | H35: =D35*G35 -> 0 | I35: 4 | J35: =IF(C35=100,M35/4,IF(C35=150,K35/6,"")) | K35: =IF(C35=150,G35*I35-G35,"") | L35: =IF(C35=70,G35*I35-G35,"") | M35: =IF(C35=100,G35*I35-G35,"") | N35: =H35*I35-H35 -> 0 | O35: =IF(C35=100,(M35+G35)/4,IF(C35=150,(K35+G35)/6,IF(C35=70,(L35+G35)/2.8,""))) | P35: =IF(C35=100,G35/4,IF(C35=150,G35/6,IF(C35=70,G35/2.8,""))) | Q35: =IF(P35="","",P35/25)
A36: KG COTE DE BETTE C1 Italie | B36: PROMOCASH | F36: =G36/1000 -> 0.00187 | G36: 1.87 | H36: =D36*G36 -> 0 | I36: 4 | P36: =IF(C36=100,G36/4,IF(C36=150,G36/6,IF(C36=70,G36/2.8,""))) | Q36: =IF(P36="","",P36/25)
A37: KG FAUX-FILETS +4K5 SP SV VBF | B37: PROMOCASH | F37: =G37/1000 -> 0.00952 | G37: 9.52 | H37: =D37*G37 -> 0 | I37: 4 | P37: =IF(C37=100,G37/4,IF(C37=150,G37/6,IF(C37=70,G37/2.8,""))) | Q37: =IF(P37="","",P37/25)
A38: KG SAUTE DE VEAU 60/70G France | B38: PROMOCASH | F38: =G38/1000 -> 0.00752 | G38: 7.52 | H38: =D38*G38 -> 0 | I38: 4 | P38: =IF(C38=100,G38/4,IF(C38=150,G38/6,IF(C38=70,G38/2.8,""))) | Q38: =IF(P38="","",P38/25)
A39: KG SAUTE DE VEAU S/OS VBF SIBC | B39: PROMOCASH | F39: =G39/1000 -> 0.00866 | G39: 8.66 | H39: =D39*G39 -> 0 | I39: 4 | P39: =IF(C39=100,G39/4,IF(C39=150,G39/6,IF(C39=70,G39/2.8,""))) | Q39: =IF(P39="","",P39/25)
A40: Lard paysans fumés aux épices | B40: BRAKE | G40: 11.6 | H40: =D40*G40 -> 0 | I40: 4 | J40: =IF(C40=100,M40/4,IF(C40=150,K40/6,"")) | K40: =IF(C40=150,G40*I40-G40,"") | L40: =IF(C40=70,G40*I40-G40,"") | M40: =IF(C40=100,G40*I40-G40,"") | N40: =H40*I40-H40 -> 0 | O40: =IF(C40=100,(M40+G40)/4,IF(C40=150,(K40+G40)/6,IF(C40=70,(L40+G40)/2.8,""))) | P40: =IF(C40=100,G40/4,IF(C40=150,G40/6,IF(C40=70,G40/2.8,""))) | Q40: =IF(P40="","",P40/25)
A41: LARDONS FUMES BQ S/ATM 1KG | B41: DS Restauration | F41: =G41/1000 -> 0.005 | G41: 5 | H41: =D41*G41 -> 0 | I41: 4 | P41: =IF(C41=100,G41/4,IF(C41=150,G41/6,IF(C41=70,G41/2.8,""))) | Q41: =IF(P41="","",P41/25)
A42: NAVARIN EP.AGNEAU S/OS UE E60g | B42: DS Restauration | F42: =G42/60 -> 0.19166667 | G42: 11.5 | H42: =D42*G42 -> 0 | I42: 4 | P42: =IF(C42=100,G42/4,IF(C42=150,G42/6,IF(C42=70,G42/2.8,""))) | Q42: =IF(P42="","",P42/25)
A43: NOIX DE JOUE PORC CONFITE S/V 1,5KG CT 2ST | B43: BRAKE | F43: =G43/1500 -> 0.0046333333 | G43: 6.95 | H43: =D43*G43 -> 0 | I43: 4 | J43: =IF(C43=100,M43/4,IF(C43=150,K43/6,"")) | K43: =IF(C43=150,G43*I43-G43,"") | L43: =IF(C43=70,G43*I43-G43,"") | M43: =IF(C43=100,G43*I43-G43,"") | N43: =H43*I43-H43 -> 0 | O43: =IF(C43=100,(M43+G43)/4,IF(C43=150,(K43+G43)/6,IF(C43=70,(L43+G43)/2.8,""))) | P43: =IF(C43=100,G43/4,IF(C43=150,G43/6,IF(C43=70,G43/2.8,""))) | Q43: =IF(P43="","",P43/25)
A44: P.ECHINE CONF.COCHON DUR.BAT*3 ST 700G | B44: BRAKE | F44: =G44/700 -> 0.0114 | G44: 7.98 | H44: =D44*G44 -> 0 | I44: 4 | J44: =IF(C44=100,M44/4,IF(C44=150,K44/6,"")) | K44: =IF(C44=150,G44*I44-G44,"") | L44: =IF(C44=70,G44*I44-G44,"") | M44: =IF(C44=100,G44*I44-G44,"") | N44: =H44*I44-H44 -> 0 | O44: =IF(C44=100,(M44+G44)/4,IF(C44=150,(K44+G44)/6,IF(C44=70,(L44+G44)/2.8,""))) | P44: =IF(C44=100,G44/4,IF(C44=150,G44/6,IF(C44=70,G44/2.8,""))) | Q44: =IF(P44="","",P44/25)
A45: Poitrine fumé tranchée | B45: BRAKE | G45: 9.2 | H45: =D45*G45 -> 0 | I45: 4 | J45: =IF(C45=100,M45/4,IF(C45=150,K45/6,"")) | K45: =IF(C45=150,G45*I45-G45,"") | L45: =IF(C45=70,G45*I45-G45,"") | M45: =IF(C45=100,G45*I45-G45,"") | N45: =H45*I45-H45 -> 0 | O45: =IF(C45=100,(M45+G45)/4,IF(C45=150,(K45+G45)/6,IF(C45=70,(L45+G45)/2.8,""))) | P45: =IF(C45=100,G45/4,IF(C45=150,G45/6,IF(C45=70,G45/2.8,""))) | Q45: =IF(P45="","",P45/25)
A46: POITRINE FUMEE 10GX50TR.FR.OLONA | B46: AUMAND | E46: =G46/50 -> 0.097 | G46: 4.85 | H46: =D46*G46 -> 0 | I46: 4 | P46: =IF(C46=100,G46/4,IF(C46=150,G46/6,IF(C46=70,G46/2.8,""))) | Q46: =IF(P46="","",P46/25)
A47: POITRINE FUMEE DELICATE TR BKE 500G | B47: BRAKE | F47: =G47/500 -> 0.02172 | G47: 10.86 | H47: =D47*G47 -> 0 | I47: 4 | J47: =IF(C47=100,M47/4,IF(C47=150,K47/6,"")) | K47: =IF(C47=150,G47*I47-G47,"") | L47: =IF(C47=70,G47*I47-G47,"") | M47: =IF(C47=100,G47*I47-G47,"") | N47: =H47*I47-H47 -> 0 | O47: =IF(C47=100,(M47+G47)/4,IF(C47=150,(K47+G47)/6,IF(C47=70,(L47+G47)/2.8,""))) | P47: =IF(C47=100,G47/4,IF(C47=150,G47/6,IF(C47=70,G47/2.8,""))) | Q47: =IF(P47="","",P47/25)
A48: RABLE DE LAPIN BQ S/AT 320/360G 4PC | B48: BRAKE | F48: =G48/340 -> 0.032205882 | G48: 10.95 | H48: =D48*G48 -> 0 | I48: 4 | J48: =IF(C48=100,M48/4,IF(C48=150,K48/6,"")) | K48: =IF(C48=150,G48*I48-G48,"") | L48: =IF(C48=70,G48*I48-G48,"") | M48: =IF(C48=100,G48*I48-G48,"") | N48: =H48*I48-H48 -> 0 | O48: =IF(C48=100,(M48+G48)/4,IF(C48=150,(K48+G48)/6,IF(C48=70,(L48+G48)/2.8,""))) | P48: =IF(C48=100,G48/4,IF(C48=150,G48/6,IF(C48=70,G48/2.8,""))) | Q48: =IF(P48="","",P48/25)
A49: ROGNON DE VEAU AVEC GRAS S/V*1 | B49: BRAKE | G49: 2.8 | H49: =D49*G49 -> 0 | I49: 4 | J49: =IF(C49=100,M49/4,IF(C49=150,K49/6,"")) | K49: =IF(C49=150,G49*I49-G49,"") | L49: =IF(C49=70,G49*I49-G49,"") | M49: =IF(C49=100,G49*I49-G49,"") | N49: =H49*I49-H49 -> 0 | O49: =IF(C49=100,(M49+G49)/4,IF(C49=150,(K49+G49)/6,IF(C49=70,(L49+G49)/2.8,""))) | P49: =IF(C49=100,G49/4,IF(C49=150,G49/6,IF(C49=70,G49/2.8,""))) | Q49: =IF(P49="","",P49/25)
A50: ROSETTE DE LYON (50TR) BKE 500G | B50: BRAKE | E50: =G50/50 -> 0.2006 | G50: 10.03 | H50: =D50*G50 -> 0 | I50: 4 | P50: =IF(C50=100,G50/4,IF(C50=150,G50/6,IF(C50=70,G50/2.8,""))) | Q50: =IF(P50="","",P50/25)
A51: ROTI DE BŒUF"MACR./TT"CUIT S/V 2,25KG | B51: BRAKE | F51: =G51/2250 -> 0.0051555556 | G51: 11.6 | H51: =D51*G51 -> 0 | I51: 4 | P51: =IF(C51=100,G51/4,IF(C51=150,G51/6,IF(C51=70,G51/2.8,""))) | Q51: =IF(P51="","",P51/25)
A52: ROTI DE PORC CUIT MDG 3,9KG | B52: BRAKE | F52: =G52/3900 -> 0.0021794872 | G52: 8.5 | H52: =D52*G52 -> 0 | I52: 4 | P52: =IF(C52=100,G52/4,IF(C52=150,G52/6,IF(C52=70,G52/2.8,""))) | Q52: =IF(P52="","",P52/25)
A53: ROTI DE PORC LONGE MONTAGNE S/V 2/2,5KG | B53: BRAKE | F53: =G53/2500 -> 0.0026 | G53: 6.5 | H53: =D53*G53 -> 0 | I53: 4 | P53: =IF(C53=100,G53/4,IF(C53=150,G53/6,IF(C53=70,G53/2.8,""))) | Q53: =IF(P53="","",P53/25)
A54: ROTI ECHINE SANS OS 1KG | B54: CROIX MARAND | F54: =G54/1000 -> 0.0092 | G54: 9.2 | H54: =D54*G54 -> 0 | I54: 4 | P54: =IF(C54=100,G54/4,IF(C54=150,G54/6,IF(C54=70,G54/2.8,""))) | Q54: =IF(P54="","",P54/25)
A55: ROTI FILET SANS OS 1KG | B55: CROIX MARAND | F55: =G55/1000 -> 0.0089 | G55: 8.9 | H55: =D55*G55 -> 0 | I55: 4 | P55: =IF(C55=100,G55/4,IF(C55=150,G55/6,IF(C55=70,G55/2.8,""))) | Q55: =IF(P55="","",P55/25)
A56: SAUCISSE DE MORTEAU IGP SHe350G*3 | B56: DS Restauration | E56: =G56/3 -> 2.6 | G56: 7.8 | H56: =D56*G56 -> 0 | I56: 4 | P56: =IF(C56=100,G56/4,IF(C56=150,G56/6,IF(C56=70,G56/2.8,""))) | Q56: =IF(P56="","",P56/25)
A57: SAUCISSE FUMEE A CUIRE BN 10*125G 10ST | B57: BRAKE | E57: =G57/10 -> 0.55 | G57: 5.5 | H57: =D57*G57 -> 0 | I57: 4 | P57: =IF(C57=100,G57/4,IF(C57=150,G57/6,IF(C57=70,G57/2.8,""))) | Q57: =IF(P57="","",P57/25)
A58: SAUCISSE FUMEE E125g*12 | B58: DS Restauration | E58: =G58/12 -> 0.5125 | G58: 6.15 | H58: =D58*G58 -> 0 | I58: 4 | P58: =IF(C58=100,G58/4,IF(C58=150,G58/6,IF(C58=70,G58/2.8,""))) | Q58: =IF(P58="","",P58/25)
A59: SAUCISSE PETIT DEJ FUMEE CTE 20*25G | B59: BRAKE | E59: =G59/20 -> 0.4525 | G59: 9.05 | H59: =D59*G59 -> 0 | I59: 4 | P59: =IF(C59=100,G59/4,IF(C59=150,G59/6,IF(C59=70,G59/2.8,""))) | Q59: =IF(P59="","",P59/25)
A60: SAUCISSES AUX HERBES 1KG | B60: CROIX MARAND | F60: =G60/1000 -> 0.00965 | G60: 9.65 | H60: =D60*G60 -> 0 | I60: 4 | P60: =IF(C60=100,G60/4,IF(C60=150,G60/6,IF(C60=70,G60/2.8,""))) | Q60: =IF(P60="","",P60/25)
A61: SAUCISSON CUIT A L'AIL 50TR 500G | B61: BRAKE | E61: =G61/50 -> 0.18 | G61: 9 | H61: =D61*G61 -> 0 | I61: 4 | P61: =IF(C61=100,G61/4,IF(C61=150,G61/6,IF(C61=70,G61/2.8,""))) | Q61: =IF(P61="","",P61/25)
A62: Saucisson sec | B62: BRAKE | G62: 5.99 | H62: =D62*G62 -> 0 | I62: 4 | P62: =IF(C62=100,G62/4,IF(C62=150,G62/6,IF(C62=70,G62/2.8,""))) | Q62: =IF(P62="","",P62/25)
A63: SAUCISSON SEC PP 1K4 MENAGE ALH | B63: AUMAND | F63: =G63/1400 -> 0.0053571429 | G63: 7.5 | H63: =D63*G63 -> 0 | I63: 4 | P63: =IF(C63=100,G63/4,IF(C63=150,G63/6,IF(C63=70,G63/2.8,""))) | Q63: =IF(P63="","",P63/25)
A64: SAUTE AGNEAU S/OS 60/80G 2/2,5KG | B64: BRAKE | F64: =G64/2250 -> 0.0057733333 | G64: 12.99 | H64: =D64*G64 -> 0 | I64: 4 | P64: =IF(C64=100,G64/4,IF(C64=150,G64/6,IF(C64=70,G64/2.8,""))) | Q64: =IF(P64="","",P64/25)
A65: SAUTE DE PORC 1KG | B65: CROIX MARAND | F65: =G65/1000 -> 0.00695 | G65: 6.95 | H65: =D65*G65 -> 0 | I65: 4 | P65: =IF(C65=100,G65/4,IF(C65=150,G65/6,IF(C65=70,G65/2.8,""))) | Q65: =IF(P65="","",P65/25)
A66: SAUTE DE VEAU EP. B.CAR UEe70-90G | B66: DS Restauration | G66: 8.4 | H66: =D66*G66 -> 0 | I66: 4 | P66: =IF(C66=100,G66/4,IF(C66=150,G66/6,IF(C66=70,G66/2.8,""))) | Q66: =IF(P66="","",P66/25)
A67: STEACK HACHE BOUCHERE VBF 15% 125 | B67: DS Restauration | G67: 7.95 | H67: =D67*G67 -> 0 | I67: 4 | P67: =IF(C67=100,G67/4,IF(C67=150,G67/6,IF(C67=70,G67/2.8,""))) | Q67: =IF(P67="","",P67/25)
A68: STEAK HACHE 15% CHAROLAIS 150G | B68: AUMAND | F68: =G68/150 -> 0.057566667 | G68: 8.635 | H68: =D68*G68 -> 0 | I68: 4 | P68: =IF(C68=100,G68/4,IF(C68=150,G68/6,IF(C68=70,G68/2.8,""))) | Q68: =IF(P68="","",P68/25)
A69: STEAK HACHE ROND XXL 15% VBF 125G*8 PUIGR | B69: AUMAND | E69: =G69/8 -> 1.01875 | G69: 8.15 | H69: =D69*G69 -> 0 | I69: 4 | P69: =IF(C69=100,G69/4,IF(C69=150,G69/6,IF(C69=70,G69/2.8,""))) | Q69: =IF(P69="","",P69/25)
A70: TERRINE DE CAMPAGNE 3KG | B70: BRAKE | F70: =G70/3000 -> 0.0019966667 | G70: 5.99 | H70: =D70*G70 -> 0 | I70: 4 | P70: =IF(C70=100,G70/4,IF(C70=150,G70/6,IF(C70=70,G70/2.8,""))) | Q70: =IF(P70="","",P70/25)
A71: TRANCHE FINE POITRINE FUMEE 500 | B71: DS Restauration | F71: =G71/500 -> 0.016 | G71: 8 | H71: =D71*G71 -> 0 | I71: 4 | P71: =IF(C71=100,G71/4,IF(C71=150,G71/6,IF(C71=70,G71/2.8,""))) | Q71: =IF(P71="","",P71/25)
A72: TRAVERS DE PORC 0,7/1,6KG France S/VX 4ST | B72: BRAKE | F72: =G72/1150 -> 0.0052086957 | G72: 5.99 | H72: =D72*G72 -> 0 | I72: 4 | P72: =IF(C72=100,G72/4,IF(C72=150,G72/6,IF(C72=70,G72/2.8,""))) | Q72: =IF(P72="","",P72/25)
A73: TRAVERS DE PORC FRS A/OS e.1.2/1.9 | B73: DS Restauration | F73: =G73/1550 -> 0.0038064516 | G73: 5.9 | H73: =D73*G73 -> 0 | I73: 4 | P73: =IF(C73=100,G73/4,IF(C73=150,G73/6,IF(C73=70,G73/2.8,""))) | Q73: =IF(P73="","",P73/25)
A74: TRAVERS NATURE 1KG | B74: CROIX MARAND | F74: =G74/1000 -> 0.0058 | G74: 5.8 | H74: =D74*G74 -> 0 | I74: 4 | P74: =IF(C74=100,G74/4,IF(C74=150,G74/6,IF(C74=70,G74/2.8,""))) | Q74: =IF(P74="","",P74/25)
A75: Viande hachée | B75: BRAKE | H75: =D75*G75 -> 0 | I75: 4 | J75: =IF(C75=100,M75/4,IF(C75=150,K75/6,"")) | K75: =IF(C75=150,G75*I75-G75,"") | L75: =IF(C75=70,G75*I75-G75,"") | M75: =IF(C75=100,G75*I75-G75,"") | N75: =H75*I75-H75 -> 0 | O75: =IF(C75=100,(M75+G75)/4,IF(C75=150,(K75+G75)/6,IF(C75=70,(L75+G75)/2.8,""))) | P75: =IF(C75=100,G75/4,IF(C75=150,G75/6,IF(C75=70,G75/2.8,""))) | Q75: =IF(P75="","",P75/25)
A76: VIANDES MAIGRE TARTARE RACE CHAROLAIS 2KG | B76: BRAKE | F76: =G76/2000 -> 0.005475 | G76: 10.95 | H76: =D76*G76 -> 0 | I76: 4 | P76: =IF(C76=100,G76/4,IF(C76=150,G76/6,IF(C76=70,G76/2.8,""))) | Q76: =IF(P76="","",P76/25)
A77: 1K5 EFFILOCHE CANARD CONFIT RO | B77: PROMOCASH | F77: =G77/1500 -> 0.013806667 | G77: 20.71 | H77: =D77*G77 -> 0 | I77: 4 | J77: =IF(C77=100,M77/4,IF(C77=150,K77/6,"")) | K77: =IF(C77=150,G77*I77-G77,"") | L77: =IF(C77=70,G77*I77-G77,"") | M77: =IF(C77=100,G77*I77-G77,"") | N77: =H77*I77-H77 -> 0 | O77: =IF(C77=100,(M77+G77)/4,IF(C77=150,(K77+G77)/6,IF(C77=70,(L77+G77)/2.8,""))) | P77: =IF(C77=100,G77/4,IF(C77=150,G77/6,IF(C77=70,G77/2.8,""))) | Q77: =IF(P77="","",P77/25)
A78: 250G MAGRET CANARD FUMEE TRAN. EQR | B78: PROMOCASH | F78: =G78/250 -> 0.02664 | G78: 6.66 | H78: =D78*G78 -> 0 | I78: 4 | J78: =IF(C78=100,M78/4,IF(C78=150,K78/6,"")) | K78: =IF(C78=150,G78*I78-G78,"") | L78: =IF(C78=70,G78*I78-G78,"") | M78: =IF(C78=100,G78*I78-G78,"") | N78: =H78*I78-H78 -> 0 | O78: =IF(C78=100,(M78+G78)/4,IF(C78=150,(K78+G78)/6,IF(C78=70,(L78+G78)/2.8,""))) | P78: =IF(C78=100,G78/4,IF(C78=150,G78/6,IF(C78=70,G78/2.8,""))) | Q78: =IF(P78="","",P78/25)
A79: 2K5 FILET POULET S/V Belgique | B79: PROMOCASH | F79: =G79/2500 -> 0.007092 | G79: 17.73 | H79: =D79*G79 -> 0 | I79: 4 | J79: =IF(C79=100,M79/4,IF(C79=150,K79/6,"")) | K79: =IF(C79=150,G79*I79-G79,"") | L79: =IF(C79=70,G79*I79-G79,"") | M79: =IF(C79=100,G79*I79-G79,"") | N79: =H79*I79-H79 -> 0 | O79: =IF(C79=100,(M79+G79)/4,IF(C79=150,(K79+G79)/6,IF(C79=70,(L79+G79)/2.8,""))) | P79: =IF(C79=100,G79/4,IF(C79=150,G79/6,IF(C79=70,G79/2.8,""))) | Q79: =IF(P79="","",P79/25)
A80: Confit de canard | B80: BRAKE | H80: =D80*G80 -> 0 | I80: 4 | J80: =IF(C80=100,M80/4,IF(C80=150,K80/6,"")) | K80: =IF(C80=150,G80*I80-G80,"") | L80: =IF(C80=70,G80*I80-G80,"") | M80: =IF(C80=100,G80*I80-G80,"") | N80: =H80*I80-H80 -> 0 | O80: =IF(C80=100,(M80+G80)/4,IF(C80=150,(K80+G80)/6,IF(C80=70,(L80+G80)/2.8,""))) | P80: =IF(C80=100,G80/4,IF(C80=150,G80/6,IF(C80=70,G80/2.8,""))) | Q80: =IF(P80="","",P80/25)
A81: CUISSE CANETTE BARBARIE DEJ. 170/220 5KG | B81: BRAKE | F81: =G81/5000 -> 0.0013 | G81: 6.5 | H81: =D81*G81 -> 0 | I81: 4 | J81: =IF(C81=100,M81/4,IF(C81=150,K81/6,"")) | K81: =IF(C81=150,G81*I81-G81,"") | L81: =IF(C81=70,G81*I81-G81,"") | M81: =IF(C81=100,G81*I81-G81,"") | N81: =H81*I81-H81 -> 0 | O81: =IF(C81=100,(M81+G81)/4,IF(C81=150,(K81+G81)/6,IF(C81=70,(L81+G81)/2.8,""))) | P81: =IF(C81=100,G81/4,IF(C81=150,G81/6,IF(C81=70,G81/2.8,""))) | Q81: =IF(P81="","",P81/25)
A82: CUISSE DE POULET DEJ JAUNE IQF 200/240G 5KG | B82: BRAKE | F82: =G82/5000 -> 0.000798 | G82: 3.99 | H82: =D82*G82 -> 0 | I82: 4 | J82: =IF(C82=100,M82/4,IF(C82=150,K82/6,"")) | K82: =IF(C82=150,G82*I82-G82,"") | L82: =IF(C82=70,G82*I82-G82,"") | M82: =IF(C82=100,G82*I82-G82,"") | N82: =H82*I82-H82 -> 0 | O82: =IF(C82=100,(M82+G82)/4,IF(C82=150,(K82+G82)/6,IF(C82=70,(L82+G82)/2.8,""))) | P82: =IF(C82=100,G82/4,IF(C82=150,G82/6,IF(C82=70,G82/2.8,""))) | Q82: =IF(P82="","",P82/25)
A83: CUISSE DE POULET DEJ. S/V220/240G | B83: DS Restauration | G83: 3.25 | H83: =D83*G83 -> 0 | I83: 4 | J83: =IF(C83=100,M83/4,IF(C83=150,K83/6,"")) | K83: =IF(C83=150,G83*I83-G83,"") | L83: =IF(C83=70,G83*I83-G83,"") | M83: =IF(C83=100,G83*I83-G83,"") | N83: =H83*I83-H83 -> 0 | O83: =IF(C83=100,(M83+G83)/4,IF(C83=150,(K83+G83)/6,IF(C83=70,(L83+G83)/2.8,""))) | P83: =IF(C83=100,G83/4,IF(C83=150,G83/6,IF(C83=70,G83/2.8,""))) | Q83: =IF(P83="","",P83/25)
A84: CUISSE DE POULET DEJOINTE 10*220/240G 2ST | B84: BRAKE | E84: =G84/10 -> 0.399 | G84: 3.99 | H84: =D84*G84 -> 0 | I84: 4 | J84: =IF(C84=100,M84/4,IF(C84=150,K84/6,"")) | K84: =IF(C84=150,G84*I84-G84,"") | L84: =IF(C84=70,G84*I84-G84,"") | M84: =IF(C84=100,G84*I84-G84,"") | N84: =H84*I84-H84 -> 0 | O84: =IF(C84=100,(M84+G84)/4,IF(C84=150,(K84+G84)/6,IF(C84=70,(L84+G84)/2.8,""))) | P84: =IF(C84=100,G84/4,IF(C84=150,G84/6,IF(C84=70,G84/2.8,""))) | Q84: =IF(P84="","",P84/25)
A85: EFFILOCHE CANARD CONFIT 2KG | B85: DS Restauration | F85: =G85/2000 -> 0.005 | G85: 10 | H85: =D85*G85 -> 0 | I85: 4 | J85: =IF(C85=100,M85/4,IF(C85=150,K85/6,"")) | K85: =IF(C85=150,G85*I85-G85,"") | L85: =IF(C85=70,G85*I85-G85,"") | M85: =IF(C85=100,G85*I85-G85,"") | N85: =H85*I85-H85 -> 0 | O85: =IF(C85=100,(M85+G85)/4,IF(C85=150,(K85+G85)/6,IF(C85=70,(L85+G85)/2.8,""))) | P85: =IF(C85=100,G85/4,IF(C85=150,G85/6,IF(C85=70,G85/2.8,""))) | Q85: =IF(P85="","",P85/25)
A86: EMINCE BLANQUETTE DINDE ST 2,5KG*2 | B86: BRAKE | F86: =G86/2500 -> 0.0027 | G86: 6.75 | H86: =D86*G86 -> 0 | I86: 4 | J86: =IF(C86=100,M86/4,IF(C86=150,K86/6,"")) | K86: =IF(C86=150,G86*I86-G86,"") | L86: =IF(C86=70,G86*I86-G86,"") | M86: =IF(C86=100,G86*I86-G86,"") | N86: =H86*I86-H86 -> 0 | O86: =IF(C86=100,(M86+G86)/4,IF(C86=150,(K86+G86)/6,IF(C86=70,(L86+G86)/2.8,""))) | P86: =IF(C86=100,G86/4,IF(C86=150,G86/6,IF(C86=70,G86/2.8,""))) | Q86: =IF(P86="","",P86/25)
A87: EMINCE ROUGE CUISSE DINDE SP 2K5 GASTRO | B87: AUMAND | F87: =G87/2500 -> 0.002076 | G87: 5.19 | H87: =D87*G87 -> 0 | I87: 4 | J87: =IF(C87=100,M87/4,IF(C87=150,K87/6,"")) | K87: =IF(C87=150,G87*I87-G87,"") | L87: =IF(C87=70,G87*I87-G87,"") | M87: =IF(C87=100,G87*I87-G87,"") | N87: =H87*I87-H87 -> 0 | O87: =IF(C87=100,(M87+G87)/4,IF(C87=150,(K87+G87)/6,IF(C87=70,(L87+G87)/2.8,""))) | P87: =IF(C87=100,G87/4,IF(C87=150,G87/6,IF(C87=70,G87/2.8,""))) | Q87: =IF(P87="","",P87/25)
A88: FAUX FILET RACE SIMMENTAL | B88: BRAKE | G88: 10.99 | H88: =D88*G88 -> 0 | I88: 4 | J88: =IF(C88=100,M88/4,IF(C88=150,K88/6,"")) | K88: =IF(C88=150,G88*I88-G88,"") | L88: =IF(C88=70,G88*I88-G88,"") | M88: =IF(C88=100,G88*I88-G88,"") | N88: =H88*I88-H88 -> 0 | O88: =IF(C88=100,(M88+G88)/4,IF(C88=150,(K88+G88)/6,IF(C88=70,(L88+G88)/2.8,""))) | P88: =IF(C88=100,G88/4,IF(C88=150,G88/6,IF(C88=70,G88/2.8,""))) | Q88: =IF(P88="","",P88/25)
A89: FILET DE POULET BLC UE S/V e2 5KG | B89: DS Restauration | F89: =G89/2500 -> 0.0026 | G89: 6.5 | H89: =D89*G89 -> 0 | I89: 4 | J89: =IF(C89=100,M89/4,IF(C89=150,K89/6,"")) | K89: =IF(C89=150,G89*I89-G89,"") | L89: =IF(C89=70,G89*I89-G89,"") | M89: =IF(C89=100,G89*I89-G89,"") | N89: =H89*I89-H89 -> 0 | O89: =IF(C89=100,(M89+G89)/4,IF(C89=150,(K89+G89)/6,IF(C89=70,(L89+G89)/2.8,""))) | P89: =IF(C89=100,G89/4,IF(C89=150,G89/6,IF(C89=70,G89/2.8,""))) | Q89: =IF(P89="","",P89/25)
A90: FILET POULET JAUNE SP 140/160G GASTRO | B90: AUMAND | G90: 5.5 | H90: =D90*G90 -> 0 | I90: 4 | J90: =IF(C90=100,M90/4,IF(C90=150,K90/6,"")) | K90: =IF(C90=150,G90*I90-G90,"") | L90: =IF(C90=70,G90*I90-G90,"") | M90: =IF(C90=100,G90*I90-G90,"") | N90: =H90*I90-H90 -> 0 | O90: =IF(C90=100,(M90+G90)/4,IF(C90=150,(K90+G90)/6,IF(C90=70,(L90+G90)/2.8,""))) | P90: =IF(C90=100,G90/4,IF(C90=150,G90/6,IF(C90=70,G90/2.8,""))) | Q90: =IF(P90="","",P90/25)
A91: FOIE DE POULET ST 1KG | B91: DS Restauration | F91: =G91/1000 -> 0.0024 | G91: 2.4 | H91: =D91*G91 -> 0 | I91: 4 | J91: =IF(C91=100,M91/4,IF(C91=150,K91/6,"")) | K91: =IF(C91=150,G91*I91-G91,"") | L91: =IF(C91=70,G91*I91-G91,"") | M91: =IF(C91=100,G91*I91-G91,"") | N91: =H91*I91-H91 -> 0 | O91: =IF(C91=100,(M91+G91)/4,IF(C91=150,(K91+G91)/6,IF(C91=70,(L91+G91)/2.8,""))) | P91: =IF(C91=100,G91/4,IF(C91=150,G91/6,IF(C91=70,G91/2.8,""))) | Q91: =IF(P91="","",P91/25)
A92: Foie de volaille | H92: =D92*G92 -> 0 | I92: 4 | J92: =IF(C92=100,M92/4,IF(C92=150,K92/6,"")) | K92: =IF(C92=150,G92*I92-G92,"") | L92: =IF(C92=70,G92*I92-G92,"") | M92: =IF(C92=100,G92*I92-G92,"") | N92: =H92*I92-H92 -> 0 | O92: =IF(C92=100,(M92+G92)/4,IF(C92=150,(K92+G92)/6,IF(C92=70,(L92+G92)/2.8,""))) | P92: =IF(C92=100,G92/4,IF(C92=150,G92/6,IF(C92=70,G92/2.8,""))) | Q92: =IF(P92="","",P92/25)
A93: FOIE POULET 1K GASTRONOME | B93: AUMAND | F93: =G93/1000 -> 0.00249 | G93: 2.49 | H93: =D93*G93 -> 0 | I93: 4 | J93: =IF(C93=100,M93/4,IF(C93=150,K93/6,"")) | K93: =IF(C93=150,G93*I93-G93,"") | L93: =IF(C93=70,G93*I93-G93,"") | M93: =IF(C93=100,G93*I93-G93,"") | N93: =H93*I93-H93 -> 0 | O93: =IF(C93=100,(M93+G93)/4,IF(C93=150,(K93+G93)/6,IF(C93=70,(L93+G93)/2.8,""))) | P93: =IF(C93=100,G93/4,IF(C93=150,G93/6,IF(C93=70,G93/2.8,""))) | Q93: =IF(P93="","",P93/25)
A94: JAMBONETTE POULET CONFIT 100G PROVOL | B94: AUMAND | F94: =G94/100 -> 0.054 | G94: 5.4 | H94: =D94*G94 -> 0 | I94: 4 | J94: =IF(C94=100,M94/4,IF(C94=150,K94/6,"")) | K94: =IF(C94=150,G94*I94-G94,"") | L94: =IF(C94=70,G94*I94-G94,"") | M94: =IF(C94=100,G94*I94-G94,"") | N94: =H94*I94-H94 -> 0 | O94: =IF(C94=100,(M94+G94)/4,IF(C94=150,(K94+G94)/6,IF(C94=70,(L94+G94)/2.8,""))) | P94: =IF(C94=100,G94/4,IF(C94=150,G94/6,IF(C94=70,G94/2.8,""))) | Q94: =IF(P94="","",P94/25)
A95: KG ESCALOPE FG CAN 25/40 SUR.R | B95: PROMOCASH | F95: =G95/1000 -> 0.0385 | G95: 38.5 | H95: =D95*G95 -> 0 | I95: 4 | J95: =IF(C95=100,M95/4,IF(C95=150,K95/6,"")) | K95: =IF(C95=150,G95*I95-G95,"") | L95: =IF(C95=70,G95*I95-G95,"") | M95: =IF(C95=100,G95*I95-G95,"") | N95: =H95*I95-H95 -> 0 | O95: =IF(C95=100,(M95+G95)/4,IF(C95=150,(K95+G95)/6,IF(C95=70,(L95+G95)/2.8,""))) | P95: =IF(C95=100,G95/4,IF(C95=150,G95/6,IF(C95=70,G95/2.8,""))) | Q95: =IF(P95="","",P95/25)
A96: KG FOIE DE DINDE S/V | B96: PROMOCASH | F96: =G96/1000 -> 0.00206 | G96: 2.06 | H96: =D96*G96 -> 0 | I96: 4 | J96: =IF(C96=100,M96/4,IF(C96=150,K96/6,"")) | K96: =IF(C96=150,G96*I96-G96,"") | L96: =IF(C96=70,G96*I96-G96,"") | M96: =IF(C96=100,G96*I96-G96,"") | N96: =H96*I96-H96 -> 0 | O96: =IF(C96=100,(M96+G96)/4,IF(C96=150,(K96+G96)/6,IF(C96=70,(L96+G96)/2.8,""))) | P96: =IF(C96=100,G96/4,IF(C96=150,G96/6,IF(C96=70,G96/2.8,""))) | Q96: =IF(P96="","",P96/25)
A97: KG MAGRET CANARD FRAIS France ROU | B97: PROMOCASH | F97: =G97/1000 -> 0.011 | G97: 11 | H97: =D97*G97 -> 0 | I97: 4 | J97: =IF(C97=100,M97/4,IF(C97=150,K97/6,"")) | K97: =IF(C97=150,G97*I97-G97,"") | L97: =IF(C97=70,G97*I97-G97,"") | M97: =IF(C97=100,G97*I97-G97,"") | N97: =H97*I97-H97 -> 0 | O97: =IF(C97=100,(M97+G97)/4,IF(C97=150,(K97+G97)/6,IF(C97=70,(L97+G97)/2.8,""))) | P97: =IF(C97=100,G97/4,IF(C97=150,G97/6,IF(C97=70,G97/2.8,""))) | Q97: =IF(P97="","",P97/25)
A98: KG MAGRET CANARD FUMEE ENT SV ROUG | B98: PROMOCASH | F98: =G98/1000 -> 0.02348 | G98: 23.48 | H98: =D98*G98 -> 0 | I98: 4 | J98: =IF(C98=100,M98/4,IF(C98=150,K98/6,"")) | K98: =IF(C98=150,G98*I98-G98,"") | L98: =IF(C98=70,G98*I98-G98,"") | M98: =IF(C98=100,G98*I98-G98,"") | N98: =H98*I98-H98 -> 0 | O98: =IF(C98=100,(M98+G98)/4,IF(C98=150,(K98+G98)/6,IF(C98=70,(L98+G98)/2.8,""))) | P98: =IF(C98=100,G98/4,IF(C98=150,G98/6,IF(C98=70,G98/2.8,""))) | Q98: =IF(P98="","",P98/25)
A99: Magret de canard fumée tranché | H99: =D99*G99 -> 0 | I99: 4 | J99: =IF(C99=100,M99/4,IF(C99=150,K99/6,"")) | K99: =IF(C99=150,G99*I99-G99,"") | L99: =IF(C99=70,G99*I99-G99,"") | M99: =IF(C99=100,G99*I99-G99,"") | N99: =H99*I99-H99 -> 0 | O99: =IF(C99=100,(M99+G99)/4,IF(C99=150,(K99+G99)/6,IF(C99=70,(L99+G99)/2.8,""))) | P99: =IF(C99=100,G99/4,IF(C99=150,G99/6,IF(C99=70,G99/2.8,""))) | Q99: =IF(P99="","",P99/25)
A100: Magret de canard tranchée | H100: =D100*G100 -> 0 | I100: 4 | J100: =IF(C100=100,M100/4,IF(C100=150,K100/6,"")) | K100: =IF(C100=150,G100*I100-G100,"") | L100: =IF(C100=70,G100*I100-G100,"") | M100: =IF(C100=100,G100*I100-G100,"") | N100: =H100*I100-H100 -> 0 | O100: =IF(C100=100,(M100+G100)/4,IF(C100=150,(K100+G100)/6,IF(C100=70,(L100+G100)/2.8,""))) | P100: =IF(C100=100,G100/4,IF(C100=150,G100/6,IF(C100=70,G100/2.8,""))) | Q100: =IF(P100="","",P100/25)
...

Sheet Poisonnerie
A1: Poissons | B1: Fournisseurs | C1: Quantité en kg | D1: Quantité | E1: Prix/gramme | F1: P.U HT | G1: Prix total | H1: Taux marge | M1: Marge total | N1: Prix de revente minimum | P1: Coût/kg
A2: 1KG CREVETTE ENT.CRU 20/30 ASI | B2: PROMOCASH | E2: =F2/1000 -> 0.01562 | F2: 15.62 | G2: =D2*F2 -> 0 | H2: 4 | O2: =IF(C2=100,F2/4,IF(C2=150,F2/6,IF(C2=70,F2/2.8,""))) | P2: =IF(O2="","",O2/25)
A3: 1KG DOS CABILLAUD 160/200 ESPA | B3: PROMOCASH | E3: =F3/1000 -> 0.00888 | F3: 8.88 | G3: =D3*F3 -> 0 | H3: 4 | O3: =IF(C3=100,F3/4,IF(C3=150,F3/6,IF(C3=70,F3/2.8,""))) | P3: =IF(O3="","",O3/25)
A4: 1KG FILET HARENG FUME DX E.CUI | B4: PROMOCASH | E4: =F4/1000 -> 0.0074 | F4: 7.4 | G4: =D4*F4 -> 0 | H4: 4 | O4: =IF(C4=100,F4/4,IF(C4=150,F4/6,IF(C4=70,F4/2.8,""))) | P4: =IF(O4="","",O4/25)
A5: 1KG NOIX DE ST JACQ 10/20 S/C USA | B5: PROMOCASH | E5: =F5/1000 -> 0.02812 | F5: 28.12 | G5: =D5*F5 -> 0 | H5: 4 | O5: =IF(C5=100,F5/4,IF(C5=150,F5/6,IF(C5=70,F5/2.8,""))) | P5: =IF(O5="","",O5/25)
A6: 4/4 THON ALBACORE FURIC | B6: PROMOCASH | E6: =F6/800 -> 0.013325 | F6: 10.66 | G6: =D6*F6 -> 0 | H6: 4 | O6: =IF(C6=100,F6/4,IF(C6=150,F6/6,IF(C6=70,F6/2.8,""))) | P6: =IF(O6="","",O6/25)
A7: 500G TRANCHETTE SAUMON FUME KR | B7: PROMOCASH | E7: =F7/500 -> 0.01424 | F7: 7.12 | G7: =D7*F7 -> 0 | H7: 4 | O7: =IF(C7=100,F7/4,IF(C7=150,F7/6,IF(C7=70,F7/2.8,""))) | P7: =IF(O7="","",O7/25)
A8: 630G FUMET POISSON PREMIUM CHEF | B8: PROMOCASH | E8: =F8/630 -> 0.029 | F8: 18.27 | G8: =D8*F8 -> 0 | H8: 4 | O8: =IF(C8=100,F8/4,IF(C8=150,F8/6,IF(C8=70,F8/2.8,""))) | P8: =IF(O8="","",O8/25)
A9: 800G CREVETTE ENT.CRU 26/30 VITENAM | B9: PROMOCASH | E9: =F9/800 -> 0.015 | F9: 12 | G9: =D9*F9 -> 0 | H9: 4 | O9: =IF(C9=100,F9/4,IF(C9=150,F9/6,IF(C9=70,F9/2.8,""))) | P9: =IF(O9="","",O9/25)
A10: BRANDADE DE MORUE 37% BKE 2KG | B10: BRAKE | E10: =F10/2000 -> 0.0029 | F10: 5.8 | G10: =D10*F10 -> 0 | H10: 4 | I10: =IF(C10=100,L10/4,IF(C10=150,J10/6,"")) | J10: =IF(C10=150,F10*H10-F10,"") | K10: =IF(C10=70,F10*H10-F10,"") | L10: =IF(C10=100,F10*H10-F10,"") | M10: =G10*H10-G10 -> 0 | N10: =IF(C10=100,(L10+F10)/4,IF(C10=150,(J10+F10)/6,IF(C10=70,(K10+F10)/2.8,""))) | O10: =IF(C10=100,F10/4,IF(C10=150,F10/6,IF(C10=70,F10/2.8,""))) | P10: =IF(O10="","",O10/25)
A11: BROCHETTE CREVETTES BKE 78,5G CT 3,3KG | B11: BRAKE | E11: =F11/3300 -> 0.00036363636 | F11: 1.2 | G11: =D11*F11 -> 0 | H11: 4 | I11: =IF(C11=100,L11/4,IF(C11=150,J11/6,"")) | J11: =IF(C11=150,F11*H11-F11,"") | K11: =IF(C11=70,F11*H11-F11,"") | L11: =IF(C11=100,F11*H11-F11,"") | M11: =G11*H11-G11 -> 0 | N11: =IF(C11=100,(L11+F11)/4,IF(C11=150,(J11+F11)/6,IF(C11=70,(K11+F11)/2.8,""))) | O11: =IF(C11=100,F11/4,IF(C11=150,F11/6,IF(C11=70,F11/2.8,""))) | P11: =IF(O11="","",O11/25)
A12: CREVETTE DECO DEVEI.CRUE 800G | B12: BRAKE | E12: =F12/800 -> 0.0173125 | F12: 13.85 | G12: =D12*F12 -> 0 | H12: 4 | I12: =IF(C12=100,L12/4,IF(C12=150,J12/6,"")) | J12: =IF(C12=150,F12*H12-F12,"") | K12: =IF(C12=70,F12*H12-F12,"") | L12: =IF(C12=100,F12*H12-F12,"") | M12: =G12*H12-G12 -> 0 | N12: =IF(C12=100,(L12+F12)/4,IF(C12=150,(J12+F12)/6,IF(C12=70,(K12+F12)/2.8,""))) | O12: =IF(C12=100,F12/4,IF(C12=150,F12/6,IF(C12=70,F12/2.8,""))) | P12: =IF(O12="","",O12/25)
A13: DORADE CORYPHENE 8/15 SENEGAL | B13: MERICQ | F13: 13.2 | G13: =D13*F13 -> 0 | H13: 4 | O13: =IF(C13=100,F13/4,IF(C13=150,F13/6,IF(C13=70,F13/2.8,""))) | P13: =IF(O13="","",O13/25)
A14: DORADE GRISE "QMC PF" 5/800 | B14: MERICQ | F14: 8.5 | G14: =D14*F14 -> 0 | H14: 4 | I14: =IF(C14=100,L14/4,IF(C14=150,J14/6,"")) | J14: =IF(C14=150,F14*H14-F14,"") | K14: =IF(C14=70,F14*H14-F14,"") | L14: =IF(C14=100,F14*H14-F14,"") | M14: =G14*H14-G14 -> 0 | N14: =IF(C14=100,(L14+F14)/4,IF(C14=150,(J14+F14)/6,IF(C14=70,(K14+F14)/2.8,""))) | O14: =IF(C14=100,F14/4,IF(C14=150,F14/6,IF(C14=70,F14/2.8,""))) | P14: =IF(O14="","",O14/25)
A15: DORADE GRISE 2/300 C/3 | B15: MERICQ | F15: 6.29 | G15: =D15*F15 -> 0 | H15: 4 | I15: =IF(C15=100,L15/4,IF(C15=150,J15/6,"")) | J15: =IF(C15=150,F15*H15-F15,"") | K15: =IF(C15=70,F15*H15-F15,"") | L15: =IF(C15=100,F15*H15-F15,"") | M15: =G15*H15-G15 -> 0 | N15: =IF(C15=100,(L15+F15)/4,IF(C15=150,(J15+F15)/6,IF(C15=70,(K15+F15)/2.8,""))) | O15: =IF(C15=100,F15/4,IF(C15=150,F15/6,IF(C15=70,F15/2.8,""))) | P15: =IF(O15="","",O15/25)
A16: DOS CABILLAUD A/PEAU 170/190G | B16: DS Restauration | F16: 9.9 | G16: =D16*F16 -> 0 | H16: 4 | I16: =IF(C16=100,L16/4,IF(C16=150,J16/6,"")) | J16: =IF(C16=150,F16*H16-F16,"") | K16: =IF(C16=70,F16*H16-F16,"") | L16: =IF(C16=100,F16*H16-F16,"") | M16: =G16*H16-G16 -> 0 | N16: =IF(C16=100,(L16+F16)/4,IF(C16=150,(J16+F16)/6,IF(C16=70,(K16+F16)/2.8,""))) | O16: =IF(C16=100,F16/4,IF(C16=150,F16/6,IF(C16=70,F16/2.8,""))) | P16: =IF(O16="","",O16/25)
A17: FILET DAUR.ROY.ELV 100/150 AVP | B17: MERICQ | F17: 14.29 | G17: =D17*F17 -> 0 | H17: 4 | I17: =IF(C17=100,L17/4,IF(C17=150,J17/6,"")) | J17: =IF(C17=150,F17*H17-F17,"") | K17: =IF(C17=70,F17*H17-F17,"") | L17: =IF(C17=100,F17*H17-F17,"") | M17: =G17*H17-G17 -> 0 | N17: =IF(C17=100,(L17+F17)/4,IF(C17=150,(J17+F17)/6,IF(C17=70,(K17+F17)/2.8,""))) | O17: =IF(C17=100,F17/4,IF(C17=150,F17/6,IF(C17=70,F17/2.8,""))) | P17: =IF(O17="","",O17/25)
A18: FILET LOTTE PECH. 400/800G 5KG | B18: BRAKE | E18: =F18/5000 -> 0.004012 | F18: 20.06 | G18: =D18*F18 -> 0 | H18: 4 | I18: =IF(C18=100,L18/4,IF(C18=150,J18/6,"")) | J18: =IF(C18=150,F18*H18-F18,"") | K18: =IF(C18=70,F18*H18-F18,"") | L18: =IF(C18=100,F18*H18-F18,"") | M18: =G18*H18-G18 -> 0 | N18: =IF(C18=100,(L18+F18)/4,IF(C18=150,(J18+F18)/6,IF(C18=70,(K18+F18)/2.8,""))) | O18: =IF(C18=100,F18/4,IF(C18=150,F18/6,IF(C18=70,F18/2.8,""))) | P18: =IF(O18="","",O18/25)
A19: FILET SAUMON ATL.S.SALAR 1,8KG | B19: BRAKE | E19: =F19/1800 -> 0.0049722222 | F19: 8.95 | G19: =D19*F19 -> 0 | H19: 4 | I19: =IF(C19=100,L19/4,IF(C19=150,J19/6,"")) | J19: =IF(C19=150,F19*H19-F19,"") | K19: =IF(C19=70,F19*H19-F19,"") | L19: =IF(C19=100,F19*H19-F19,"") | M19: =G19*H19-G19 -> 0 | N19: =IF(C19=100,(L19+F19)/4,IF(C19=150,(J19+F19)/6,IF(C19=70,(K19+F19)/2.8,""))) | O19: =IF(C19=100,F19/4,IF(C19=150,F19/6,IF(C19=70,F19/2.8,""))) | P19: =IF(O19="","",O19/25)
A20: FILET SAUMON FRAIS A/P 1,2/1,9 | B20: DS Restauration | E20: =F20/1550 -> 0.0083225806 | F20: 12.9 | G20: =D20*F20 -> 0 | H20: 4 | I20: =IF(C20=100,L20/4,IF(C20=150,J20/6,"")) | J20: =IF(C20=150,F20*H20-F20,"") | K20: =IF(C20=70,F20*H20-F20,"") | L20: =IF(C20=100,F20*H20-F20,"") | M20: =G20*H20-G20 -> 0 | N20: =IF(C20=100,(L20+F20)/4,IF(C20=150,(J20+F20)/6,IF(C20=70,(K20+F20)/2.8,""))) | O20: =IF(C20=100,F20/4,IF(C20=150,F20/6,IF(C20=70,F20/2.8,""))) | P20: =IF(O20="","",O20/25)
A21: FLT IMP SAUMON NORV 1,5/2,5 TRIM B | B21: MERICQ | E21: =F21/2000 -> 0.005295 | F21: 10.59 | G21: =D21*F21 -> 0 | H21: 4 | I21: =IF(C21=100,L21/4,IF(C21=150,J21/6,"")) | J21: =IF(C21=150,F21*H21-F21,"") | K21: =IF(C21=70,F21*H21-F21,"") | L21: =IF(C21=100,F21*H21-F21,"") | M21: =G21*H21-G21 -> 0 | N21: =IF(C21=100,(L21+F21)/4,IF(C21=150,(J21+F21)/6,IF(C21=70,(K21+F21)/2.8,""))) | O21: =IF(C21=100,F21/4,IF(C21=150,F21/6,IF(C21=70,F21/2.8,""))) | P21: =IF(O21="","",O21/25)
A22: FT SAUMON TD 1,3/1,9 *12KG | B22: TERREAZUR | E22: =F22/12000 -> 0.0009125 | F22: 10.95 | G22: =D22*F22 -> 0 | H22: 4 | O22: =IF(C22=100,F22/4,IF(C22=150,F22/6,IF(C22=70,F22/2.8,""))) | P22: =IF(O22="","",O22/25)
A23: FT SAUMON TD 2/2,6 *12KG | B23: TERREAZUR | E23: =F23/12000 -> 0.0009125 | F23: 10.95 | G23: =D23*F23 -> 0 | H23: 4 | O23: =IF(C23=100,F23/4,IF(C23=150,F23/6,IF(C23=70,F23/2.8,""))) | P23: =IF(O23="","",O23/25)
A24: HOMARD AM DECORTIQUE CRU 113/142G 2KG | B24: BRAKE | E24: =F24/2000 -> 0.044 | F24: 88 | G24: =D24*F24 -> 0 | H24: 4 | I24: =IF(C24=100,L24/4,IF(C24=150,J24/6,"")) | J24: =IF(C24=150,F24*H24-F24,"") | K24: =IF(C24=70,F24*H24-F24,"") | L24: =IF(C24=100,F24*H24-F24,"") | M24: =G24*H24-G24 -> 0 | N24: =IF(C24=100,(L24+F24)/4,IF(C24=150,(J24+F24)/6,IF(C24=70,(K24+F24)/2.8,""))) | O24: =IF(C24=100,F24/4,IF(C24=150,F24/6,IF(C24=70,F24/2.8,""))) | P24: =IF(O24="","",O24/25)
A25: KG FIL.SAUMON 1K2+NORVEGE *2 | B25: PROMOCASH | E25: =F25/1200 -> 0.010475 | F25: 12.57 | G25: =D25*F25 -> 0 | H25: 4 | O25: =IF(C25=100,F25/4,IF(C25=150,F25/6,IF(C25=70,F25/2.8,""))) | P25: =IF(O25="","",O25/25)
A26: LANGOUSTINE 30/40 5COT *3K | B26: TERREAZUR | E26: =F26/3000 -> 0.0033166667 | F26: 9.95 | G26: =D26*F26 -> 0 | H26: 4 | O26: =IF(C26=100,F26/4,IF(C26=150,F26/6,IF(C26=70,F26/2.8,""))) | P26: =IF(O26="","",O26/25)
A27: LANGOUSTINE ENT. CRUE BKE 30/40 1KG | B27: BRAKE | E27: =F27/1000 -> 0.012 | F27: 12 | G27: =D27*F27 -> 0 | H27: 4 | I27: =IF(C27=100,L27/4,IF(C27=150,J27/6,"")) | J27: =IF(C27=150,F27*H27-F27,"") | K27: =IF(C27=70,F27*H27-F27,"") | L27: =IF(C27=100,F27*H27-F27,"") | M27: =G27*H27-G27 -> 0 | N27: =IF(C27=100,(L27+F27)/4,IF(C27=150,(J27+F27)/6,IF(C27=70,(K27+F27)/2.8,""))) | O27: =IF(C27=100,F27/4,IF(C27=150,F27/6,IF(C27=70,F27/2.8,""))) | P27: =IF(O27="","",O27/25)
A28: LONGE DE THON ALBACORE 2/2,5KG | B28: DS Restauration | G28: =D28*F28 -> 0 | H28: 4 | I28: =IF(C28=100,L28/4,IF(C28=150,J28/6,"")) | J28: =IF(C28=150,F28*H28-F28,"") | K28: =IF(C28=70,F28*H28-F28,"") | L28: =IF(C28=100,F28*H28-F28,"") | M28: =G28*H28-G28 -> 0 | N28: =IF(C28=100,(L28+F28)/4,IF(C28=150,(J28+F28)/6,IF(C28=70,(K28+F28)/2.8,""))) | O28: =IF(C28=100,F28/4,IF(C28=150,F28/6,IF(C28=70,F28/2.8,""))) | P28: =IF(O28="","",O28/25)
A29: LONGE THON ALBAC.SASH DECONG. 3/5KG 1P | B29: BRAKE | E29: =F29/4000 -> 0.004975 | F29: 19.9 | G29: =D29*F29 -> 0 | H29: 4 | I29: =IF(C29=100,L29/4,IF(C29=150,J29/6,"")) | J29: =IF(C29=150,F29*H29-F29,"") | K29: =IF(C29=70,F29*H29-F29,"") | L29: =IF(C29=100,F29*H29-F29,"") | M29: =G29*H29-G29 -> 0 | N29: =IF(C29=100,(L29+F29)/4,IF(C29=150,(J29+F29)/6,IF(C29=70,(K29+F29)/2.8,""))) | O29: =IF(C29=100,F29/4,IF(C29=150,F29/6,IF(C29=70,F29/2.8,""))) | P29: =IF(O29="","",O29/25)
A30: LONGE THON S/PEAU 2/2,,5 KG*2 | B30: BRAKE | E30: =F30/2250 -> 0.0049066667 | F30: 11.04 | G30: =D30*F30 -> 0 | H30: 4 | I30: =IF(C30=100,L30/4,IF(C30=150,J30/6,"")) | J30: =IF(C30=150,F30*H30-F30,"") | K30: =IF(C30=70,F30*H30-F30,"") | L30: =IF(C30=100,F30*H30-F30,"") | M30: =G30*H30-G30 -> 0 | N30: =IF(C30=100,(L30+F30)/4,IF(C30=150,(J30+F30)/6,IF(C30=70,(K30+F30)/2.8,""))) | O30: =IF(C30=100,F30/4,IF(C30=150,F30/6,IF(C30=70,F30/2.8,""))) | P30: =IF(O30="","",O30/25)
A31: MAIGRE "QMC PF" 2/5 | B31: MERICQ | F31: 14 | G31: =D31*F31 -> 0 | H31: 4 | I31: =IF(C31=100,L31/4,IF(C31=150,J31/6,"")) | J31: =IF(C31=150,F31*H31-F31,"") | K31: =IF(C31=70,F31*H31-F31,"") | L31: =IF(C31=100,F31*H31-F31,"") | M31: =G31*H31-G31 -> 0 | N31: =IF(C31=100,(L31+F31)/4,IF(C31=150,(J31+F31)/6,IF(C31=70,(K31+F31)/2.8,""))) | O31: =IF(C31=100,F31/4,IF(C31=150,F31/6,IF(C31=70,F31/2.8,""))) | P31: =IF(O31="","",O31/25)
A32: MERLU LA ROCHELLE 2,5/+ VIDE | B32: MERICQ | F32: 6.9 | G32: =D32*F32 -> 0 | H32: 4 | I32: =IF(C32=100,L32/4,IF(C32=150,J32/6,"")) | J32: =IF(C32=150,F32*H32-F32,"") | K32: =IF(C32=70,F32*H32-F32,"") | L32: =IF(C32=100,F32*H32-F32,"") | M32: =G32*H32-G32 -> 0 | N32: =IF(C32=100,(L32+F32)/4,IF(C32=150,(J32+F32)/6,IF(C32=70,(K32+F32)/2.8,""))) | O32: =IF(C32=100,F32/4,IF(C32=150,F32/6,IF(C32=70,F32/2.8,""))) | P32: =IF(O32="","",O32/25)
A33: NOIX DE ST JACQUES S/C CLEARWA 10/20/LBS 1KG | B33: BRAKE | E33: =F33/1000 -> 0.036 | F33: 36 | G33: =D33*F33 -> 0 | H33: 4 | I33: =IF(C33=100,L33/4,IF(C33=150,J33/6,"")) | J33: =IF(C33=150,F33*H33-F33,"") | K33: =IF(C33=70,F33*H33-F33,"") | L33: =IF(C33=100,F33*H33-F33,"") | M33: =G33*H33-G33 -> 0 | N33: =IF(C33=100,(L33+F33)/4,IF(C33=150,(J33+F33)/6,IF(C33=70,(K33+F33)/2.8,""))) | O33: =IF(C33=100,F33/4,IF(C33=150,F33/6,IF(C33=70,F33/2.8,""))) | P33: =IF(O33="","",O33/25)
A34: NOIX ST JACQUES S/MER CAN S/C10-20LB | B34: DS Restauration | F34: 30 | G34: =D34*F34 -> 0 | H34: 4 | I34: =IF(C34=100,L34/4,IF(C34=150,J34/6,"")) | J34: =IF(C34=150,F34*H34-F34,"") | K34: =IF(C34=70,F34*H34-F34,"") | L34: =IF(C34=100,F34*H34-F34,"") | M34: =G34*H34-G34 -> 0 | N34: =IF(C34=100,(L34+F34)/4,IF(C34=150,(J34+F34)/6,IF(C34=70,(K34+F34)/2.8,""))) | O34: =IF(C34=100,F34/4,IF(C34=150,F34/6,IF(C34=70,F34/2.8,""))) | P34: =IF(O34="","",O34/25)
A35: PAVE CABILLAUD A/P QSA 180G CT 3,6KG | B35: BRAKE | E35: =F35/3600 -> 0.002775 | F35: 9.99 | G35: =D35*F35 -> 0 | H35: 4 | I35: =IF(C35=100,L35/4,IF(C35=150,J35/6,"")) | J35: =IF(C35=150,F35*H35-F35,"") | K35: =IF(C35=70,F35*H35-F35,"") | L35: =IF(C35=100,F35*H35-F35,"") | M35: =G35*H35-G35 -> 0 | N35: =IF(C35=100,(L35+F35)/4,IF(C35=150,(J35+F35)/6,IF(C35=70,(K35+F35)/2.8,""))) | O35: =IF(C35=100,F35/4,IF(C35=150,F35/6,IF(C35=70,F35/2.8,""))) | P35: =IF(O35="","",O35/25)
A36: PAVEE DE SAUMON FUMEE FICELLE 800G 6PC*5ST | B36: BRAKE | E36: =F36/800 -> 0.0437375 | F36: 34.99 | G36: =D36*F36 -> 0 | H36: 4 | I36: =IF(C36=100,L36/4,IF(C36=150,J36/6,"")) | J36: =IF(C36=150,F36*H36-F36,"") | K36: =IF(C36=70,F36*H36-F36,"") | L36: =IF(C36=100,F36*H36-F36,"") | M36: =G36*H36-G36 -> 0 | N36: =IF(C36=100,(L36+F36)/4,IF(C36=150,(J36+F36)/6,IF(C36=70,(K36+F36)/2.8,""))) | O36: =IF(C36=100,F36/4,IF(C36=150,F36/6,IF(C36=70,F36/2.8,""))) | P36: =IF(O36="","",O36/25)
A37: PAVEE SAUMON ATL.A/P QSA 150G 20PCENV 3KG | B37: BRAKE | E37: =F37/3000 -> 0.0039966667 | F37: 11.99 | G37: =D37*F37 -> 0 | H37: 4 | I37: =IF(C37=100,L37/4,IF(C37=150,J37/6,"")) | J37: =IF(C37=150,F37*H37-F37,"") | K37: =IF(C37=70,F37*H37-F37,"") | L37: =IF(C37=100,F37*H37-F37,"") | M37: =G37*H37-G37 -> 0 | N37: =IF(C37=100,(L37+F37)/4,IF(C37=150,(J37+F37)/6,IF(C37=70,(K37+F37)/2.8,""))) | O37: =IF(C37=100,F37/4,IF(C37=150,F37/6,IF(C37=70,F37/2.8,""))) | P37: =IF(O37="","",O37/25)
A38: ROUGET 100/200 COTE OPALE | B38: MERICQ | F38: 5.29 | G38: =D38*F38 -> 0 | H38: 4 | I38: =IF(C38=100,L38/4,IF(C38=150,J38/6,"")) | J38: =IF(C38=150,F38*H38-F38,"") | K38: =IF(C38=70,F38*H38-F38,"") | L38: =IF(C38=100,F38*H38-F38,"") | M38: =G38*H38-G38 -> 0 | N38: =IF(C38=100,(L38+F38)/4,IF(C38=150,(J38+F38)/6,IF(C38=70,(K38+F38)/2.8,""))) | O38: =IF(C38=100,F38/4,IF(C38=150,F38/6,IF(C38=70,F38/2.8,""))) | P38: =IF(O38="","",O38/25)
A39: TRANCHETTE SAUMON FUMEE DECONGELEE | B39: BRAKE | F39: 14.5 | G39: =D39*F39 -> 0 | H39: 4 | I39: =IF(C39=100,L39/4,IF(C39=150,J39/6,"")) | J39: =IF(C39=150,F39*H39-F39,"") | K39: =IF(C39=70,F39*H39-F39,"") | L39: =IF(C39=100,F39*H39-F39,"") | M39: =G39*H39-G39 -> 0 | N39: =IF(C39=100,(L39+F39)/4,IF(C39=150,(J39+F39)/6,IF(C39=70,(K39+F39)/2.8,""))) | O39: =IF(C39=100,F39/4,IF(C39=150,F39/6,IF(C39=70,F39/2.8,""))) | P39: =IF(O39="","",O39/25)
H40: 4
H41: 4
H42: 4
H43: 4
H44: 4
H45: 4
H46: 4
H47: 4
H48: 4
H49: 4
H50: 4
H51: 4
... H90: 4

Sheet BOF
A1: Pdts laitiers | B1: Fournisseurs | C1: Quantité en kg | D1: Quantité | E1: Prix/pièce | F1: Prix/grammes/cl | G1: P.U HT | H1: Prix total | I1: Taux marge | N1: Marge total | O1: Prix de revente minimum | Q1: Coût/kg
A2: 1K082 88 TRANCHE CHEDDAR FONDU | B2: PROMOCASH | F2: =G2/1082 -> 0.0071626617 | G2: 7.75 | I2: 4
A3: 1KG FROMAGE FRAIS 40% VIETTE | B3: PROMOCASH | F3: =G3/1000 -> 0.00261 | G3: 2.61 | I3: 4
A4: 1KG JAUNE D'ŒUF NATURE ABCD | B4: PROMOCASH | F4: =G4/1000 -> 0.00585 | G4: 5.85 | I4: 4
A5: 240G STE MAURE AFFINE S/F POIT | B5: PROMOCASH | F5: =G5/240 -> 0.0175 | G5: 4.2 | I5: 4
A6: 250G STE MAURE DE TOURAINE | B6: PROMOCASH | F6: =G6/250 -> 0.01656 | G6: 4.14 | I6: 4
A7: 30 ŒUF 53/63G CALIBRE MOYEN | B7: PROMOCASH | E7: =G7/30 -> 0.12533333 | G7: 3.76 | I7: 4
A8: 450G REBLOCHON LAIT.AOC 25% EC | B8: PROMOCASH | F8: =G8/450 -> 0.011088889 | G8: 4.99 | I8: 4
A9: 500G BEURRE DOUX SAVENAY | B9: PROMOCASH | F9: =G9/500 -> 0.00424 | G9: 2.12 | I9: 4
A10: 500G MASCARPONE CASA AZZURRA | B10: PROMOCASH | F10: =G10/500 -> 0.00926 | G10: 4.63 | I10: 4
A11: 500G MASCARPONE EN CUISINE | B11: PROMOCASH | F11: =G11/500 -> 0.00762 | G11: 3.81 | I11: 4
A12: 500G PARMESAN REGGIANO RAPE | B12: PROMOCASH | F12: =G12/500 -> 0.02372 | G12: 11.86 | I12: 4
A13: 6*280G STE MAURE CAPRIFEUIL S&B | B13: PROMOCASH | F13: =G13/(6*280) -> 0.020107143 | G13: 33.78 | I13: 4
A14: 60 ŒUF 53/63G CALIBRE MOYEN | B14: PROMOCASH | E14: =G14/60 -> 0.1295 | G14: 7.77 | I14: 4
A15: Beurre 1/2sel POMMERAIE. TRIB | B15: AUMAND | G15: 4.99 | H15: =D15*G15 -> 0 | I15: 4 | J15: =IF(C15=100,M15/4,IF(C15=150,K15/6,"")) | K15: =IF(C15=150,G15*I15-G15,"") | L15: =IF(C15=70,G15*I15-G15,"") | M15: =IF(C15=100,G15*I15-G15,"") | N15: =H15*I15-H15 -> 0 | O15: =IF(C15=100,(M15+G15)/4,IF(C15=150,(K15+G15)/6,IF(C15=70,(L15+G15)/2.8,""))) | P15: =IF(C15=100,G15/4,IF(C15=150,G15/6,IF(C15=70,G15/2.8,""))) | Q15: =IF(P15="","",P15/25)
A16: Beurre doux EX.POMMERAIE.TRIB | B16: AUMAND | G16: 4.99 | H16: =D16*G16 -> 0 | I16: 4 | J16: =IF(C16=100,M16/4,IF(C16=150,K16/6,"")) | K16: =IF(C16=150,G16*I16-G16,"") | L16: =IF(C16=70,G16*I16-G16,"") | M16: =IF(C16=100,G16*I16-G16,"") | N16: =H16*I16-H16 -> 0 | O16: =IF(C16=100,(M16+G16)/4,IF(C16=150,(K16+G16)/6,IF(C16=70,(L16+G16)/2.8,""))) | P16: =IF(C16=100,G16/4,IF(C16=150,G16/6,IF(C16=70,G16/2.8,""))) | Q16: =IF(P16="","",P16/25)
A17: BEURRE MICROPAIN 1/2S 10G | B17: AUMAND | G17: 5.92 | H17: =D17*G17 -> 0 | I17: 4 | J17: =IF(C17=100,M17/4,IF(C17=150,K17/6,"")) | K17: =IF(C17=150,G17*I17-G17,"") | L17: =IF(C17=70,G17*I17-G17,"") | M17: =IF(C17=100,G17*I17-G17,"") | N17: =H17*I17-H17 -> 0 | O17: =IF(C17=100,(M17+G17)/4,IF(C17=150,(K17+G17)/6,IF(C17=70,(L17+G17)/2.8,""))) | P17: =IF(C17=100,G17/4,IF(C17=150,G17/6,IF(C17=70,G17/2.8,""))) | Q17: =IF(P17="","",P17/25)
A18: BLANC ŒUF LIQUIDE 1K OVIPAC | B18: AUMAND | F18: =G18/1000 -> 0.00329 | G18: 3.29 | H18: =D18*G18 -> 0 | I18: 4 | J18: =IF(C18=100,M18/4,IF(C18=150,K18/6,"")) | K18: =IF(C18=150,G18*I18-G18,"") | L18: =IF(C18=70,G18*I18-G18,"") | M18: =IF(C18=100,G18*I18-G18,"") | N18: =H18*I18-H18 -> 0 | O18: =IF(C18=100,(M18+G18)/4,IF(C18=150,(K18+G18)/6,IF(C18=70,(L18+G18)/2.8,""))) | P18: =IF(C18=100,G18/4,IF(C18=150,G18/6,IF(C18=70,G18/2.8,""))) | Q18: =IF(P18="","",P18/25)
A19: BOUCHEE CAMEMBERT BKE 1KG 6ST | B19: BRAKE | F19: =G19/1000 -> 0.0105 | G19: 10.5 | I19: 4
A20: BRICK 1L CREME UHT 30% BAIGNES | B20: PROMOCASH | F20: =G20/100 -> 0.0219 | G20: 2.19 | I20: 4
A21: BRIE DE MAUX AOP 22% | B21: BRAKE | G21: 13 | H21: =D21*G21 -> 0 | I21: 4 | J21: =IF(C21=100,M21/4,IF(C21=150,K21/6,"")) | K21: =IF(C21=150,G21*I21-G21,"") | L21: =IF(C21=70,G21*I21-G21,"") | M21: =IF(C21=100,G21*I21-G21,"") | N21: =H21*I21-H21 -> 0 | O21: =IF(C21=100,(M21+G21)/4,IF(C21=150,(K21+G21)/6,IF(C21=70,(L21+G21)/2.8,""))) | P21: =IF(C21=100,G21/4,IF(C21=150,G21/6,IF(C21=70,G21/2.8,""))) | Q21: =IF(P21="","",P21/25)
A22: CHEDDAR FONDU 25% | B22: AUMAND | G22: 9.59 | H22: =D22*G22 -> 0 | I22: 4 | J22: =IF(C22=100,M22/4,IF(C22=150,K22/6,"")) | K22: =IF(C22=150,G22*I22-G22,"") | L22: =IF(C22=70,G22*I22-G22,"") | M22: =IF(C22=100,G22*I22-G22,"") | N22: =H22*I22-H22 -> 0 | O22: =IF(C22=100,(M22+G22)/4,IF(C22=150,(K22+G22)/6,IF(C22=70,(L22+G22)/2.8,""))) | P22: =IF(C22=100,G22/4,IF(C22=150,G22/6,IF(C22=70,G22/2.8,""))) | Q22: =IF(P22="","",P22/25)
A23: CHEVRE LONG CENDRE 280G BOCAIN | B23: AUMAND | F23: =G23/280 -> 0.013928571 | G23: 3.9 | H23: =D23*G23 -> 0 | I23: 4 | J23: =IF(C23=100,M23/4,IF(C23=150,K23/6,"")) | K23: =IF(C23=150,G23*I23-G23,"") | L23: =IF(C23=70,G23*I23-G23,"") | M23: =IF(C23=100,G23*I23-G23,"") | N23: =H23*I23-H23 -> 0 | O23: =IF(C23=100,(M23+G23)/4,IF(C23=150,(K23+G23)/6,IF(C23=70,(L23+G23)/2.8,""))) | P23: =IF(C23=100,G23/4,IF(C23=150,G23/6,IF(C23=70,G23/2.8,""))) | Q23: =IF(P23="","",P23/25)
A24: CHEVRE LONG FRAIS 280G BOCAIN | B24: AUMAND | F24: =G24/280 -> 0 | H24: =D24*G24 -> 0 | I24: 4 | J24: =IF(C24=100,M24/4,IF(C24=150,K24/6,"")) | K24: =IF(C24=150,G24*I24-G24,"") | L24: =IF(C24=70,G24*I24-G24,"") | M24: =IF(C24=100,G24*I24-G24,"") | N24: =H24*I24-H24 -> 0 | O24: =IF(C24=100,(M24+G24)/4,IF(C24=150,(K24+G24)/6,IF(C24=70,(L24+G24)/2.8,""))) | P24: =IF(C24=100,G24/4,IF(C24=150,G24/6,IF(C24=70,G24/2.8,""))) | Q24: =IF(P24="","",P24/25)
A25: COMTE 32TR BAGUETTE 29% 480G ENTR. | B25: AUMAND | F25: =G25/480 -> 0.013541667 | G25: 6.5 | H25: =D25*G25 -> 0 | I25: 4 | J25: =IF(C25=100,M25/4,IF(C25=150,K25/6,"")) | K25: =IF(C25=150,G25*I25-G25,"") | L25: =IF(C25=70,G25*I25-G25,"") | M25: =IF(C25=100,G25*I25-G25,"") | N25: =H25*I25-H25 -> 0 | O25: =IF(C25=100,(M25+G25)/4,IF(C25=150,(K25+G25)/6,IF(C25=70,(L25+G25)/2.8,""))) | P25: =IF(C25=100,G25/4,IF(C25=150,G25/6,IF(C25=70,G25/2.8,""))) | Q25: =IF(P25="","",P25/25)
A26: COMTE B.VERTE 35% 14M MIN 2-3KG | B26: BRAKE | F26: =G26/2500 -> 0.0068 | G26: 17 | H26: =D26*G26 -> 0 | I26: 4 | J26: =IF(C26=100,M26/4,IF(C26=150,K26/6,"")) | K26: =IF(C26=150,G26*I26-G26,"") | L26: =IF(C26=70,G26*I26-G26,"") | M26: =IF(C26=100,G26*I26-G26,"") | N26: =H26*I26-H26 -> 0 | O26: =IF(C26=100,(M26+G26)/4,IF(C26=150,(K26+G26)/6,IF(C26=70,(L26+G26)/2.8,""))) | P26: =IF(C26=100,G26/4,IF(C26=150,G26/6,IF(C26=70,G26/2.8,""))) | Q26: =IF(P26="","",P26/25)
A27: COMTE BLOC 45% 2K5 ENTREMONT | B27: AUMAND | F27: =G27/2500 -> 0.004996 | G27: 12.49 | I27: 4
A28: CREAM CHEESE 25,5% 1K E&V | B28: BRAKE | F28: =G28/1000 -> 0.00895 | G28: 8.95 | H28: =D28*G28 -> 0 | I28: 4 | J28: =IF(C28=100,M28/4,IF(C28=150,K28/6,"")) | K28: =IF(C28=150,G28*I28-G28,"") | L28: =IF(C28=70,G28*I28-G28,"") | M28: =IF(C28=100,G28*I28-G28,"") | N28: =H28*I28-H28 -> 0 | O28: =IF(C28=100,(M28+G28)/4,IF(C28=150,(K28+G28)/6,IF(C28=70,(L28+G28)/2.8,""))) | P28: =IF(C28=100,G28/4,IF(C28=150,G28/6,IF(C28=70,G28/2.8,""))) | Q28: =IF(P28="","",P28/25)
A29: CREME MASCARPONE 35% 500G P.INT | B29: AUMAND | F29: =G29/500 -> 0.00678 | G29: 3.39 | I29: 4
A30: Crème UHT 34% VAL DE SAIRE | B30: AUMAND | G30: 2.95 | H30: =D30*G30 -> 0 | I30: 4 | J30: =IF(C30=100,M30/4,IF(C30=150,K30/6,"")) | K30: =IF(C30=150,G30*I30-G30,"") | L30: =IF(C30=70,G30*I30-G30,"") | M30: =IF(C30=100,G30*I30-G30,"") | N30: =H30*I30-H30 -> 0 | O30: =IF(C30=100,(M30+G30)/4,IF(C30=150,(K30+G30)/6,IF(C30=70,(L30+G30)/2.8,""))) | P30: =IF(C30=100,G30/4,IF(C30=150,G30/6,IF(C30=70,G30/2.8,""))) | Q30: =IF(P30="","",P30/25)
A31: EMMENTAL RAPEE 45% | B31: AUMAND | G31: 5.89 | H31: =D31*G31 -> 0 | I31: 4 | J31: =IF(C31=100,M31/4,IF(C31=150,K31/6,"")) | K31: =IF(C31=150,G31*I31-G31,"") | L31: =IF(C31=70,G31*I31-G31,"") | M31: =IF(C31=100,G31*I31-G31,"") | N31: =H31*I31-H31 -> 0 | O31: =IF(C31=100,(M31+G31)/4,IF(C31=150,(K31+G31)/6,IF(C31=70,(L31+G31)/2.8,""))) | P31: =IF(C31=100,G31/4,IF(C31=150,G31/6,IF(C31=70,G31/2.8,""))) | Q31: =IF(P31="","",P31/25)
A32: FOURME D'AMBERT AOP 27% | B32: BRAKE | G32: 9.6 | H32: =D32*G32 -> 0 | I32: 4 | J32: =IF(C32=100,M32/4,IF(C32=150,K32/6,"")) | K32: =IF(C32=150,G32*I32-G32,"") | L32: =IF(C32=70,G32*I32-G32,"") | M32: =IF(C32=100,G32*I32-G32,"") | N32: =H32*I32-H32 -> 0 | O32: =IF(C32=100,(M32+G32)/4,IF(C32=150,(K32+G32)/6,IF(C32=70,(L32+G32)/2.8,""))) | P32: =IF(C32=100,G32/4,IF(C32=150,G32/6,IF(C32=70,G32/2.8,""))) | Q32: =IF(P32="","",P32/25)
A33: FROMAGE BLANC LISSE | B33: BRAKE | G33: 2 | I33: 4
A34: Fromage frais batttu MONTEBOURG | B34: AUMAND | G34: 2.69 | H34: =D34*G34 -> 0 | I34: 4 | J34: =IF(C34=100,M34/4,IF(C34=150,K34/6,"")) | K34: =IF(C34=150,G34*I34-G34,"") | L34: =IF(C34=70,G34*I34-G34,"") | M34: =IF(C34=100,G34*I34-G34,"") | N34: =H34*I34-H34 -> 0 | O34: =IF(C34=100,(M34+G34)/4,IF(C34=150,(K34+G34)/6,IF(C34=70,(L34+G34)/2.8,""))) | P34: =IF(C34=100,G34/4,IF(C34=150,G34/6,IF(C34=70,G34/2.8,""))) | Q34: =IF(P34="","",P34/25)
A35: FROMMAGE DE CHEVRE FRAIS 8% | B35: BRAKE | G35: 19.5 | I35: 4
A36: JAUNE ŒUF LIQUIDE 1K OVIPAC | B36: AUMAND | F36: =G36/1000 -> 0.00599 | G36: 5.99 | H36: =D36*G36 -> 0 | I36: 4 | J36: =IF(C36=100,M36/4,IF(C36=150,K36/6,"")) | K36: =IF(C36=150,G36*I36-G36,"") | L36: =IF(C36=70,G36*I36-G36,"") | M36: =IF(C36=100,G36*I36-G36,"") | N36: =H36*I36-H36 -> 0 | O36: =IF(C36=100,(M36+G36)/4,IF(C36=150,(K36+G36)/6,IF(C36=70,(L36+G36)/2.8,""))) | P36: =IF(C36=100,G36/4,IF(C36=150,G36/6,IF(C36=70,G36/2.8,""))) | Q36: =IF(P36="","",P36/25)
A37: KG COMTE BLOC 35%MG AOP E.CUIS | B37: PROMOCASH | F37: =G37/1000 -> 0.01171 | G37: 11.71 | I37: 4
A38: LAIT DE COCO 400G | B38: BRAKE | F38: =G38/400 -> 0.0045 | G38: 1.8 | I38: 4
A39: LAIT UHT 1/2 ECREME 1L | B39: AUMAND | F39: =G39/100 -> 0.0067 | G39: 0.67 | H39: =D39*G39 -> 0 | I39: 4 | J39: =IF(C39=100,M39/4,IF(C39=150,K39/6,"")) | K39: =IF(C39=150,G39*I39-G39,"") | L39: =IF(C39=70,G39*I39-G39,"") | M39: =IF(C39=100,G39*I39-G39,"") | N39: =H39*I39-H39 -> 0 | O39: =IF(C39=100,(M39+G39)/4,IF(C39=150,(K39+G39)/6,IF(C39=70,(L39+G39)/2.8,""))) | P39: =IF(C39=100,G39/4,IF(C39=150,G39/6,IF(C39=70,G39/2.8,""))) | Q39: =IF(P39="","",P39/25)
A40: LEERDAMMER FONDU 18% 1K | B40: AUMAND | F40: =G40/1000 -> 0.00865 | G40: 8.65 | H40: =D40*G40 -> 0 | I40: 4 | J40: =IF(C40=100,M40/4,IF(C40=150,K40/6,"")) | K40: =IF(C40=150,G40*I40-G40,"") | L40: =IF(C40=70,G40*I40-G40,"") | M40: =IF(C40=100,G40*I40-G40,"") | N40: =H40*I40-H40 -> 0 | O40: =IF(C40=100,(M40+G40)/4,IF(C40=150,(K40+G40)/6,IF(C40=70,(L40+G40)/2.8,""))) | P40: =IF(C40=100,G40/4,IF(C40=150,G40/6,IF(C40=70,G40/2.8,""))) | Q40: =IF(P40="","",P40/25)
A41: MOZARELLA BOUL.LATTE.BUFFALA 24% 125G | B41: AUMAND | F41: =G41/125 -> 0.01488 | G41: 1.86 | H41: =D41*G41 -> 0 | I41: 4 | J41: =IF(C41=100,M41/4,IF(C41=150,K41/6,"")) | K41: =IF(C41=150,G41*I41-G41,"") | L41: =IF(C41=70,G41*I41-G41,"") | M41: =IF(C41=100,G41*I41-G41,"") | N41: =H41*I41-H41 -> 0 | O41: =IF(C41=100,(M41+G41)/4,IF(C41=150,(K41+G41)/6,IF(C41=70,(L41+G41)/2.8,""))) | P41: =IF(C41=100,G41/4,IF(C41=150,G41/6,IF(C41=70,G41/2.8,""))) | Q41: =IF(P41="","",P41/25)
A42: MOZARELLA DE BUFFLONE 24% 125G | B42: BRAKE | F42: =G42/125 -> 0.03936 | G42: 4.92 | H42: =D42*G42 -> 0 | I42: 4 | J42: =IF(C42=100,M42/4,IF(C42=150,K42/6,"")) | K42: =IF(C42=150,G42*I42-G42,"") | L42: =IF(C42=70,G42*I42-G42,"") | M42: =IF(C42=100,G42*I42-G42,"") | N42: =H42*I42-H42 -> 0 | O42: =IF(C42=100,(M42+G42)/4,IF(C42=150,(K42+G42)/6,IF(C42=70,(L42+G42)/2.8,""))) | P42: =IF(C42=100,G42/4,IF(C42=150,G42/6,IF(C42=70,G42/2.8,""))) | Q42: =IF(P42="","",P42/25)
A43: MOZARELLA STICK BKE 1KG 6ST | B43: BRAKE | F43: =G43/1000 -> 0.011 | G43: 11 | I43: 4
A44: ŒUF KIT P.AIR +73TG PAMPR O | B44: AUMAND | G44: 0.207 | H44: =D44*G44 -> 0 | I44: 4 | J44: =IF(C44=100,M44/4,IF(C44=150,K44/6,"")) | K44: =IF(C44=150,G44*I44-G44,"") | L44: =IF(C44=70,G44*I44-G44,"") | M44: =IF(C44=100,G44*I44-G44,"") | N44: =H44*I44-H44 -> 0 | O44: =IF(C44=100,(M44+G44)/4,IF(C44=150,(K44+G44)/6,IF(C44=70,(L44+G44)/2.8,""))) | P44: =IF(C44=100,G44/4,IF(C44=150,G44/6,IF(C44=70,G44/2.8,""))) | Q44: =IF(P44="","",P44/25)
A45: OEUFVRAC 63/73 GESLIN | B45: AUMAND | G45: 0.109 | H45: =D45*G45 -> 0 | I45: 4 | J45: =IF(C45=100,M45/4,IF(C45=150,K45/6,"")) | K45: =IF(C45=150,G45*I45-G45,"") | L45: =IF(C45=70,G45*I45-G45,"") | M45: =IF(C45=100,G45*I45-G45,"") | N45: =H45*I45-H45 -> 0 | O45: =IF(C45=100,(M45+G45)/4,IF(C45=150,(K45+G45)/6,IF(C45=70,(L45+G45)/2.8,""))) | P45: =IF(C45=100,G45/4,IF(C45=150,G45/6,IF(C45=70,G45/2.8,""))) | Q45: =IF(P45="","",P45/25)
A46: PARMIGIANNO REGG.RAPEE FRAIS 500G | B46: AUMAND | F46: =G46/500 -> 0.0179 | G46: 8.95 | H46: =D46*G46 -> 0 | I46: 4 | J46: =IF(C46=100,M46/4,IF(C46=150,K46/6,"")) | K46: =IF(C46=150,G46*I46-G46,"") | L46: =IF(C46=70,G46*I46-G46,"") | M46: =IF(C46=100,G46*I46-G46,"") | N46: =H46*I46-H46 -> 0 | O46: =IF(C46=100,(M46+G46)/4,IF(C46=150,(K46+G46)/6,IF(C46=70,(L46+G46)/2.8,""))) | P46: =IF(C46=100,G46/4,IF(C46=150,G46/6,IF(C46=70,G46/2.8,""))) | Q46: =IF(P46="","",P46/25)
A47: REBLOCHON FRUIT. AOP 22% 450G CONUS | B47: AUMAND | F47: =G47/450 -> 0.018888889 | G47: 8.5 | H47: =D47*G47 -> 0 | I47: 4 | J47: =IF(C47=100,M47/4,IF(C47=150,K47/6,"")) | K47: =IF(C47=150,G47*I47-G47,"") | L47: =IF(C47=70,G47*I47-G47,"") | M47: =IF(C47=100,G47*I47-G47,"") | N47: =H47*I47-H47 -> 0 | O47: =IF(C47=100,(M47+G47)/4,IF(C47=150,(K47+G47)/6,IF(C47=70,(L47+G47)/2.8,""))) | P47: =IF(C47=100,G47/4,IF(C47=150,G47/6,IF(C47=70,G47/2.8,""))) | Q47: =IF(P47="","",P47/25)
A48: SAINTE MAURE DE TOURMALINE AOP 250G | B48: BRAKE | F48: =G48/250 -> 0.0196 | G48: 4.9 | I48: 4
A49: TARTARE AUX COUTEAUX CHAROL 180G*2 4ST | B49: BRAKE | F49: =G49/360 -> 0.038055556 | G49: 13.7 | I49: 4
A50: TOST'O CHEVRE 40% 750G SOIGNON | B50: BRAKE | F50: =G50/750 -> 0.013266667 | G50: 9.95 | H50: =D50*G50 -> 0 | I50: 4 | J50: =IF(C50=100,M50/4,IF(C50=150,K50/6,"")) | K50: =IF(C50=150,G50*I50-G50,"") | L50: =IF(C50=70,G50*I50-G50,"") | M50: =IF(C50=100,G50*I50-G50,"") | N50: =H50*I50-H50 -> 0 | O50: =IF(C50=100,(M50+G50)/4,IF(C50=150,(K50+G50)/6,IF(C50=70,(L50+G50)/2.8,""))) | P50: =IF(C50=100,G50/4,IF(C50=150,G50/6,IF(C50=70,G50/2.8,""))) | Q50: =IF(P50="","",P50/25)
I51: 4
I52: 4
I53: 4
I54: 4
I55: 4
I56: 4
I57: 4
I58: 4
I59: 4
I60: 4
I61: 4
I62: 4
... I99: 4

Sheet Desserts
A1: Fruits | B1: Fournisseurs | C1: Quantité en kg | D1: Quantité | E1: Prix/gramme | F1: P.U HT | G1: Prix total | H1: Taux marge | M1: Marge total | N1: Prix de revente minimum | P1: Coût/kg
A2: 1KG PUREE DE FRAISE FRUITS DELICE | B2: PROMOCASH | E2: =F2/1000 -> 0.00835 | F2: 8.35 | G2: =D2*F2 -> 0 | H2: 4 | I2: =IF(C2=100,L2/4,IF(C2=150,J2/6,"")) | J2: =IF(C2=150,F2*H2-F2,"") | K2: =IF(C2=70,F2*H2-F2,"") | L2: =IF(C2=100,F2*H2-F2,"") | M2: =G2*H2-G2 -> 0 | N2: =IF(C2=100,(L2+F2)/4,IF(C2=150,(J2+F2)/6,IF(C2=70,(K2+F2)/2.8,""))) | O2: =IF(C2=100,F2/4,IF(C2=150,F2/6,IF(C2=70,F2/2.8,""))) | P2: =IF(O2="","",O2/25)
A3: 1KG PUREE MANGUE FRUITS DELICE | B3: PROMOCASH | E3: =F3/1000 -> 0.00829 | F3: 8.29 | G3: =D3*F3 -> 0 | H3: 4 | I3: =IF(C3=100,L3/4,IF(C3=150,J3/6,"")) | J3: =IF(C3=150,F3*H3-F3,"") | K3: =IF(C3=70,F3*H3-F3,"") | L3: =IF(C3=100,F3*H3-F3,"") | M3: =G3*H3-G3 -> 0 | N3: =IF(C3=100,(L3+F3)/4,IF(C3=150,(J3+F3)/6,IF(C3=70,(K3+F3)/2.8,""))) | O3: =IF(C3=100,F3/4,IF(C3=150,F3/6,IF(C3=70,F3/2.8,""))) | P3: =IF(O3="","",O3/25)
A4: 1KG PUREE PASSION FRUITS DELICE | B4: PROMOCASH | E4: =F4/1000 -> 0.00824 | F4: 8.24 | G4: =D4*F4 -> 0 | H4: 4 | I4: =IF(C4=100,L4/4,IF(C4=150,J4/6,"")) | J4: =IF(C4=150,F4*H4-F4,"") | K4: =IF(C4=70,F4*H4-F4,"") | L4: =IF(C4=100,F4*H4-F4,"") | M4: =G4*H4-G4 -> 0 | N4: =IF(C4=100,(L4+F4)/4,IF(C4=150,(J4+F4)/6,IF(C4=70,(K4+F4)/2.8,""))) | O4: =IF(C4=100,F4/4,IF(C4=150,F4/6,IF(C4=70,F4/2.8,""))) | P4: =IF(O4="","",O4/25)
A5: 500G MIEL ACACIA DE France MEL | B5: PROMOCASH | E5: =F5/500 -> 0.01486 | F5: 7.43 | G5: =D5*F5 -> 0 | H5: 4 | I5: =IF(C5=100,L5/4,IF(C5=150,J5/6,"")) | J5: =IF(C5=150,F5*H5-F5,"") | K5: =IF(C5=70,F5*H5-F5,"") | L5: =IF(C5=100,F5*H5-F5,"") | M5: =G5*H5-G5 -> 0 | N5: =IF(C5=100,(L5+F5)/4,IF(C5=150,(J5+F5)/6,IF(C5=70,(K5+F5)/2.8,""))) | O5: =IF(C5=100,F5/4,IF(C5=150,F5/6,IF(C5=70,F5/2.8,""))) | P5: =IF(O5="","",O5/25)
A6: 5KG EXCELLENCE PIST. CACAO BARR | B6: PROMOCASH | E6: =F6/5000 -> 0.009298 | F6: 46.49 | G6: =D6*F6 -> 0 | H6: 4 | O6: =IF(C6=100,F6/4,IF(C6=150,F6/6,IF(C6=70,F6/2.8,""))) | P6: =IF(O6="","",O6/25)
A7: Biscuit tiramisu | G7: =D7*F7 -> 0 | H7: 4 | I7: =IF(C7=100,L7/4,IF(C7=150,J7/6,"")) | J7: =IF(C7=150,F7*H7-F7,"") | K7: =IF(C7=70,F7*H7-F7,"") | L7: =IF(C7=100,F7*H7-F7,"") | M7: =G7*H7-G7 -> 0 | N7: =IF(C7=100,(L7+F7)/4,IF(C7=150,(J7+F7)/6,IF(C7=70,(K7+F7)/2.8,""))) | O7: =IF(C7=100,F7/4,IF(C7=150,F7/6,IF(C7=70,F7/2.8,""))) | P7: =IF(O7="","",O7/25)
A8: CONFITURE ASSORTIES POT VERRE 30G*60 | B8: BRAKE | E8: =F8/(30*60) -> 0.013694444 | F8: 24.65 | G8: =D8*F8 -> 0 | H8: 4 | I8: =IF(C8=100,L8/4,IF(C8=150,J8/6,"")) | J8: =IF(C8=150,F8*H8-F8,"") | K8: =IF(C8=70,F8*H8-F8,"") | L8: =IF(C8=100,F8*H8-F8,"") | M8: =G8*H8-G8 -> 0 | N8: =IF(C8=100,(L8+F8)/4,IF(C8=150,(J8+F8)/6,IF(C8=70,(K8+F8)/2.8,""))) | O8: =IF(C8=100,F8/4,IF(C8=150,F8/6,IF(C8=70,F8/2.8,""))) | P8: =IF(O8="","",O8/25)
A9: COULIS ABRICOT BOUT 500G | B9: DS Restauration | E9: =F9/500 -> 0.00696 | F9: 3.48 | G9: =D9*F9 -> 0 | H9: 4 | I9: =IF(C9=100,L9/4,IF(C9=150,J9/6,"")) | J9: =IF(C9=150,F9*H9-F9,"") | K9: =IF(C9=70,F9*H9-F9,"") | L9: =IF(C9=100,F9*H9-F9,"") | M9: =G9*H9-G9 -> 0 | N9: =IF(C9=100,(L9+F9)/4,IF(C9=150,(J9+F9)/6,IF(C9=70,(K9+F9)/2.8,""))) | O9: =IF(C9=100,F9/4,IF(C9=150,F9/6,IF(C9=70,F9/2.8,""))) | P9: =IF(O9="","",O9/25)
A10: Coulis de fruits mangue-passion | G10: =D10*F10 -> 0 | H10: 4 | I10: =IF(C10=100,L10/4,IF(C10=150,J10/6,"")) | J10: =IF(C10=150,F10*H10-F10,"") | K10: =IF(C10=70,F10*H10-F10,"") | L10: =IF(C10=100,F10*H10-F10,"") | M10: =G10*H10-G10 -> 0 | N10: =IF(C10=100,(L10+F10)/4,IF(C10=150,(J10+F10)/6,IF(C10=70,(K10+F10)/2.8,""))) | O10: =IF(C10=100,F10/4,IF(C10=150,F10/6,IF(C10=70,F10/2.8,""))) | P10: =IF(O10="","",O10/25)
A11: COULIS EXOTIQUE BOUT 500G | B11: DS Restauration | E11: =F11/500 -> 0.01104 | F11: 5.52 | G11: =D11*F11 -> 0 | H11: 4 | I11: =IF(C11=100,L11/4,IF(C11=150,J11/6,"")) | J11: =IF(C11=150,F11*H11-F11,"") | K11: =IF(C11=70,F11*H11-F11,"") | L11: =IF(C11=100,F11*H11-F11,"") | M11: =G11*H11-G11 -> 0 | N11: =IF(C11=100,(L11+F11)/4,IF(C11=150,(J11+F11)/6,IF(C11=70,(K11+F11)/2.8,""))) | O11: =IF(C11=100,F11/4,IF(C11=150,F11/6,IF(C11=70,F11/2.8,""))) | P11: =IF(O11="","",O11/25)
A12: COULIS EXTRA FRAMBOISE A&M 500G 6PC | B12: BRAKE | E12: =F12/500 -> 0.01292 | F12: 6.46 | G12: =D12*F12 -> 0 | H12: 4 | I12: =IF(C12=100,L12/4,IF(C12=150,J12/6,"")) | J12: =IF(C12=150,F12*H12-F12,"") | K12: =IF(C12=70,F12*H12-F12,"") | L12: =IF(C12=100,F12*H12-F12,"") | M12: =G12*H12-G12 -> 0 | N12: =IF(C12=100,(L12+F12)/4,IF(C12=150,(J12+F12)/6,IF(C12=70,(K12+F12)/2.8,""))) | O12: =IF(C12=100,F12/4,IF(C12=150,F12/6,IF(C12=70,F12/2.8,""))) | P12: =IF(O12="","",O12/25)
A13: COULIS EXTRA FRUITS ROUGES A&M FL. SOUPL 500G | B13: BRAKE | E13: =F13/500 -> 0.0104 | F13: 5.2 | G13: =D13*F13 -> 0 | H13: 4 | I13: =IF(C13=100,L13/4,IF(C13=150,J13/6,"")) | J13: =IF(C13=150,F13*H13-F13,"") | K13: =IF(C13=70,F13*H13-F13,"") | L13: =IF(C13=100,F13*H13-F13,"") | M13: =G13*H13-G13 -> 0 | N13: =IF(C13=100,(L13+F13)/4,IF(C13=150,(J13+F13)/6,IF(C13=70,(K13+F13)/2.8,""))) | O13: =IF(C13=100,F13/4,IF(C13=150,F13/6,IF(C13=70,F13/2.8,""))) | P13: =IF(O13="","",O13/25)
A14: COULIS EXTRA POIRE FL SOUPLE 500G 6PC | B14: BRAKE | E14: =F14/500 -> 0.0079 | F14: 3.95 | G14: =D14*F14 -> 0 | H14: 4 | I14: =IF(C14=100,L14/4,IF(C14=150,J14/6,"")) | J14: =IF(C14=150,F14*H14-F14,"") | K14: =IF(C14=70,F14*H14-F14,"") | L14: =IF(C14=100,F14*H14-F14,"") | M14: =G14*H14-G14 -> 0 | N14: =IF(C14=100,(L14+F14)/4,IF(C14=150,(J14+F14)/6,IF(C14=70,(K14+F14)/2.8,""))) | O14: =IF(C14=100,F14/4,IF(C14=150,F14/6,IF(C14=70,F14/2.8,""))) | P14: =IF(O14="","",O14/25)
A15: COULIS FRAISE ROSE BOUT.500G | B15: DS Restauration | E15: =F15/500 -> 0.00956 | F15: 4.78 | G15: =D15*F15 -> 0 | H15: 4 | I15: =IF(C15=100,L15/4,IF(C15=150,J15/6,"")) | J15: =IF(C15=150,F15*H15-F15,"") | K15: =IF(C15=70,F15*H15-F15,"") | L15: =IF(C15=100,F15*H15-F15,"") | M15: =G15*H15-G15 -> 0 | N15: =IF(C15=100,(L15+F15)/4,IF(C15=150,(J15+F15)/6,IF(C15=70,(K15+F15)/2.8,""))) | O15: =IF(C15=100,F15/4,IF(C15=150,F15/6,IF(C15=70,F15/2.8,""))) | P15: =IF(O15="","",O15/25)
A16: COULIS FRAMBOISE BOUT.500G | B16: DS Restauration | E16: =F16/500 -> 0.01166 | F16: 5.83 | G16: =D16*F16 -> 0 | H16: 4 | I16: =IF(C16=100,L16/4,IF(C16=150,J16/6,"")) | J16: =IF(C16=150,F16*H16-F16,"") | K16: =IF(C16=70,F16*H16-F16,"") | L16: =IF(C16=100,F16*H16-F16,"") | M16: =G16*H16-G16 -> 0 | N16: =IF(C16=100,(L16+F16)/4,IF(C16=150,(J16+F16)/6,IF(C16=70,(K16+F16)/2.8,""))) | O16: =IF(C16=100,F16/4,IF(C16=150,F16/6,IF(C16=70,F16/2.8,""))) | P16: =IF(O16="","",O16/25)
A17: COULIS FRUITS EXOTIQUES A&M 500G | B17: BRAKE | E17: =F17/500 -> 0.0106 | F17: 5.3 | G17: =D17*F17 -> 0 | H17: 4 | I17: =IF(C17=100,L17/4,IF(C17=150,J17/6,"")) | J17: =IF(C17=150,F17*H17-F17,"") | K17: =IF(C17=70,F17*H17-F17,"") | L17: =IF(C17=100,F17*H17-F17,"") | M17: =G17*H17-G17 -> 0 | N17: =IF(C17=100,(L17+F17)/4,IF(C17=150,(J17+F17)/6,IF(C17=70,(K17+F17)/2.8,""))) | O17: =IF(C17=100,F17/4,IF(C17=150,F17/6,IF(C17=70,F17/2.8,""))) | P17: =IF(O17="","",O17/25)
A18: FLAN PATISSIER BKE 1,8KG 3PC | B18: BRAKE | E18: =F18/1800 -> 0.0039444444 | F18: 7.1 | G18: =D18*F18 -> 0 | H18: 4 | I18: =IF(C18=100,L18/4,IF(C18=150,J18/6,"")) | J18: =IF(C18=150,F18*H18-F18,"") | K18: =IF(C18=70,F18*H18-F18,"") | L18: =IF(C18=100,F18*H18-F18,"") | M18: =G18*H18-G18 -> 0 | N18: =IF(C18=100,(L18+F18)/4,IF(C18=150,(J18+F18)/6,IF(C18=70,(K18+F18)/2.8,""))) | O18: =IF(C18=100,F18/4,IF(C18=150,F18/6,IF(C18=70,F18/2.8,""))) | P18: =IF(O18="","",O18/25)
A19: FOND TARTELETTE CUIT ROND 8CM | B19: BRAKE | F19: 0.75 | G19: =D19*F19 -> 0 | H19: 4 | I19: =IF(C19=100,L19/4,IF(C19=150,J19/6,"")) | J19: =IF(C19=150,F19*H19-F19,"") | K19: =IF(C19=70,F19*H19-F19,"") | L19: =IF(C19=100,F19*H19-F19,"") | M19: =G19*H19-G19 -> 0 | N19: =IF(C19=100,(L19+F19)/4,IF(C19=150,(J19+F19)/6,IF(C19=70,(K19+F19)/2.8,""))) | O19: =IF(C19=100,F19/4,IF(C19=150,F19/6,IF(C19=70,F19/2.8,""))) | P19: =IF(O19="","",O19/25)
A20: MINI CROISS BEUR AOP PAC LUNCH 30G | B20: BRAKE | F20: 58 | G20: =D20*F20 -> 0 | H20: 4 | I20: =IF(C20=100,L20/4,IF(C20=150,J20/6,"")) | J20: =IF(C20=150,F20*H20-F20,"") | K20: =IF(C20=70,F20*H20-F20,"") | L20: =IF(C20=100,F20*H20-F20,"") | M20: =G20*H20-G20 -> 0 | N20: =IF(C20=100,(L20+F20)/4,IF(C20=150,(J20+F20)/6,IF(C20=70,(K20+F20)/2.8,""))) | O20: =IF(C20=100,F20/4,IF(C20=150,F20/6,IF(C20=70,F20/2.8,""))) | P20: =IF(O20="","",O20/25)
A21: MINI PAIN CHOC BEUR AOP PAC LUNCH | B21: BRAKE | F21: 65 | G21: =D21*F21 -> 0 | H21: 4 | I21: =IF(C21=100,L21/4,IF(C21=150,J21/6,"")) | J21: =IF(C21=150,F21*H21-F21,"") | K21: =IF(C21=70,F21*H21-F21,"") | L21: =IF(C21=100,F21*H21-F21,"") | M21: =G21*H21-G21 -> 0 | N21: =IF(C21=100,(L21+F21)/4,IF(C21=150,(J21+F21)/6,IF(C21=70,(K21+F21)/2.8,""))) | O21: =IF(C21=100,F21/4,IF(C21=150,F21/6,IF(C21=70,F21/2.8,""))) | P21: =IF(O21="","",O21/25)
A22: PAIN FRUITS "RECETTE LENOTRE" 180G | B22: BRAKE | F22: 37.41 | G22: =D22*F22 -> 0 | H22: 4 | I22: =IF(C22=100,L22/4,IF(C22=150,J22/6,"")) | J22: =IF(C22=150,F22*H22-F22,"") | K22: =IF(C22=70,F22*H22-F22,"") | L22: =IF(C22=100,F22*H22-F22,"") | M22: =G22*H22-G22 -> 0 | N22: =IF(C22=100,(L22+F22)/4,IF(C22=150,(J22+F22)/6,IF(C22=70,(K22+F22)/2.8,""))) | O22: =IF(C22=100,F22/4,IF(C22=150,F22/6,IF(C22=70,F22/2.8,""))) | P22: =IF(O22="","",O22/25)
A23: Praliné | G23: =D23*F23 -> 0 | H23: 4 | I23: =IF(C23=100,L23/4,IF(C23=150,J23/6,"")) | J23: =IF(C23=150,F23*H23-F23,"") | K23: =IF(C23=70,F23*H23-F23,"") | L23: =IF(C23=100,F23*H23-F23,"") | M23: =G23*H23-G23 -> 0 | N23: =IF(C23=100,(L23+F23)/4,IF(C23=150,(J23+F23)/6,IF(C23=70,(K23+F23)/2.8,""))) | O23: =IF(C23=100,F23/4,IF(C23=150,F23/6,IF(C23=70,F23/2.8,""))) | P23: =IF(O23="","",O23/25)
A24: PUREE DE FRAISE SUCR 15% 1KG | B24: DS Restauration | E24: =F24/1000 -> 0.00613 | F24: 6.13 | G24: =D24*F24 -> 0 | H24: 4 | I24: =IF(C24=100,L24/4,IF(C24=150,J24/6,"")) | J24: =IF(C24=150,F24*H24-F24,"") | K24: =IF(C24=70,F24*H24-F24,"") | L24: =IF(C24=100,F24*H24-F24,"") | M24: =G24*H24-G24 -> 0 | N24: =IF(C24=100,(L24+F24)/4,IF(C24=150,(J24+F24)/6,IF(C24=70,(K24+F24)/2.8,""))) | O24: =IF(C24=100,F24/4,IF(C24=150,F24/6,IF(C24=70,F24/2.8,""))) | P24: =IF(O24="","",O24/25)
A25: PUREE DE FRAMBOISE S.15% 1KG | B25: DS Restauration | E25: =F25/1000 -> 0.00818 | F25: 8.18 | G25: =D25*F25 -> 0 | H25: 4 | I25: =IF(C25=100,L25/4,IF(C25=150,J25/6,"")) | J25: =IF(C25=150,F25*H25-F25,"") | K25: =IF(C25=70,F25*H25-F25,"") | L25: =IF(C25=100,F25*H25-F25,"") | M25: =G25*H25-G25 -> 0 | N25: =IF(C25=100,(L25+F25)/4,IF(C25=150,(J25+F25)/6,IF(C25=70,(K25+F25)/2.8,""))) | O25: =IF(C25=100,F25/4,IF(C25=150,F25/6,IF(C25=70,F25/2.8,""))) | P25: =IF(O25="","",O25/25)
A26: SE 1KG PRALINE AMAN/NOIS. BARRY | B26: PROMOCASH | E26: =F26/1000 -> 0.01476 | F26: 14.76 | G26: =D26*F26 -> 0 | H26: 4
A27: SUCETTE FOIE G CHUTNEY POIRE 13G | B27: BRAKE | F27: 0.75 | G27: =D27*F27 -> 0 | H27: 4 | I27: =IF(C27=100,L27/4,IF(C27=150,J27/6,"")) | J27: =IF(C27=150,F27*H27-F27,"") | K27: =IF(C27=70,F27*H27-F27,"") | L27: =IF(C27=100,F27*H27-F27,"") | M27: =G27*H27-G27 -> 0 | N27: =IF(C27=100,(L27+F27)/4,IF(C27=150,(J27+F27)/6,IF(C27=70,(K27+F27)/2.8,""))) | O27: =IF(C27=100,F27/4,IF(C27=150,F27/6,IF(C27=70,F27/2.8,""))) | P27: =IF(O27="","",O27/25)
A28: TARTE POMMES ET NOIX 1,1KG 2PC | B28: BRAKE | E28: =F28/1100 -> 0.0060454545 | F28: 6.65 | G28: =D28*F28 -> 0 | H28: 4 | I28: =IF(C28=100,L28/4,IF(C28=150,J28/6,"")) | J28: =IF(C28=150,F28*H28-F28,"") | K28: =IF(C28=70,F28*H28-F28,"") | L28: =IF(C28=100,F28*H28-F28,"") | M28: =G28*H28-G28 -> 0 | N28: =IF(C28=100,(L28+F28)/4,IF(C28=150,(J28+F28)/6,IF(C28=70,(K28+F28)/2.8,""))) | O28: =IF(C28=100,F28/4,IF(C28=150,F28/6,IF(C28=70,F28/2.8,""))) | P28: =IF(O28="","",O28/25)
H29: 4
H30: 4
H31: 4
H32: 4
H33: 4
H34: 4
H35: 4
H36: 4
H37: 4
H38: 4
H39: 4
H40: 4
... H53: 4

Sheet Autres
A1: Autres | B1: Fournisseurs | C1: Quantité en kg | D1: Quantité | E1: Prix pièce | F1: Prix/gramme/cl | G1: P.U HT | H1: Prix total | I1: Taux marge | N1: Marge total | O1: Prix de revente minimum | Q1: Coût/kg
A2: ASSORTIMENT MINI WRAPS BKE 15G | B2: BRAKE | F2: =G2/15 -> 0.036666667 | G2: 0.55 | H2: =D2*G2 -> 0 | I2: 4 | J2: =IF(C2=100,M2/4,IF(C2=150,K2/6,"")) | K2: =IF(C2=150,G2*I2-G2,"") | L2: =IF(C2=70,G2*I2-G2,"") | M2: =IF(C2=100,G2*I2-G2,"") | N2: =H2*I2-H2 -> 0 | O2: =IF(C2=100,(M2+G2)/4,IF(C2=150,(K2+G2)/6,IF(C2=70,(L2+G2)/2.8,""))) | P2: =IF(C2=100,G2/4,IF(C2=150,G2/6,IF(C2=70,G2/2.8,""))) | Q2: =IF(P2="","",P2/25)
A3: BUTTERNUT EN CUBE 20*20 BKE 2,5KG 2ST | B3: BRAKE | F3: =G3/2500 -> 0.001144 | G3: 2.86 | H3: =D3*G3 -> 0 | I3: 4 | J3: =IF(C3=100,M3/4,IF(C3=150,K3/6,"")) | K3: =IF(C3=150,G3*I3-G3,"") | L3: =IF(C3=70,G3*I3-G3,"") | M3: =IF(C3=100,G3*I3-G3,"") | N3: =H3*I3-H3 -> 0 | O3: =IF(C3=100,(M3+G3)/4,IF(C3=150,(K3+G3)/6,IF(C3=70,(L3+G3)/2.8,""))) | P3: =IF(C3=100,G3/4,IF(C3=150,G3/6,IF(C3=70,G3/2.8,""))) | Q3: =IF(P3="","",P3/25)
A4: CAPRONS AUX VINAIGRE BT 4/4 | B4: BRAKE | F4: =G4/800 -> 0.004875 | G4: 3.9 | H4: =D4*G4 -> 0 | I4: 4 | J4: =IF(C4=100,M4/4,IF(C4=150,K4/6,"")) | K4: =IF(C4=150,G4*I4-G4,"") | L4: =IF(C4=70,G4*I4-G4,"") | M4: =IF(C4=100,G4*I4-G4,"") | N4: =H4*I4-H4 -> 0 | O4: =IF(C4=100,(M4+G4)/4,IF(C4=150,(K4+G4)/6,IF(C4=70,(L4+G4)/2.8,""))) | P4: =IF(C4=100,G4/4,IF(C4=150,G4/6,IF(C4=70,G4/2.8,""))) | Q4: =IF(P4="","",P4/25)
A5: CAVIAR D'AUBERGINE MDG 470G | B5: BRAKE | F5: =G5/470 -> 0.013914894 | G5: 6.54 | H5: =D5*G5 -> 0 | I5: 4 | J5: =IF(C5=100,M5/4,IF(C5=150,K5/6,"")) | K5: =IF(C5=150,G5*I5-G5,"") | L5: =IF(C5=70,G5*I5-G5,"") | M5: =IF(C5=100,G5*I5-G5,"") | N5: =H5*I5-H5 -> 0 | O5: =IF(C5=100,(M5+G5)/4,IF(C5=150,(K5+G5)/6,IF(C5=70,(L5+G5)/2.8,""))) | P5: =IF(C5=100,G5/4,IF(C5=150,G5/6,IF(C5=70,G5/2.8,""))) | Q5: =IF(P5="","",P5/25)
A6: CHILI CHEESE NUGGETS 1KG | B6: BRAKE | F6: =G6/1000 -> 0.0105 | G6: 10.5 | H6: =D6*G6 -> 0 | I6: 4 | J6: =IF(C6=100,M6/4,IF(C6=150,K6/6,"")) | K6: =IF(C6=150,G6*I6-G6,"") | L6: =IF(C6=70,G6*I6-G6,"") | M6: =IF(C6=100,G6*I6-G6,"") | N6: =H6*I6-H6 -> 0 | O6: =IF(C6=100,(M6+G6)/4,IF(C6=150,(K6+G6)/6,IF(C6=70,(L6+G6)/2.8,""))) | P6: =IF(C6=100,G6/4,IF(C6=150,G6/6,IF(C6=70,G6/2.8,""))) | Q6: =IF(P6="","",P6/25)
A7: DESSUS PALETTE 2/3 5VBF | B7: DS Restauration | G7: 8.5 | H7: =D7*G7 -> 0 | I7: 4 | J7: =IF(C7=100,M7/4,IF(C7=150,K7/6,"")) | K7: =IF(C7=150,G7*I7-G7,"") | L7: =IF(C7=70,G7*I7-G7,"") | M7: =IF(C7=100,G7*I7-G7,"") | N7: =H7*I7-H7 -> 0 | O7: =IF(C7=100,(M7+G7)/4,IF(C7=150,(K7+G7)/6,IF(C7=70,(L7+G7)/2.8,""))) | P7: =IF(C7=100,G7/4,IF(C7=150,G7/6,IF(C7=70,G7/2.8,""))) | Q7: =IF(P7="","",P7/25)
A8: Graisse de canard | H8: =D8*G8 -> 0 | I8: 4 | J8: =IF(C8=100,M8/4,IF(C8=150,K8/6,"")) | K8: =IF(C8=150,G8*I8-G8,"") | L8: =IF(C8=70,G8*I8-G8,"") | M8: =IF(C8=100,G8*I8-G8,"") | N8: =H8*I8-H8 -> 0 | O8: =IF(C8=100,(M8+G8)/4,IF(C8=150,(K8+G8)/6,IF(C8=70,(L8+G8)/2.8,""))) | P8: =IF(C8=100,G8/4,IF(C8=150,G8/6,IF(C8=70,G8/2.8,""))) | Q8: =IF(P8="","",P8/25)
A9: OPERA EN BANDE BKE 750G | B9: BRAKE | F9: =G9/750 -> 0.014653333 | G9: 10.99 | H9: =D9*G9 -> 0 | I9: 4 | J9: =IF(C9=100,M9/4,IF(C9=150,K9/6,"")) | K9: =IF(C9=150,G9*I9-G9,"") | L9: =IF(C9=70,G9*I9-G9,"") | M9: =IF(C9=100,G9*I9-G9,"") | N9: =H9*I9-H9 -> 0 | O9: =IF(C9=100,(M9+G9)/4,IF(C9=150,(K9+G9)/6,IF(C9=70,(L9+G9)/2.8,""))) | P9: =IF(C9=100,G9/4,IF(C9=150,G9/6,IF(C9=70,G9/2.8,""))) | Q9: =IF(P9="","",P9/25)
A10: POELEE MEDIT LEGUME GRILLEE BKE 2,5KG | B10: BRAKE | F10: =G10/2500 -> 0.0016 | G10: 4 | H10: =D10*G10 -> 0 | I10: 4 | J10: =IF(C10=100,M10/4,IF(C10=150,K10/6,"")) | K10: =IF(C10=150,G10*I10-G10,"") | L10: =IF(C10=70,G10*I10-G10,"") | M10: =IF(C10=100,G10*I10-G10,"") | N10: =H10*I10-H10 -> 0 | O10: =IF(C10=100,(M10+G10)/4,IF(C10=150,(K10+G10)/6,IF(C10=70,(L10+G10)/2.8,""))) | P10: =IF(C10=100,G10/4,IF(C10=150,G10/6,IF(C10=70,G10/2.8,""))) | Q10: =IF(P10="","",P10/25)
A11: POELEE PIPERADE PIMENT ESP BKE 2,5KG 2ST | B11: BRAKE | F11: =G11/2500 -> 0.002 | G11: 5 | H11: =D11*G11 -> 0 | I11: 4 | J11: =IF(C11=100,M11/4,IF(C11=150,K11/6,"")) | K11: =IF(C11=150,G11*I11-G11,"") | L11: =IF(C11=70,G11*I11-G11,"") | M11: =IF(C11=100,G11*I11-G11,"") | N11: =H11*I11-H11 -> 0 | O11: =IF(C11=100,(M11+G11)/4,IF(C11=150,(K11+G11)/6,IF(C11=70,(L11+G11)/2.8,""))) | P11: =IF(C11=100,G11/4,IF(C11=150,G11/6,IF(C11=70,G11/2.8,""))) | Q11: =IF(P11="","",P11/25)
A12: POELEE WOK BKE 2,5KG | B12: BRAKE | F12: =G12/2500 -> 0.0015 | G12: 3.75 | H12: =D12*G12 -> 0 | I12: 4 | J12: =IF(C12=100,M12/4,IF(C12=150,K12/6,"")) | K12: =IF(C12=150,G12*I12-G12,"") | L12: =IF(C12=70,G12*I12-G12,"") | M12: =IF(C12=100,G12*I12-G12,"") | N12: =H12*I12-H12 -> 0 | O12: =IF(C12=100,(M12+G12)/4,IF(C12=150,(K12+G12)/6,IF(C12=70,(L12+G12)/2.8,""))) | P12: =IF(C12=100,G12/4,IF(C12=150,G12/6,IF(C12=70,G12/2.8,""))) | Q12: =IF(P12="","",P12/25)
A13: Polenta | H13: =D13*G13 -> 0 | I13: 4 | J13: =IF(C13=100,M13/4,IF(C13=150,K13/6,"")) | K13: =IF(C13=150,G13*I13-G13,"") | L13: =IF(C13=70,G13*I13-G13,"") | M13: =IF(C13=100,G13*I13-G13,"") | N13: =H13*I13-H13 -> 0 | O13: =IF(C13=100,(M13+G13)/4,IF(C13=150,(K13+G13)/6,IF(C13=70,(L13+G13)/2.8,""))) | P13: =IF(C13=100,G13/4,IF(C13=150,G13/6,IF(C13=70,G13/2.8,""))) | Q13: =IF(P13="","",P13/25)
A14: RABAS BKE 65/117 ST 1KG | B14: BRAKE | F14: =G14/1000 -> 0.00867 | G14: 8.67 | H14: =D14*G14 -> 0 | I14: 4 | J14: =IF(C14=100,M14/4,IF(C14=150,K14/6,"")) | K14: =IF(C14=150,G14*I14-G14,"") | L14: =IF(C14=70,G14*I14-G14,"") | M14: =IF(C14=100,G14*I14-G14,"") | N14: =H14*I14-H14 -> 0 | O14: =IF(C14=100,(M14+G14)/4,IF(C14=150,(K14+G14)/6,IF(C14=70,(L14+G14)/2.8,""))) | P14: =IF(C14=100,G14/4,IF(C14=150,G14/6,IF(C14=70,G14/2.8,""))) | Q14: =IF(P14="","",P14/25)
A15: RICOTTA 250G CASA AZZURRA | B15: AUMAND | F15: =G15/250 -> 0.00476 | G15: 1.19 | H15: =D15*G15 -> 0 | I15: 4 | J15: =IF(C15=100,M15/4,IF(C15=150,K15/6,"")) | K15: =IF(C15=150,G15*I15-G15,"") | L15: =IF(C15=70,G15*I15-G15,"") | M15: =IF(C15=100,G15*I15-G15,"") | N15: =H15*I15-H15 -> 0 | O15: =IF(C15=100,(M15+G15)/4,IF(C15=150,(K15+G15)/6,IF(C15=70,(L15+G15)/2.8,""))) | P15: =IF(C15=100,G15/4,IF(C15=150,G15/6,IF(C15=70,G15/2.8,""))) | Q15: =IF(P15="","",P15/25)
A16: Risotto | H16: =D16*G16 -> 0 | I16: 4 | J16: =IF(C16=100,M16/4,IF(C16=150,K16/6,"")) | K16: =IF(C16=150,G16*I16-G16,"") | L16: =IF(C16=70,G16*I16-G16,"") | M16: =IF(C16=100,G16*I16-G16,"") | N16: =H16*I16-H16 -> 0 | O16: =IF(C16=100,(M16+G16)/4,IF(C16=150,(K16+G16)/6,IF(C16=70,(L16+G16)/2.8,""))) | P16: =IF(C16=100,G16/4,IF(C16=150,G16/6,IF(C16=70,G16/2.8,""))) | Q16: =IF(P16="","",P16/25)
A17: SALADE FESTIVAL 10 FRUITS BKE 3KG | B17: BRAKE | F17: =G17/3000 -> 0.0024666667 | G17: 7.4 | H17: =D17*G17 -> 0 | I17: 4 | J17: =IF(C17=100,M17/4,IF(C17=150,K17/6,"")) | K17: =IF(C17=150,G17*I17-G17,"") | L17: =IF(C17=70,G17*I17-G17,"") | M17: =IF(C17=100,G17*I17-G17,"") | N17: =H17*I17-H17 -> 0 | O17: =IF(C17=100,(M17+G17)/4,IF(C17=150,(K17+G17)/6,IF(C17=70,(L17+G17)/2.8,""))) | P17: =IF(C17=100,G17/4,IF(C17=150,G17/6,IF(C17=70,G17/2.8,""))) | Q17: =IF(P17="","",P17/25)
A18: SUPREME DE PINTADE S/V 180/200G | B18: BRAKE | F18: =G18/190 -> 0.041578947 | G18: 7.9 | H18: =D18*G18 -> 0 | I18: 4 | J18: =IF(C18=100,M18/4,IF(C18=150,K18/6,"")) | K18: =IF(C18=150,G18*I18-G18,"") | L18: =IF(C18=70,G18*I18-G18,"") | M18: =IF(C18=100,G18*I18-G18,"") | N18: =H18*I18-H18 -> 0 | O18: =IF(C18=100,(M18+G18)/4,IF(C18=150,(K18+G18)/6,IF(C18=70,(L18+G18)/2.8,""))) | P18: =IF(C18=100,G18/4,IF(C18=150,G18/6,IF(C18=70,G18/2.8,""))) | Q18: =IF(P18="","",P18/25)
A19: TERRINES AUX 3 LEGUMES BKO 1,5KG 3PC | B19: BRAKE | F19: =G19/1500 -> 0.0039333333 | G19: 5.9 | H19: =D19*G19 -> 0 | I19: 4 | J19: =IF(C19=100,M19/4,IF(C19=150,K19/6,"")) | K19: =IF(C19=150,G19*I19-G19,"") | L19: =IF(C19=70,G19*I19-G19,"") | M19: =IF(C19=100,G19*I19-G19,"") | N19: =H19*I19-H19 -> 0 | O19: =IF(C19=100,(M19+G19)/4,IF(C19=150,(K19+G19)/6,IF(C19=70,(L19+G19)/2.8,""))) | P19: =IF(C19=100,G19/4,IF(C19=150,G19/6,IF(C19=70,G19/2.8,""))) | Q19: =IF(P19="","",P19/25)
A20: TOMME GRISE AFFINNE MONTAGNE MDG 2-2 4KG | B20: BRAKE | F20: =G20/2200 -> 0.0031772727 | G20: 6.99 | H20: =D20*G20 -> 0 | I20: 4 | J20: =IF(C20=100,M20/4,IF(C20=150,K20/6,"")) | K20: =IF(C20=150,G20*I20-G20,"") | L20: =IF(C20=70,G20*I20-G20,"") | M20: =IF(C20=100,G20*I20-G20,"") | N20: =H20*I20-H20 -> 0 | O20: =IF(C20=100,(M20+G20)/4,IF(C20=150,(K20+G20)/6,IF(C20=70,(L20+G20)/2.8,""))) | P20: =IF(C20=100,G20/4,IF(C20=150,G20/6,IF(C20=70,G20/2.8,""))) | Q20: =IF(P20="","",P20/25)
A21: PDT 10 LAVEE FR (AGATA) | B21: ESTARELLAS | G21: 0.84 | H21: =D21*G21 -> 0 | I21: 4 | P21: =IF(C21=100,G21/4,IF(C21=150,G21/6,IF(C21=70,G21/2.8,""))) | Q21: =IF(P21="","",P21/25)
A22: PDT GT10 "MELODIE" (50+) | B22: ESTARELLAS | G22: 0.84 | H22: =D22*G22 -> 0 | I22: 4 | J22: =IF(C22=100,M22/4,IF(C22=150,K22/6,"")) | K22: =IF(C22=150,G22*I22-G22,"") | L22: =IF(C22=70,G22*I22-G22,"") | M22: =IF(C22=100,G22*I22-G22,"") | N22: =H22*I22-H22 -> 0 | O22: =IF(C22=100,(M22+G22)/4,IF(C22=150,(K22+G22)/6,IF(C22=70,(L22+G22)/2.8,""))) | P22: =IF(C22=100,G22/4,IF(C22=150,G22/6,IF(C22=70,G22/2.8,""))) | Q22: =IF(P22="","",P22/25)
A23: SHIITAKE | B23: ESTARELLAS | G23: 9.5 | H23: =D23*G23 -> 0 | I23: 4 | J23: =IF(C23=100,M23/4,IF(C23=150,K23/6,"")) | K23: =IF(C23=150,G23*I23-G23,"") | L23: =IF(C23=70,G23*I23-G23,"") | M23: =IF(C23=100,G23*I23-G23,"") | N23: =H23*I23-H23 -> 0 | O23: =IF(C23=100,(M23+G23)/4,IF(C23=150,(K23+G23)/6,IF(C23=70,(L23+G23)/2.8,""))) | P23: =IF(C23=100,G23/4,IF(C23=150,G23/6,IF(C23=70,G23/2.8,""))) | Q23: =IF(P23="","",P23/25)
A24: 3KG LINGUINE DE CECCO | B24: PROMOCASH | F24: =G24/3000 -> 0.0038766667 | G24: 11.63 | H24: =D24*G24 -> 0 | I24: 4 | J24: =IF(C24=100,M24/4,IF(C24=150,K24/6,"")) | K24: =IF(C24=150,G24*I24-G24,"") | L24: =IF(C24=70,G24*I24-G24,"") | M24: =IF(C24=100,G24*I24-G24,"") | N24: =H24*I24-H24 -> 0 | O24: =IF(C24=100,(M24+G24)/4,IF(C24=150,(K24+G24)/6,IF(C24=70,(L24+G24)/2.8,""))) | P24: =IF(C24=100,G24/4,IF(C24=150,G24/6,IF(C24=70,G24/2.8,""))) | Q24: =IF(P24="","",P24/25)
A25: ANCEL 475G GELATINE OR FEUILLE | B25: PROMOCASH | F25: =G25/475 -> 0.045557895 | G25: 21.64 | H25: =D25*G25 -> 0 | I25: 4 | J25: =IF(C25=100,M25/4,IF(C25=150,K25/6,"")) | K25: =IF(C25=150,G25*I25-G25,"") | L25: =IF(C25=70,G25*I25-G25,"") | M25: =IF(C25=100,G25*I25-G25,"") | N25: =H25*I25-H25 -> 0 | O25: =IF(C25=100,(M25+G25)/4,IF(C25=150,(K25+G25)/6,IF(C25=70,(L25+G25)/2.8,""))) | P25: =IF(C25=100,G25/4,IF(C25=150,G25/6,IF(C25=70,G25/2.8,""))) | Q25: =IF(P25="","",P25/25)
A26: 1KG CER. NOIX INVAL.BLC IMPORT | B26: PROMOCASH | F26: =G26/1000 -> 0.01333 | G26: 13.33 | H26: =D26*G26 -> 0 | I26: 4 | J26: =IF(C26=100,M26/4,IF(C26=150,K26/6,"")) | K26: =IF(C26=150,G26*I26-G26,"") | L26: =IF(C26=70,G26*I26-G26,"") | M26: =IF(C26=100,G26*I26-G26,"") | N26: =H26*I26-H26 -> 0 | O26: =IF(C26=100,(M26+G26)/4,IF(C26=150,(K26+G26)/6,IF(C26=70,(L26+G26)/2.8,""))) | P26: =IF(C26=100,G26/4,IF(C26=150,G26/6,IF(C26=70,G26/2.8,""))) | Q26: =IF(P26="","",P26/25)
A27: 1K28 BQ 16 SHISO MIX C1 HOLLAN | B27: PROMOCASH | F27: =G27/1280 -> 0.011640625 | G27: 14.9 | H27: =D27*G27 -> 0 | I27: 4 | J27: =IF(C27=100,M27/4,IF(C27=150,K27/6,"")) | K27: =IF(C27=150,G27*I27-G27,"") | L27: =IF(C27=70,G27*I27-G27,"") | M27: =IF(C27=100,G27*I27-G27,"") | N27: =H27*I27-H27 -> 0 | O27: =IF(C27=100,(M27+G27)/4,IF(C27=150,(K27+G27)/6,IF(C27=70,(L27+G27)/2.8,""))) | P27: =IF(C27=100,G27/4,IF(C27=150,G27/6,IF(C27=70,G27/2.8,""))) | Q27: =IF(P27="","",P27/25)
A28: 170G 10 FEUILLES DE BRICK J.R | B28: PROMOCASH | E28: =G28/10 -> 0.104 | G28: 1.04 | H28: =D28*G28 -> 0 | I28: 4 | P28: =IF(C28=100,G28/4,IF(C28=150,G28/6,IF(C28=70,G28/2.8,""))) | Q28: =IF(P28="","",P28/25)
A29: PET 100ML ENCRE SEICHE AROME | B29: PROMOCASH | F29: =G29/10 -> 0.495 | G29: 4.95 | H29: =D29*G29 -> 0 | I29: 4 | P29: =IF(C29=100,G29/4,IF(C29=150,G29/6,IF(C29=70,G29/2.8,""))) | Q29: =IF(P29="","",P29/25)
A30: 5KG ECHALION CAT1 France | B30: PROMOCASH | F30: =G30/5000 -> 0.00158 | G30: 7.9 | H30: =D30*G30 -> 0 | I30: 4 | P30: =IF(C30=100,G30/4,IF(C30=150,G30/6,IF(C30=70,G30/2.8,""))) | Q30: =IF(P30="","",P30/25)
A31: 12K5 PDT GRENAIL.CHARLOT.C1 FR | B31: PROMOCASH | F31: =G31/12500 -> 0.001292 | G31: 16.15 | H31: =D31*G31 -> 0 | I31: 4 | P31: =IF(C31=100,G31/4,IF(C31=150,G31/6,IF(C31=70,G31/2.8,""))) | Q31: =IF(P31="","",P31/25)
A32: 3KG PLEUROTE GRISE C1 POLOGNE | B32: PROMOCASH | F32: =G32/3000 -> 0.0057333333 | G32: 17.2 | H32: =D32*G32 -> 0 | I32: 4 | P32: =IF(C32=100,G32/4,IF(C32=150,G32/6,IF(C32=70,G32/2.8,""))) | Q32: =IF(P32="","",P32/25)
A33: 12K5 PDT SAMBA EQR 60/75 C1 FR | B33: PROMOCASH | F33: =G33/12500 -> 0.0008768 | G33: 10.96 | H33: =D33*G33 -> 0 | I33: 4 | P33: =IF(C33=100,G33/4,IF(C33=150,G33/6,IF(C33=70,G33/2.8,""))) | Q33: =IF(P33="","",P33/25)
A34: RAMETTE N1 500F 70GR | B34: PROMOCASH | F34: =G34/70 -> 0.080142857 | G34: 5.61 | H34: =D34*G34 -> 0 | I34: 4 | P34: =IF(C34=100,G34/4,IF(C34=150,G34/6,IF(C34=70,G34/2.8,""))) | Q34: =IF(P34="","",P34/25)
A35: 1/2 GIROLLES CUISINE GR.CANAR | B35: PROMOCASH | G35: 6.5 | H35: =D35*G35 -> 0 | I35: 4 | P35: =IF(C35=100,G35/4,IF(C35=150,G35/6,IF(C35=70,G35/2.8,""))) | Q35: =IF(P35="","",P35/25)
A36: KG GRANA PADANO Italie E.CUISINE | B36: PROMOCASH | G36: 15.98 | H36: =D36*G36 -> 0 | I36: 4 | P36: =IF(C36=100,G36/4,IF(C36=150,G36/6,IF(C36=70,G36/2.8,""))) | Q36: =IF(P36="","",P36/25)
A37: 5KG FORCE NOIRE PISTOLES BARRY | B37: PROMOCASH | F37: =G37/5000 -> 0.006886 | G37: 34.43 | H37: =D37*G37 -> 0 | I37: 4 | P37: =IF(C37=100,G37/4,IF(C37=150,G37/6,IF(C37=70,G37/2.8,""))) | Q37: =IF(P37="","",P37/25)
A38: BTE MET. 100G SPIGOL LE DRAPEAU | B38: PROMOCASH | F38: =G38/100 -> 0.3027 | G38: 30.27 | H38: =D38*G38 -> 0 | I38: 4 | P38: =IF(C38=100,G38/4,IF(C38=150,G38/6,IF(C38=70,G38/2.8,""))) | Q38: =IF(P38="","",P38/25)
A39: 500ML OURAGAN GRAISSE | B39: PROMOCASH | F39: =G39/50 -> 0.0964 | G39: 4.82 | H39: =D39*G39 -> 0 | I39: 4 | P39: =IF(C39=100,G39/4,IF(C39=150,G39/6,IF(C39=70,G39/2.8,""))) | Q39: =IF(P39="","",P39/25)
A40: 1/2L COLORANT MENTHE SEBALCE | B40: PROMOCASH | F40: =G40/500 -> 0.01474 | G40: 7.37 | H40: =D40*G40 -> 0 | I40: 4 | P40: =IF(C40=100,G40/4,IF(C40=150,G40/6,IF(C40=70,G40/2.8,""))) | Q40: =IF(P40="","",P40/25)
A41: 1KG PIGNONS PIN GRADE 650/750 | B41: PROMOCASH | F41: =G41/1000 -> 0.03661 | G41: 36.61 | H41: =D41*G41 -> 0 | I41: 4 | P41: =IF(C41=100,G41/4,IF(C41=150,G41/6,IF(C41=70,G41/2.8,""))) | Q41: =IF(P41="","",P41/25)
A42: 500G LASAGNE ŒUF BARILLA | B42: PROMOCASH | F42: =G42/500 -> 0.0052 | G42: 2.6 | H42: =D42*G42 -> 0 | I42: 4 | P42: =IF(C42=100,G42/4,IF(C42=150,G42/6,IF(C42=70,G42/2.8,""))) | Q42: =IF(P42="","",P42/25)
A43: 250G CANNELLONI ROND A FARCIR | B43: PROMOCASH | F43: =G43/250 -> 0.00716 | G43: 1.79 | H43: =D43*G43 -> 0 | I43: 4 | P43: =IF(C43=100,G43/4,IF(C43=150,G43/6,IF(C43=70,G43/2.8,""))) | Q43: =IF(P43="","",P43/25)
A44: 5KG BLANC SATIN CACAO BARRY | B44: PROMOCASH | F44: =G44/5000 -> 0.012732 | G44: 63.66 | H44: =D44*G44 -> 0 | I44: 4 | P44: =IF(C44=100,G44/4,IF(C44=150,G44/6,IF(C44=70,G44/2.8,""))) | Q44: =IF(P44="","",P44/25)
A45: BT 1K2 CUILLERS REST. ENCUISINE | B45: PROMOCASH | G45: 17.84 | I45: 4
A46: 75CL MARSALA FINE PELLEG 17D | B46: PROMOCASH | F46: =G46/75 -> 0.10093333 | G46: 7.57 | I46: 4
A47: PLAT LASAGNE 19*13*4 SFOOD BLC | B47: PROMOCASH | G47: 5.05 | I47: 4
A48: POT 250G RICOTTA | B48: PROMOCASH | F48: =G48/250 -> 0.00704 | G48: 1.76 | I48: 4
A49: 1L EXTRAIT VANILLE BOURBON SEB | B49: PROMOCASH | F49: =G49/100 -> 0.3069 | G49: 30.69 | I49: 4
A50: 75CL ESTERLIN BRUT SELECTION | B50: PROMOCASH | F50: =G50/75 -> 0.17426667 | G50: 13.07 | I50: 4
A51: 1KG CACAO PLEIN AROME BARRY | B51: PROMOCASH | F51: =G51/1000 -> 0.01223 | G51: 12.23 | I51: 4
A52: 150G CARDAMONE VTE ENTIERE JDE | B52: PROMOCASH | F52: =G52/150 -> 0.060933333 | G52: 9.14 | I52: 4
A53: 2K5 OLIVES COCKTAIL MAROCAINE | B53: PROMOCASH | F53: =G53/2500 -> 0.003068 | G53: 7.67 | I53: 4
A54: BQ 500G GRANA PADANO PETALE | B54: PROMOCASH | F54: =G54/500 -> 0.0201 | G54: 10.05 | I54: 4
A55: PDT AGRIA 50+ 10K FR | B55: TERREAZUR | G55: 0.8 | I55: 4
A56: SAL MELANG JP PROVENCE 1K REG | B56: TERREAZUR | F56: =G56/1000 -> 0.0065 | G56: 6.5 | I56: 4
I57: 4
I58: 4
I59: 4
I60: 4
I61: 4
I62: 4
I63: 4
I64: 4
I65: 4
I66: 4
I67: 4
I68: 4
... I100: 4

Sheet Traiteur

Sheet Recettes
A1: L'ensemble des nombres sont arrondis a 3 chiffres après la virgule
A3: Economat | B3: P.U HT | C3: P.U TTC | D3: Fournisseur | E3: Prix/g/cl | F3: Prix/piece | G3: Quantité (en g et par piece) | H3: Prix portion | I3: Prix 10 portions
A4: 5KG PATES SPHAGETTIS PASTA PRO | B4: =IF(A4="","",VLOOKUP(A4,Economat!$A$2:$P$119,6,FALSE)) -> 8.84 | C4: =IF(B4="","",B4*1.055) -> 9.3262 | D4: =IF(A4="","",VLOOKUP(A4,Economat!$A$2:$P$119,2,FALSE)) -> PROMOCASH | E4: =IF(A4="","",VLOOKUP(A4,Economat!$A$2:$P$119,5,FALSE)) -> 0.001768 | G4: 250 | H4: =IF(E4="","",E4*G4) -> 0.442 | I4: =IF(H4="","",H4*10) -> 4.42
B5: =IF(A5="","",VLOOKUP(A5,Economat!$A$2:$P$119,6,FALSE)) | C5: =IF(B5="","",B5*1.055) | D5: =IF(A5="","",VLOOKUP(A5,Economat!$A$2:$P$119,2,FALSE)) | E5: =IF(A5="","",VLOOKUP(A5,Economat!$A$2:$P$119,5,FALSE)) | H5: =IF(E5="","",E5*G5) | I5: =IF(H5="","",H5*10)
A6: 100*12G STICK KETCHUP SAXO | B6: =IF(A6="","",VLOOKUP(A6,Economat!$A$2:$P$119,6,FALSE)) -> 8.37 | C6: =IF(B6="","",B6*1.055) -> 8.83035 | D6: =IF(A6="","",VLOOKUP(A6,Economat!$A$2:$P$119,2,FALSE)) -> PROMOCASH | E6: =IF(A6="","",VLOOKUP(A6,Economat!$A$2:$P$119,5,FALSE)) -> 0.006975 | G6: 1 | H6: =IF(E6="","",E6*G6) -> 0.006975 | I6: =IF(H6="","",H6*10) -> 0.06975
A7: SACHET 100G MENTHE EQR MARCO | B7: =IF(A7="","",VLOOKUP(A7,Economat!$A$2:$P$119,6,FALSE)) -> 2.05 | C7: =IF(B7="","",B7*1.055) -> 2.16275 | D7: =IF(A7="","",VLOOKUP(A7,Economat!$A$2:$P$119,2,FALSE)) -> PROMOCASH | E7: =IF(A7="","",VLOOKUP(A7,Economat!$A$2:$P$119,5,FALSE)) -> 0.0205 | H7: =IF(E7="","",E7*G7) -> 0 | I7: =IF(H7="","",H7*10) -> 0
B8: =IF(A8="","",VLOOKUP(A8,Economat!$A$2:$P$119,6,FALSE)) | C8: =IF(B8="","",B8*1.055) | D8: =IF(A8="","",VLOOKUP(A8,Economat!$A$2:$P$119,2,FALSE)) | E8: =IF(A8="","",VLOOKUP(A8,Economat!$A$2:$P$119,5,FALSE)) | H8: =IF(E8="","",E8*G8) | I8: =IF(H8="","",H8*10)
A11: Fruits & Légumes | B11: P.U HT | C11: P.U TTC | D11: Fournisseur | E11: Prix/g/cl | F11: Prix/piece | G11: Quantité (en g et par piece) | H11: Prix portion | I11: Prix 10 portions
A12: 1KG CONFIT OIGNONS ID FRUITS | B12: =IF(A12="","",VLOOKUP(A12,'Fruits & Légumes'!$A$2:$Q$184,7,FALSE)) -> #N/A | C12: =IF(B12="","",B12*1.055) -> #N/A | D12: =IF(A12="","",VLOOKUP(A12,'Fruits & Légumes'!$A$2:$Q$184,2,FALSE)) -> #N/A | E12: =IF(A12="","",VLOOKUP(A12,'Fruits & Légumes'!$A$2:$Q$184,6,FALSE)) -> #N/A | H12: =IF(A12="","",E12*G12) -> #N/A | I12: =IF(H12="","",H12*10) -> #N/A
A13: MESCLUN 250G | B13: =IF(A13="","",VLOOKUP(A13,'Fruits & Légumes'!$A$2:$Q$184,7,FALSE)) -> #N/A | C13: =IF(B13="","",B13*1.055) -> #N/A | D13: =IF(A13="","",VLOOKUP(A13,'Fruits & Légumes'!$A$2:$Q$184,2,FALSE)) -> #N/A | E13: =IF(A13="","",VLOOKUP(A13,'Fruits & Légumes'!$A$2:$Q$184,6,FALSE)) -> #N/A | H13: =IF(A13="","",E13*G13) -> #N/A | I13: =IF(H13="","",H13*10) -> #N/A
A14: 1KG CONFIT OIGNONS ID FRUITS | B14: =IF(A14="","",VLOOKUP(A14,'Fruits & Légumes'!$A$2:$Q$184,7,FALSE)) -> #N/A | C14: =IF(B14="","",B14*1.055) -> #N/A | D14: =IF(A14="","",VLOOKUP(A14,'Fruits & Légumes'!$A$2:$Q$184,2,FALSE)) -> #N/A | E14: =IF(A14="","",VLOOKUP(A14,'Fruits & Légumes'!$A$2:$Q$184,6,FALSE)) -> #N/A | H14: =IF(A14="","",E14*G14) -> #N/A | I14: =IF(H14="","",H14*10) -> #N/A
B15: =IF(A15="","",VLOOKUP(A15,'Fruits & Légumes'!$A$2:$Q$184,7,FALSE)) | C15: =IF(B15="","",B15*1.055) | D15: =IF(A15="","",VLOOKUP(A15,'Fruits & Légumes'!$A$2:$Q$184,2,FALSE)) | E15: =IF(A15="","",VLOOKUP(A15,'Fruits & Légumes'!$A$2:$Q$184,6,FALSE)) | H15: =IF(A15="","",E15*G15) | I15: =IF(H15="","",H15*10)
B16: =IF(A16="","",VLOOKUP(A16,'Fruits & Légumes'!$A$2:$Q$184,7,FALSE)) | C16: =IF(B16="","",B16*1.055) | D16: =IF(A16="","",VLOOKUP(A16,'Fruits & Légumes'!$A$2:$Q$184,2,FALSE)) | E16: =IF(A16="","",VLOOKUP(A16,'Fruits & Légumes'!$A$2:$Q$184,6,FALSE)) | H16: =IF(A16="","",E16*G16) | I16: =IF(H16="","",H16*10)
B17: =IF(A17="","",VLOOKUP(A17,'Fruits & Légumes'!$A$2:$Q$184,7,FALSE)) | C17: =IF(B17="","",B17*1.055) | D17: =IF(A17="","",VLOOKUP(A17,'Fruits & Légumes'!$A$2:$Q$184,2,FALSE)) | E17: =IF(A17="","",VLOOKUP(A17,'Fruits & Légumes'!$A$2:$Q$184,6,FALSE)) | H17: =IF(A17="","",E17*G17) | I17: =IF(H17="","",H17*10)
A19: Desserts | B19: P.U HT | C19: P.U TTC | D19: Fournisseur | E19: Prix/g/cl | F19: Prix/piece | G19: Quantité (en g et par piece) | H19: Prix portion | I19: Prix 10 portions
A20: FLAN PATISSIER BKE 1,8KG 3PC | B20: =IF(A20="","",VLOOKUP(A20,Desserts!$A$2:$P$53,6,FALSE)) -> 7.1 | C20: =IF(B20="","",B20*1.055) -> 7.4905 | D20: =IF(A20="","",VLOOKUP(A20,Desserts!$A$2:$P$53,2,FALSE)) -> BRAKE | E20: =IF(A20="","",VLOOKUP(A20,Desserts!$A$2:$P$53,5,FALSE)) -> 0.0039444444 | H20: =IF(A20="","",E20*G20) -> 0 | I20: =IF(H20="","",H20*10) -> 0
A21: 1KG PUREE PASSION FRUITS DELICE | B21: =IF(A21="","",VLOOKUP(A21,Desserts!$A$2:$P$53,6,FALSE)) -> 8.24 | C21: =IF(B21="","",B21*1.055) -> 8.6932 | D21: =IF(A21="","",VLOOKUP(A21,Desserts!$A$2:$P$53,2,FALSE)) -> PROMOCASH | E21: =IF(A21="","",VLOOKUP(A21,Desserts!$A$2:$P$53,5,FALSE)) -> 0.00824 | H21: =IF(A21="","",E21*G21) -> 0 | I21: =IF(H21="","",H21*10) -> 0
B22: =IF(A22="","",VLOOKUP(A22,Desserts!$A$2:$P$53,6,FALSE)) | C22: =IF(B22="","",B22*1.055) | D22: =IF(A22="","",VLOOKUP(A22,Desserts!$A$2:$P$53,2,FALSE)) | E22: =IF(A22="","",VLOOKUP(A22,Desserts!$A$2:$P$53,5,FALSE)) | H22: =IF(A22="","",E22*G22) | I22: =IF(H22="","",H22*10)
E23: =IF(A23="","",VLOOKUP(A23,Desserts!$A$2:$P$53,5,FALSE))
A24: BOF | B24: P.U HT | C24: P.U TTC | D24: Fournisseur | E24: Prix/g/cl | F24: Prix/piece | G24: Quantité (en g et par piece) | H24: Prix portion | I24: Prix 10 portions
A25: CREAM CHEESE 25,5% 1K E&V | B25: =IF(A25="","",VLOOKUP(A25,BOF!$A$2:$Q$99,7,FALSE)) -> 8.95 | C25: =IF(B25="","",B25*1.055) -> 9.44225 | D25: =IF(A25="","",VLOOKUP(A25,BOF!$A$2:$Q$99,2,FALSE)) -> BRAKE | E25: =IF(A25="","",VLOOKUP(A25,BOF!$A$2:$Q$99,6,FALSE)) -> 0.00895 | F25: =IF(A25="","",VLOOKUP(A25,BOF!$A$2:$Q$99,5,FALSE)) -> 0 | H25: =IF(A25="","",IF(F25=0,E25*G25,F25*G25)) -> 0 | I25: =IF(H25="","",H25*10) -> 0
B26: =IF(A26="","",VLOOKUP(A26,BOF!$A$2:$Q$99,7,FALSE)) | C26: =IF(B26="","",B26*1.055) | D26: =IF(A26="","",VLOOKUP(A26,BOF!$A$2:$Q$99,2,FALSE)) | E26: =IF(A26="","",VLOOKUP(A26,BOF!$A$2:$Q$99,6,FALSE)) | F26: =IF(A26="","",VLOOKUP(A26,BOF!$A$2:$Q$99,5,FALSE)) | H26: =IF(A26="","",IF(F26=0,E26*G26,F26*G26)) | I26: =IF(H26="","",H26*10)
A27: 30 ŒUF 53/63G CALIBRE MOYEN | B27: =IF(A27="","",VLOOKUP(A27,BOF!$A$2:$Q$99,7,FALSE)) -> 3.76 | C27: =IF(B27="","",B27*1.055) -> 3.9668 | D27: =IF(A27="","",VLOOKUP(A27,BOF!$A$2:$Q$99,2,FALSE)) -> PROMOCASH | E27: =IF(A27="","",VLOOKUP(A27,BOF!$A$2:$Q$99,6,FALSE)) -> 0 | F27: =IF(A27="","",VLOOKUP(A27,BOF!$A$2:$Q$99,5,FALSE)) -> 0.12533333 | H27: =IF(A27="","",IF(F27=0,E27*G27,F27*G27)) -> 0 | I27: =IF(H27="","",H27*10) -> 0
B28: =IF(A28="","",VLOOKUP(A28,BOF!$A$2:$Q$99,7,FALSE)) | C28: =IF(B28="","",B28*1.055) | D28: =IF(A28="","",VLOOKUP(A28,BOF!$A$2:$Q$99,2,FALSE)) | E28: =IF(A28="","",VLOOKUP(A28,BOF!$A$2:$Q$99,6,FALSE)) | F28: =IF(A28="","",VLOOKUP(A28,BOF!$A$2:$Q$99,5,FALSE)) | H28: =IF(A28="","",IF(F28=0,E28*G28,F28*G28)) | I28: =IF(H28="","",H28*10)
A30: Boucherie | B30: P.U HT | C30: P.U TTC | D30: Fournisseur | E30: Prix/g/cl | F30: Prix/piece | G30: Quantité (en g et par piece) | H30: Prix portion | I30: Prix 10 portions
C31: =IF(B31="","",B31*1.055)
C32: =IF(B32="","",B32*1.055)
C33: =IF(B33="","",B33*1.055)
C34: =IF(B34="","",B34*1.055)
A36: Poissons | B36: P.U HT | C36: P.U TTC | D36: Fournisseur | E36: Prix/g/cl | F36: Prix/piece | G36: Quantité (en g et par piece) | H36: Prix portion | I36: Prix 10 portions
A37: KG FIL.SAUMON 1K2+NORVEGE *2 | B37: =IF(A37="","",VLOOKUP(A37,Poisonnerie!$A$2:$P$90,6,FALSE)) -> 12.57 | C37: =IF(B37="","",B37*1.055) -> 13.26135 | D37: =IF(A37="","",VLOOKUP(A37,Poisonnerie!$A$2:$P$90,2,FALSE)) -> PROMOCASH | E37: =IF(A37="","",VLOOKUP(A37,Poisonnerie!$A$2:$P$90,5,FALSE)) -> 0.010475 | H37: =IF(A37="","",E37*G37) -> 0 | I37: =IF(H37="","",H37*10) -> 0
B38: =IF(A38="","",VLOOKUP(A38,Poisonnerie!$A$2:$P$90,6,FALSE)) | C38: =IF(B38="","",B38*1.055) | D38: =IF(A38="","",VLOOKUP(A38,Poisonnerie!$A$2:$P$90,2,FALSE)) | E38: =IF(A38="","",VLOOKUP(A38,Poisonnerie!$A$2:$P$90,5,FALSE)) | H38: =IF(A38="","",E38*G38) | I38: =IF(H38="","",H38*10)
B39: =IF(A39="","",VLOOKUP(A39,Poisonnerie!$A$2:$P$90,6,FALSE)) | C39: =IF(B39="","",B39*1.055) | D39: =IF(A39="","",VLOOKUP(A39,Poisonnerie!$A$2:$P$90,2,FALSE)) | E39: =IF(A39="","",VLOOKUP(A39,Poisonnerie!$A$2:$P$90,5,FALSE)) | H39: =IF(A39="","",E39*G39) | I39: =IF(H39="","",H39*10)
B40: =IF(A40="","",VLOOKUP(A40,Poisonnerie!$A$2:$P$90,6,FALSE)) | C40: =IF(B40="","",B40*1.055) | D40: =IF(A40="","",VLOOKUP(A40,Poisonnerie!$A$2:$P$90,2,FALSE)) | E40: =IF(A40="","",VLOOKUP(A40,Poisonnerie!$A$2:$P$90,5,FALSE)) | H40: =IF(A40="","",E40*G40) | I40: =IF(H40="","",H40*10)
A42: Autres | B42: P.U HT | C42: P.U TTC | D42: Fournisseur | E42: Prix/g/cl | F42: Prix/piece | G42: Quantité (en g et par piece) | H42: Prix portion | I42: Prix 10 portions
A43: 170G 10 FEUILLES DE BRICK J.R | B43: =IF(A43="","",VLOOKUP(A43,Autres!$A$2:$Q$100,7,FALSE)) -> 1.04 | C43: =IF(B43="","",B43*1.055) -> 1.0972 | D43: =IF(A43="","",VLOOKUP(A43,Autres!$A$2:$Q$100,2,FALSE)) -> PROMOCASH | E43: =IF(A43="","",VLOOKUP(A43,Autres!$A$2:$Q$100,6,FALSE)) -> 0 | F43: =IF(A43="","",VLOOKUP(A43,Autres!$A$2:$Q$100,5,FALSE)) -> 0.104 | H43: =IF(A43="","",IF(F43=0,E43*G43,F43*G43)) -> 0 | I43: =IF(H43="","",H43*10) -> 0
B44: =IF(A44="","",VLOOKUP(A44,Autres!$A$2:$Q$100,7,FALSE)) | C44: =IF(B44="","",B44*1.055) | D44: =IF(A44="","",VLOOKUP(A44,Autres!$A$2:$Q$100,2,FALSE)) | E44: =IF(A44="","",VLOOKUP(A44,Autres!$A$2:$Q$100,6,FALSE)) | F44: =IF(A44="","",VLOOKUP(A44,Autres!$A$2:$Q$100,5,FALSE)) | H44: =IF(A44="","",IF(F44=0,E44*G44,F44*G44)) | I44: =IF(H44="","",H44*10)
A45: 5KG FORCE NOIRE PISTOLES BARRY | B45: =IF(A45="","",VLOOKUP(A45,Autres!$A$2:$Q$100,7,FALSE)) -> 34.43 | C45: =IF(B45="","",B45*1.055) -> 36.32365 | D45: =IF(A45="","",VLOOKUP(A45,Autres!$A$2:$Q$100,2,FALSE)) -> PROMOCASH | E45: =IF(A45="","",VLOOKUP(A45,Autres!$A$2:$Q$100,6,FALSE)) -> 0.006886 | F45: =IF(A45="","",VLOOKUP(A45,Autres!$A$2:$Q$100,5,FALSE)) -> 0 | H45: =IF(A45="","",IF(F45=0,E45*G45,F45*G45)) -> 0 | I45: =IF(H45="","",H45*10) -> 0
B46: =IF(A46="","",VLOOKUP(A46,Autres!$A$2:$Q$100,7,FALSE)) | C46: =IF(B46="","",B46*1.055) | D46: =IF(A46="","",VLOOKUP(A46,Autres!$A$2:$Q$100,2,FALSE)) | E46: =IF(A46="","",VLOOKUP(A46,Autres!$A$2:$Q$100,6,FALSE)) | F46: =IF(A46="","",VLOOKUP(A46,Autres!$A$2:$Q$100,5,FALSE)) | H46: =IF(A46="","",IF(F46=0,E46*G46,F46*G46)) | I46: =IF(H46="","",H46*10)
A48: Traiteur | B48: P.U HT | C48: P.U TTC | D48: Fournisseur | E48: Prix/g/cl | F48: Prix/piece | G48: Quantité (en g et par piece) | H48: Prix portion | I48: Prix 10 portions
C49: =IF(B49="","",B49*1.055)
C50: =IF(B50="","",B50*1.055)
C51: =IF(B51="","",B51*1.055)
C52: =IF(B52="","",B52*1.055)
B55: TOTAL Prix HT | C55: TOTAL Prix TTC | E55: TOTAL Prix/g/cl | F55: TOTAL Prix/piece | H55: TOTAL Prix portion | I55: TOTAL Prix 10 portions | J55: Coeff | K55: Prix de revente minimum d'1 plat
A56: TOTAL | J56: 5 | K56: =H56*J56 -> 0
C62: =+IF(A62="","",VLOOKUP(A62,'Fruits & Légumes'!A2:Q184,7,FALSE))

Sheet Fiche technique
G3: Date création | I3: pour | J3: Type | K3: Auteur
I4: 10
I5: cts
H10: Photographie
A12: Apport nutritionnel: | B12: Coût matières total HT | E12: =K55 -> 0
B13: Coeff multiplicateur | E13: 5
B14: Prix de vente / Portion HT | E14: =E12*E13/I4 -> 0
A15: TECHNIQUES | D15: DENRÉES | I15: valorisation
B16: NATURE | C16: U | D16: 1 | E16: 2 | F16: 3 | G16: 4 | H16: 5 | I16: Total | J16: PUHT | K16: PTHT
B17: Boucherie | I17: =H17+G17+F17+E17+D17 -> 0 | K17: =+J17*I17 -> 0
D18: 0 | E18: 0 | F18: 0 | G18: 0 | H18: 0 | I18: =H18+G18+F18+E18+D18 -> 0 | J18: 0 | K18: =+J18*I18 -> 0
I19: =H19+G19+F19+E19+D19 -> 0 | K19: =+J19*I19 -> 0
I20: =H20+G20+F20+E20+D20 -> 0 | K20: =+J20*I20 -> 0
B21: Poissonnerie | I21: =H21+G21+F21+E21+D21 -> 0 | K21: =+J21*I21 -> 0
I22: =H22+G22+F22+E22+D22 -> 0 | K22: =+J22*I22 -> 0
I23: =H23+G23+F23+E23+D23 -> 0 | K23: =+J23*I23 -> 0
I24: =H24+G24+F24+E24+D24 -> 0 | K24: =+J24*I24 -> 0
I25: =H25+G25+F25+E25+D25 -> 0 | K25: =+J25*I25 -> 0
B26: B.O.F | I26: =H26+G26+F26+E26+D26 -> 0 | K26: =+J26*I26 -> 0
I27: =H27+G27+F27+E27+D27 -> 0 | K27: =+J27*I27 -> 0
I28: =H28+G28+F28+E28+D28 -> 0 | K28: =+J28*I28 -> 0
I29: =H29+G29+F29+E29+D29 -> 0 | K29: =+J29*I29 -> 0
I30: =H30+G30+F30+E30+D30 -> 0 | K30: =+J30*I30 -> 0
I31: =H31+G31+F31+E31+D31 -> 0 | K31: =+J31*I31 -> 0
B32: Fruits Légumes | I32: =H32+G32+F32+E32+D32 -> 0 | K32: =+J32*I32 -> 0
I33: =H33+G33+F33+E33+D33 -> 0 | K33: =+J33*I33 -> 0
I34: =H34+G34+F34+E34+D34 -> 0 | K34: =+J34*I34 -> 0
I35: =H35+G35+F35+E35+D35 -> 0 | K35: =+J35*I35 -> 0
I36: =H36+G36+F36+E36+D36 -> 0 | K36: =+J36*I36 -> 0
I37: =H37+G37+F37+E37+D37 -> 0 | K37: =+J37*I37 -> 0
I38: =H38+G38+F38+E38+D38 -> 0 | K38: =+J38*I38 -> 0
I39: =H39+G39+F39+E39+D39 -> 0 | K39: =+J39*I39 -> 0
I40: =H40+G40+F40+E40+D40 -> 0 | K40: =+J40*I40 -> 0
I41: =H41+G41+F41+E41+D41 -> 0 | K41: =+J41*I41 -> 0
I42: =H42+G42+F42+E42+D42 -> 0 | K42: =+J42*I42 -> 0
B43: Économat | I43: =H43+G43+F43+E43+D43 -> 0 | K43: =+J43*I43 -> 0
I44: =H44+G44+F44+E44+D44 -> 0 | K44: =+J44*I44 -> 0
I45: =H45+G45+F45+E45+D45 -> 0 | K45: =+J45*I45 -> 0
I46: =H46+G46+F46+E46+D46 -> 0 | K46: =+J46*I46 -> 0
I47: =H47+G47+F47+E47+D47 -> 0 | K47: =+J47*I47 -> 0
I48: =H48+G48+F48+E48+D48 -> 0 | K48: =+J48*I48 -> 0
B49: Cave / Divers | I49: =H49+G49+F49+E49+D49 -> 0 | K49: =+J49*I49 -> 0
K50: =+J50*I50 -> 0
I51: =H51+G51+F51+E51+D51 -> 0 | K51: =+J51*I51 -> 0
I52: =H52+G52+F52+E52+D52 -> 0 | K52: =+J52*I52 -> 0
G53: Total denrées: | K53: =SUM(K17:K52) -> 0
G54: Assaisonnement 2%: | K54: =SUM(K53)*0.02 -> 0
G55: Coût matières total: | K55: =SUM(K53:K54) -> 0

Sheet Annexe
A1: Quantité
A3: =1 -> 1
A4: =A3+1 -> 2
A5: =A4+1 -> 3
A6: =A5+1 -> 4
A7: =A6+1 -> 5
A8: =A7+1 -> 6
A9: =A8+1 -> 7
A10: =A9+1 -> 8
A11: =A10+1 -> 9
A12: =A11+1 -> 10
A13: =A12+1 -> 11
A14: =A13+1 -> 12
A15: =A14+1 -> 13
... A1502: =A1501+1 -> 1500
